Workbook
Name ABRIL: 'Formato Único de Contratación'!#REF!
Name AGOSTO: 'Formato Único de Contratación'!#REF!
Name ANALISTA: [1]Parametrización!$L$2:$L$15
Name CAUSAL: PARAMETRIZACIÓN!$E$2:$E$10
Name CAUSAL_DESIERTO: PARAMETRIZACIÓN!$W$2:$W$8
Name CAUSAL_MODALIDAD: [2]Parametrización!$N$2:$N$14
Name Causas: PARAMETRIZACIÓN!$AE$1:$AE$44
Name Certificación_2016: [3]PARAMETRIZACIÓN!$AF$2:$AG$9
Name Certificación_2017: PARAMETRIZACIÓN!$AL$2:$AM$6
Name CUANTIA: PARAMETRIZACIÓN!$A$2:$A$4
Name CXP: 'Formato Único de Contratación'!#REF!
Name DEPARTAMENTO: PARAMETRIZACIÓN!$I$2:$I$20
Name DICIEMBRE: 'Formato Único de Contratación'!#REF!
Name ENERO: 'Formato Único de Contratación'!#REF!
Name ENVIO1: PARAMETRIZACIÓN!$S$1:$S$4
Name ESTADO: PARAMETRIZACIÓN!$L$2:$L$8
Name ESTADO1: PARAMETRIZACIÓN!$Q$1:$Q$7
Name ESTADOS: [4]Parametrización!$F$2:$F$8
Name FEBRERO: 'Formato Único de Contratación'!#REF!
Name FECHA_2017: PARAMETRIZACIÓN!$Z$2:$Z$367
Name FECHA1: PARAMETRIZACIÓN!$N$2:$N$12063
Name FECHA2: PARAMETRIZACIÓN!$O$1:$O$11689
Name frmMainForm_tblFormContainer_trContentRow_tdLeftColumn_divViewProfilePerspective_tblProfileDetails_trIsGroupContentRow_tdTitleCell_rptIsGroupRepeater_rpteIsGroupConditionalElements_lnkIsGroupConditionalSpan_0: 'Informe Cámaras de Comercio'!$T$86
Name frmMainForm_tblFormContainer_trContentRow_tdLeftColumn_divViewProfilePerspective_tblProfileDetails_trIsGroupContentRow_tdTitleCell_rptIsGroupRepeater_rpteIsGroupConditionalElements_lnkIsGroupConditionalSpan_1: 'Informe Cámaras de Comercio'!$X$86
Name JULIO: 'Formato Único de Contratación'!#REF!
Name JUNIO: 'Formato Único de Contratación'!#REF!
Name MARZO: 'Formato Único de Contratación'!#REF!
Name MAYO: 'Formato Único de Contratación'!#REF!
Name MODALIDAD: PARAMETRIZACIÓN!$C$2:$C$8
Name MODALIDAD_CONTRATACION: [2]Parametrización!$A$2:$A$7
Name MUNICIPIO: PARAMETRIZACIÓN!$J$2:$J$20
Name No_corto_2016: [3]PARAMETRIZACIÓN!$AC$2:$AD$188
Name No_corto_2017: PARAMETRIZACIÓN!$AI$2:$AJ$757
Name NOMENCLATURA: PARAMETRIZACIÓN!$AB$3:$AC$22
Name NOVIEMBRE: 'Formato Único de Contratación'!#REF!
Name OCTUBRE: 'Formato Único de Contratación'!#REF!
Name orde: [5]Parametrización!$J$2:$J$15
Name ORDENADOR: [4]Parametrización!$H$2:$H$28
Name ORDENADOR_2016: PARAMETRIZACIÓN!$Y$2:$Y$24
Name ORDENADOR_GASTO: [6]Parametrización!$J$2:$J$13
Name RESERVA15: 'Formato Único de Contratación'!#REF!
Name Salario_Cer: PARAMETRIZACIÓN!$AO$2:$AP$19
Name salarios: Certificaciones!$E$24:$F$46
Name SEPTIEMBRE: 'Formato Único de Contratación'!#REF!
Name TABLA_2017: Plancontratacion2019[#All]
Name TABLADEPARTAMENTOS: PARAMETRIZACIÓN!$I$1:$J$20
Name TABLAFECHA: PARAMETRIZACIÓN!$N$2:$O$13515
Name tdContractReferenceCol_24_lnkContractReferenceLink_0: 'Formato Único de Contratación'!$C$49
Name tdReferenceCol_23_lnkAwardViewLink_0: 'Formato Único de Contratación'!$C$40
Name TIPO: PARAMETRIZACIÓN!$G$2:$G$10
Name TIPO_DE_PROCESO: [7]Parametrización!$A$2:$A$7
Name TIPO1: PARAMETRIZACIÓN!$U$1:$U$4
Name VIGENCIASFUTURAS: 'Formato Único de Contratación'!#REF!

Sheet Formato Único de Contratación
B2: UNIDAD/ DEPENDENCIA | D2: EPFAC | G2: ESTADO | I2: Correcion
B4: FECHA INICIO REPORTE | D4: 43831 | F4: 43831 | G4: NÚMERO | I4: =COUNTIF($AG$17:$AG$385,I2) -> 39
B6: FECHA FIN REPORTE | D6: 43861 | F6: 44196 | G6: VALOR PROCESOS PROYECTADOS VIGENCIA | I6: =SUM($X$17:$X$385) -> 1784649427
B8: SEGUIMIENTO | D8: # Procesos Planeados adjudicar | E8: # Procesos Adjudicados | F8: % de Ejecución procesos adjudicados | G8: # Procesos Planeados iniciar | H8: # Procesos iniciados | I8: % de procesos iniciados
B9: NÚMERO PROCESOS PLANEADOS EN LA VIGENCIA 2020 | D9: =COUNTA($AF$17:$AF$385) -> 39 | E9: =IFERROR(COUNTIFS($AI$17:$AI$172,">="&$F$4,$AI$17:$AI$172,"<="&$F$6)," ") -> 0 | F9: =IFERROR(IF($E$9/$D$9>100%,100%,$E$9/$D$9),"") -> 0 | G9: =COUNTA($AE$17:$AE$172) -> 39 | H9: =IFERROR(COUNTIFS($AH$17:$AH$172,">="&$F$4,$AE$17:$AE$172,"<="&$F$6)," ") -> 0 | I9: =IFERROR(IF($H$9/$G$9>100%,100%,$H$9/$G$9),"") -> 0
B10: NÚMERO PLANEADO DE PROCESOS A CORTE DEL REPORTE | D10: =COUNTIFS($AF$17:$AF$172,">="&F4,$AI$17:$AI$172,"<="&F6) -> 0 | E10: =COUNTIFS($AI$17:$AI$172,">="&F4,$AI$17:$AI$172,"<="&$F$6) -> 0 | F10: =IFERROR(IF($E$10/$D$10>100%,100%,$E$10/$D$10),"") | G10: =COUNTIFS($AE$17:$AE$385,">="&D4,$AH$17:$AH$385,"<="&D6) -> 0 | H10: =COUNTIFS($AE$17:$AE$173,">="&F6,$AH$17:$AH$173,"<="&$F$4) -> 0 | I10: =IFERROR(IF($H$10/$G$10>100%,100%,$H$10/$G$10),"")
B11: NÚMERO DE PROCESOS CON PPTO VIGENCIAS FUTURAS | D11: =COUNTA($O17:$O385) -> 0 | E11: =COUNTIFS($AI$17:$AI$172,">="&$F$4,$O$17:$O$172,"<="&$F$6) -> 0 | F11: =IFERROR(IF($E$11/$D$11>100%,100%,$E$11/$D$11),"")
B12: NÚMERO DE PROCESOS CON APOYOS | D12: =COUNTA($K$17:$K$172) -> 0 | E12: =COUNTIFS($AI$17:$AI$172,">="&$F$4,$K$17:$K$172,"<="&$F$6) -> 0 | F12: =IFERROR(IF($E$12/$D$12>100%,100%,$E$12/$D$12),"")
B14: PLAN DE CONTRATACIÓN | AH14: CONTROL CONTRATOS, CONTRALORIA Y SIGEP
B15: IDENTIFICACIÓN DEL CONTRATO | D15: CPA VIGENCIA (VALOR PROYECTADO VIGENCIA) | H15: CPA APOYOS | L15: CPA VIGENCIAS FUTURAS (VALOR PROYECTADO VIGENCIAS FUTURAS) | P15: CDP VIGENCIA ACTUAL | T15: RECURSOS VIGENCIAS FUTURAS | X15: INFORMACIÓN DEL PROCESO | AH15: INFORMACION CONTRATO | BG15: LUGAR DE EJECUCIÓN | BI15: CRP VIGENCIA ACTUAL | BL15: COMPROMISO VIGENCIAS FUTURAS | BO15: MODIFICATORIOS / OTRO SI | BU15: PÓLIZAS | BY15: CUMPLIMIENTO | CA15: CALIDAD | CC15: SALARIOS Y PRESTACIONES SOCIALES | CE15: RESPONSABILIDAD CIVIL | CG15: BUEN MANEJO ANTICIPO | CI15: CALIDAD Y CORRECTO FUNCIONAMIENTO | CK15: CALIDAD Y ESTABILIDAD OBRA | CM15: OTROS | CQ15: PROGRAMACIÓN DE PAGOS(EL VALOR DEL PAGO ANTICIPADO O ANTICIPO ES INFORMATIVO, DEBE INCLUIRSE TAMBIEN EN EL MES PREVISTO PARA SU PAGO) | DK15: SUPERVISOR | DN15: INFORMES DE SUPERVISIÓN 2020 (% DE AVANCE) | DZ15: INCUMPLIMIENTOS Y MULTAS | EC15: SIGEP | ED15: SIRECI | EE15: FECHA DE LIQUIDACION | EF15: FECHA CONSTANCIA DE CIERRE PROCESO DE CONTRATACIÓN | EG15: UNIDAD
B16: No. Contrato | C16: No ASIGNADO POR SECOP | D16: No | E16: FECHA (AAAA-MM-DD) | F16: RUBRO (SE DEBE REPORTARTAR EN SIGEP SERVICIOS PERSONAS NATURALES) | G16: VALOR | H16: No2 | I16: FECHA (AAAA-MM-DD)3 | J16: RUBRO (SE DEBE REPORTARTAR EN SIGEP SERVICIOS PERSONAS NATURALES)2 | K16: VALOR TOTAL DEL APOYO | L16: No. | M16: FECHA (AAAA-MM-DD) | N16: RUBRO | O16: VALOR | P16: No. | Q16: FECHA (AAAA-MM-DD) | R16: RUBRO | S16: VALOR | T16: No. OFICIO | U16: FECHA_ (AAAA-MM-DD) | V16: RUBRO | W16: VALOR | X16: TOTAL RECURSOS | Y16: CLASIFICADOR DE BIENES Y SERVICIOS CÓDIGO UNSPSC | Z16: OBJETO DEL PROCESO | AA16: CUANTÍA PROCESO | AB16: MODALIDAD DE SELECCIÓN | AC16: CAUSAL DE MODALIDAD | AD16: TIPO MODALIDAD | AE16: FECHA PROYECTADA DE PUBLICACION SECOP | AF16: FECHA PROYECTADA ADJUDICACIÓN | AG16: ESTADO | AH16: FECHA REAL DE INICIO DEL PROCESO (AAAA-MM-DD) | AI16: FECHA REAL ADJUDICACIÓN (AAAA-MM-DD) | AJ16: FECHA DECLARATORIA DE DESIERTO | AK16: CAUSAL DE DECLARACIÓN DESIERTO | AL16: ANALISTA RESPONSABLE DEL PROCESO | AM16: GRUPO O SUBDIRECCION QUE LIDERA EL PROCESO | AN16: NOMBRE DEL ORDENADOR DEL GASTO | AO16: FECHA FIRMA (AAAA-MM-DD) | AP16: RAZÓN SOCIAL CONTRATISTA | AQ16: NIT | AR16: ¿EL CONTRATISTA TIENE RUP? (Consultar en página RUES) | AS16: REPRESENTANTE LEGAL O PROPIETARIO | AT16: CÉDULA DE CUIDADANIA REPRESENTANTE LEGAL | AU16: DIRECCIÓN | AV16: TELÉFONO | AW16: FAX | AX16: CORREO ELECTRÓNICO | AY16: VALOR INICIAL DEL CONTRATO | AZ16: VALOR ADICION AL CONTRATO | BA16: VALOR REDUCCIÓN DEL CONTRATO | BB16: VALOR TOTAL CONTRATO | BC16: FECHA ACTA DE INICIO | BD16: PLAZO EJECUCIÓN DEL CONTRATO (AAAA-MM-DD) | BE16: PLAZO EJECUCIÓN EN DIAS | BF16: PLAZO REALIZACIÓN DEL ACTA DE LIQUIDACIÓN Ó CONSTANCIA DE NO LIQUIDACIÓN (AAAA-MM-DD) | BG16: DEPARTAMENTO | BH16: CIUDAD/ MUNICIPIO | BI16: No. | BJ16: FECHA | BK16: VALOR | BL16: No. | BM16: FECHA | BN16: VALOR | BO16: No. MODIFICATORIO | BP16: DESCRIPCIÓN DE LA MODIFICACIÓN | BQ16: CAUSA RAÍZ MODIFICATORIO | BR16: FECHA DE LA FIRMA DEL MODIFICATORIO (AAAA-MM-DD) | BS16: FECHA PRORROGA EJECUCIÓN (AAAA-MM-DD) | BT16: PLAZO EJECUCIÓN EN DÍAS (INCLUIDA LA PRORROGA) | BU16: FECHA APROBACIÓN (AAAA-MM-DD) | BV16: No. PÓLIZA | BW16: FECHA EXPEDICIÓN (AAAA-MM-DD) | BX16: NOMBRE ASEGURADORA | BY16: VALOR_ | BZ16: FECHA VIGENCIA (AAAA-MM-DD) | CA16: VALOR17 | CB16: FECHA VIGENCIA (AAAA-MM-DD) | CC16: VALOR19 | CD16: FECHA_VIGENCIA (AAAA-MM-DD) | CE16: VALOR. | CF16: FECHA VIGENCIA_(AAAA-MM-DD)3 | CG16: _VALOR | CH16: _FECHA VIGENCIA (AAAA-MM-DD) | CI16: VALOR.. | CJ16: FECHA VIGENCIA (AAAA-MM-DD). | CK16: VALOR… | CL16: FECHA VIGENCIA (AAAA-MM-DD).. | CM16: DESCRIPCIÓN | CN16: VALOR…. | CO16: FECHA VIGENCIA (AAAA-MM-DD)' | CP16: No. GARANTIAS | CQ16: VALOR PAGO ANTICIPADO | CR16: VALOR ANTICIPO | CS16: ENE | CT16: FEB | CU16: MAR | CV16: ABR | CW16: MAY | CX16: JUN | CY16: JUL | CZ16: AGO | DA16: SEP | DB16: OCT | DC16: NOV | DD16: DIC | DE16: CXP | DF16: VIGENCIAS FUTURAS | DG16: RESERVA PRESUPUESTAL | DH16: TOTAL PAGOS REALIZADOS AÑO | DI16: DIFERENCIA RECURSOS VS. PROG. PAGOS REALIZADOS | DJ16: PORCENTAJE PAGADO VIENCIA | DK16: NOMBRE | DL16: No. IDENTIFICACIÓN SUPERVISOR | DM16: DEPENDENCIA | DN16: ENERO | DO16: FEBRERO | DP16: MARZO | DQ16: ABRIL | DR16: MAYO | DS16: JUNIO | DT16: JULIO | DU16: AGOSTO | DV16: SEPTIEMBRE | DW16: OCTUBRE | DX16: NOVIEMBRE | DY16: DICIEMBRE | DZ16: INCUMPLIMIENTOS (SI/NO) | EA16: DESCRIPCIÓN DEL INCUMPLIMIENTO | EB16: CAUSA RAÍZ DEL INCUMPLIMIENTO | EC16: FECHA REPORTE SIGEP | ED16: FECHA REPORTE SIRECI | EE16: FECHA DE LIQUIDACION | EF16: FECHA CONSTANCIA DE CIERRE PROCESO DE CONTRATACIÓN | EG16: UNIDAD
D17: 17 | E17: 43832 | F17: 02.02.02.008.003.09-10 | G17: 170000000 | R17: =Plancontratacion2019[[#This Row],[RUBRO (SE DEBE REPORTARTAR EN SIGEP SERVICIOS PERSONAS NATURALES)]] -> 02.02.02.008.003.09-10 | S17: =Plancontratacion2019[[#This Row],[VALOR]] -> 170000000 | V17: =Plancontratacion2019[[#This Row],[RUBRO ]] -> 0 | W17: =Plancontratacion2019[[#This Row],[VALOR ]] -> 0 | X17: =SUM($S17+$W17+Plancontratacion2019[[#This Row],[VALOR TOTAL DEL APOYO]]) -> 170000000 | Z17: Servicio gestión editorial y difusión cientifica de las publicaciones de la EPFAC | AA17: Menor cuantia | AB17: CONTRATACION DIRECTA | AD17: Prestacion de Servicios | AE17: 43878 | AF17: 43903 | AG17: Correcion | BB17: =Plancontratacion2019[[#This Row],[VALOR INICIAL DEL CONTRATO]]+Plancontratacion2019[[#This Row],[VALOR ADICION AL CONTRATO]]-Plancontratacion2019[[#This Row],[VALOR REDUCCIÓN DEL CONTRATO]] -> 0 | BE17: =$BD17-$BC17 -> 0 | BH17: =IFERROR(VLOOKUP('Formato Único de Contratación'!$BG17,TABLADEPARTAMENTOS,2,0),"DIGITE DEPARTAMENTO") -> DIGITE DEPARTAMENTO | BT17: =Plancontratacion2019[[#This Row],[FECHA PRORROGA EJECUCIÓN (AAAA-MM-DD)]]-Plancontratacion2019[[#This Row],[FECHA ACTA DE INICIO]] -> 0 | CP17: =COUNT(BY17,CA17,CE17,CG17,CI17,CK17,CC17,CN17) -> 0 | DH17: =SUM(CS17:DD17) -> 0 | DI17: =BB17-DH17 -> 0 | DJ17: =IFERROR(DH17/BB17,0) -> 0 | EF17: =MAX(Plancontratacion2019[[#This Row],[FECHA VIGENCIA (AAAA-MM-DD)]],Plancontratacion2019[[#This Row],[FECHA VIGENCIA (AAAA-MM-DD)]],Plancontratacion2019[[#This Row],[FECHA_VIGENCIA (AAAA-MM-DD)]],Plancontratacion2019[[#This Row],[FECHA VIGENCIA_(AAAA-MM-DD)3]],Plancontratacion2019[[#This Row],[_FECHA VIGENCIA (AAAA-MM-DD)]],Plancontratacion2019[[#This Row],[FECHA VIGENCIA (AAAA-MM-DD).]],Plancontratacion2019[[#This Row],[FECHA VIGENCIA (AAAA-MM-DD)..]],Plancontratacion2019[[#This Row],[FECHA VIGENCIA (AAAA-MM-DD)'']],0) -> 0 | EG17: =IFERROR(VLOOKUP(MID(B17,8,1),NOMENCLATURA,2,FALSE),"-") -> -
D18: 25 | E18: 43833 | F18: 02.02.02.008.002-09-16 | G18: 28800000 | R18: =Plancontratacion2019[[#This Row],[RUBRO (SE DEBE REPORTARTAR EN SIGEP SERVICIOS PERSONAS NATURALES)]] -> 02.02.02.008.002-09-16 | S18: =Plancontratacion2019[[#This Row],[VALOR]] -> 28800000 | V18: =Plancontratacion2019[[#This Row],[RUBRO ]] -> 0 | W18: =Plancontratacion2019[[#This Row],[VALOR ]] -> 0 | X18: =SUM($S18+$W18+Plancontratacion2019[[#This Row],[VALOR TOTAL DEL APOYO]]) -> 28800000 | Z18: Servicio profesional en psicopedagogía para el proceso de evaluación docente y seguimiento pedagogico para la EPFAC | AA18: Minima Cuantia | AB18: CONTRATACION DIRECTA | AD18: Prestacion de Servicios | AE18: 43868 | AF18: 43887 | AG18: Correcion | BB18: =Plancontratacion2019[[#This Row],[VALOR INICIAL DEL CONTRATO]]+Plancontratacion2019[[#This Row],[VALOR ADICION AL CONTRATO]]-Plancontratacion2019[[#This Row],[VALOR REDUCCIÓN DEL CONTRATO]] -> 0 | BE18: =$BD18-$BC18 -> 0 | BH18: =IFERROR(VLOOKUP('Formato Único de Contratación'!$BG18,TABLADEPARTAMENTOS,2,0),"DIGITE DEPARTAMENTO") -> DIGITE DEPARTAMENTO | BT18: =Plancontratacion2019[[#This Row],[FECHA PRORROGA EJECUCIÓN (AAAA-MM-DD)]]-Plancontratacion2019[[#This Row],[FECHA ACTA DE INICIO]] -> 0 | CP18: =COUNT(BY18,CA18,CE18,CG18,CI18,CK18,CC18,CN18) -> 0 | DH18: =SUM(CS18:DD18) -> 0 | DI18: =BB18-DH18 -> 0 | DJ18: =IFERROR(DH18/BB18,0) -> 0 | EF18: =MAX(Plancontratacion2019[[#This Row],[FECHA VIGENCIA (AAAA-MM-DD)]],Plancontratacion2019[[#This Row],[FECHA VIGENCIA (AAAA-MM-DD)]],Plancontratacion2019[[#This Row],[FECHA_VIGENCIA (AAAA-MM-DD)]],Plancontratacion2019[[#This Row],[FECHA VIGENCIA_(AAAA-MM-DD)3]],Plancontratacion2019[[#This Row],[_FECHA VIGENCIA (AAAA-MM-DD)]],Plancontratacion2019[[#This Row],[FECHA VIGENCIA (AAAA-MM-DD).]],Plancontratacion2019[[#This Row],[FECHA VIGENCIA (AAAA-MM-DD)..]],Plancontratacion2019[[#This Row],[FECHA VIGENCIA (AAAA-MM-DD)'']],0) -> 0 | EG18: =IFERROR(VLOOKUP(MID(B18,8,1),NOMENCLATURA,2,FALSE),"-") -> -
D19: 32 | E19: 43838 | F19: 02.02.02.008.007.01-5-10 | G19: 4520045 | R19: =Plancontratacion2019[[#This Row],[RUBRO (SE DEBE REPORTARTAR EN SIGEP SERVICIOS PERSONAS NATURALES)]] -> 02.02.02.008.007.01-5-10 | S19: =Plancontratacion2019[[#This Row],[VALOR]] -> 4520045 | V19: =Plancontratacion2019[[#This Row],[RUBRO ]] -> 0 | W19: =Plancontratacion2019[[#This Row],[VALOR ]] -> 0 | X19: =SUM($S19+$W19+Plancontratacion2019[[#This Row],[VALOR TOTAL DEL APOYO]]) -> 4520045 | Z19: Mantenimiento preventivo Videobeam de la EPFAC | AA19: Minima Cuantia | AD19: Prestacion de Servicios | AE19: 43945 | AF19: 43969 | AG19: Correcion | BB19: =Plancontratacion2019[[#This Row],[VALOR INICIAL DEL CONTRATO]]+Plancontratacion2019[[#This Row],[VALOR ADICION AL CONTRATO]]-Plancontratacion2019[[#This Row],[VALOR REDUCCIÓN DEL CONTRATO]] -> 0 | BE19: =$BD19-$BC19 -> 0 | BH19: =IFERROR(VLOOKUP('Formato Único de Contratación'!$BG19,TABLADEPARTAMENTOS,2,0),"DIGITE DEPARTAMENTO") -> DIGITE DEPARTAMENTO | BT19: =Plancontratacion2019[[#This Row],[FECHA PRORROGA EJECUCIÓN (AAAA-MM-DD)]]-Plancontratacion2019[[#This Row],[FECHA ACTA DE INICIO]] -> 0 | CP19: =COUNT(BY19,CA19,CE19,CG19,CI19,CK19,CC19,CN19) -> 0 | DH19: =SUM(CS19:DD19) -> 0 | DI19: =BB19-DH19 -> 0 | DJ19: =IFERROR(DH19/BB19,0) -> 0 | EF19: =MAX(Plancontratacion2019[[#This Row],[FECHA VIGENCIA (AAAA-MM-DD)]],Plancontratacion2019[[#This Row],[FECHA VIGENCIA (AAAA-MM-DD)]],Plancontratacion2019[[#This Row],[FECHA_VIGENCIA (AAAA-MM-DD)]],Plancontratacion2019[[#This Row],[FECHA VIGENCIA_(AAAA-MM-DD)3]],Plancontratacion2019[[#This Row],[_FECHA VIGENCIA (AAAA-MM-DD)]],Plancontratacion2019[[#This Row],[FECHA VIGENCIA (AAAA-MM-DD).]],Plancontratacion2019[[#This Row],[FECHA VIGENCIA (AAAA-MM-DD)..]],Plancontratacion2019[[#This Row],[FECHA VIGENCIA (AAAA-MM-DD)'']],0) -> 0 | EG19: =IFERROR(VLOOKUP(MID(B19,8,1),NOMENCLATURA,2,FALSE),"-") -> -
D20: 41 | E20: 43838 | F20: 02.02.02.008.003.09-16 | G20: 46800000 | R20: =Plancontratacion2019[[#This Row],[RUBRO (SE DEBE REPORTARTAR EN SIGEP SERVICIOS PERSONAS NATURALES)]] -> 02.02.02.008.003.09-16 | S20: =Plancontratacion2019[[#This Row],[VALOR]] -> 46800000 | V20: =Plancontratacion2019[[#This Row],[RUBRO ]] -> 0 | W20: =Plancontratacion2019[[#This Row],[VALOR ]] -> 0 | X20: =SUM($S20+$W20+Plancontratacion2019[[#This Row],[VALOR TOTAL DEL APOYO]]) -> 46800000 | Z20: Servicio de profesional especializado para el desarrollo de proyectos de investigación en el programa de Maestría en Seguridad Operacional | AA20: Minima Cuantia | AB20: CONTRATACION DIRECTA | AD20: Prestacion de Servicios | AE20: 43868 | AF20: 43887 | AG20: Correcion | BB20: =Plancontratacion2019[[#This Row],[VALOR INICIAL DEL CONTRATO]]+Plancontratacion2019[[#This Row],[VALOR ADICION AL CONTRATO]]-Plancontratacion2019[[#This Row],[VALOR REDUCCIÓN DEL CONTRATO]] -> 0 | BE20: =$BD20-$BC20 -> 0 | BH20: =IFERROR(VLOOKUP('Formato Único de Contratación'!$BG20,TABLADEPARTAMENTOS,2,0),"DIGITE DEPARTAMENTO") -> DIGITE DEPARTAMENTO | BT20: =Plancontratacion2019[[#This Row],[FECHA PRORROGA EJECUCIÓN (AAAA-MM-DD)]]-Plancontratacion2019[[#This Row],[FECHA ACTA DE INICIO]] -> 0 | CP20: =COUNT(BY20,CA20,CE20,CG20,CI20,CK20,CC20,CN20) -> 0 | DH20: =SUM(CS20:DD20) -> 0 | DI20: =BB20-DH20 -> 0 | DJ20: =IFERROR(DH20/BB20,0) -> 0 | EF20: =MAX(Plancontratacion2019[[#This Row],[FECHA VIGENCIA (AAAA-MM-DD)]],Plancontratacion2019[[#This Row],[FECHA VIGENCIA (AAAA-MM-DD)]],Plancontratacion2019[[#This Row],[FECHA_VIGENCIA (AAAA-MM-DD)]],Plancontratacion2019[[#This Row],[FECHA VIGENCIA_(AAAA-MM-DD)3]],Plancontratacion2019[[#This Row],[_FECHA VIGENCIA (AAAA-MM-DD)]],Plancontratacion2019[[#This Row],[FECHA VIGENCIA (AAAA-MM-DD).]],Plancontratacion2019[[#This Row],[FECHA VIGENCIA (AAAA-MM-DD)..]],Plancontratacion2019[[#This Row],[FECHA VIGENCIA (AAAA-MM-DD)'']],0) -> 0 | EG20: =IFERROR(VLOOKUP(MID(B20,8,1),NOMENCLATURA,2,FALSE),"-") -> -
D21: 42 | E21: 43838 | F21: 02.02.02.008.003.09-16 | G21: 46800000 | R21: =Plancontratacion2019[[#This Row],[RUBRO (SE DEBE REPORTARTAR EN SIGEP SERVICIOS PERSONAS NATURALES)]] -> 02.02.02.008.003.09-16 | S21: =Plancontratacion2019[[#This Row],[VALOR]] -> 46800000 | V21: =Plancontratacion2019[[#This Row],[RUBRO ]] -> 0 | W21: =Plancontratacion2019[[#This Row],[VALOR ]] -> 0 | X21: =SUM($S21+$W21+Plancontratacion2019[[#This Row],[VALOR TOTAL DEL APOYO]]) -> 46800000 | Z21: Servicio de profesional especializado para el desarrollo de proyectos de investigación en el programa de Maestría Ciencias Militares Aeronáuticas | AA21: Minima Cuantia | AB21: CONTRATACION DIRECTA | AD21: Prestacion de Servicios | AE21: 43868 | AF21: 43887 | AG21: Correcion | BB21: =Plancontratacion2019[[#This Row],[VALOR INICIAL DEL CONTRATO]]+Plancontratacion2019[[#This Row],[VALOR ADICION AL CONTRATO]]-Plancontratacion2019[[#This Row],[VALOR REDUCCIÓN DEL CONTRATO]] -> 0 | BE21: =$BD21-$BC21 -> 0 | BH21: =IFERROR(VLOOKUP('Formato Único de Contratación'!$BG21,TABLADEPARTAMENTOS,2,0),"DIGITE DEPARTAMENTO") -> DIGITE DEPARTAMENTO | BT21: =Plancontratacion2019[[#This Row],[FECHA PRORROGA EJECUCIÓN (AAAA-MM-DD)]]-Plancontratacion2019[[#This Row],[FECHA ACTA DE INICIO]] -> 0 | CP21: =COUNT(BY21,CA21,CE21,CG21,CI21,CK21,CC21,CN21) -> 0 | DH21: =SUM(CS21:DD21) -> 0 | DI21: =BB21-DH21 -> 0 | DJ21: =IFERROR(DH21/BB21,0) -> 0 | EF21: =MAX(Plancontratacion2019[[#This Row],[FECHA VIGENCIA (AAAA-MM-DD)]],Plancontratacion2019[[#This Row],[FECHA VIGENCIA (AAAA-MM-DD)]],Plancontratacion2019[[#This Row],[FECHA_VIGENCIA (AAAA-MM-DD)]],Plancontratacion2019[[#This Row],[FECHA VIGENCIA_(AAAA-MM-DD)3]],Plancontratacion2019[[#This Row],[_FECHA VIGENCIA (AAAA-MM-DD)]],Plancontratacion2019[[#This Row],[FECHA VIGENCIA (AAAA-MM-DD).]],Plancontratacion2019[[#This Row],[FECHA VIGENCIA (AAAA-MM-DD)..]],Plancontratacion2019[[#This Row],[FECHA VIGENCIA (AAAA-MM-DD)'']],0) -> 0 | EG21: =IFERROR(VLOOKUP(MID(B21,8,1),NOMENCLATURA,2,FALSE),"-") -> -
D22: 43 | E22: 43838 | F22: 02.02.02.008.003.09-16 | G22: 46800000 | R22: =Plancontratacion2019[[#This Row],[RUBRO (SE DEBE REPORTARTAR EN SIGEP SERVICIOS PERSONAS NATURALES)]] -> 02.02.02.008.003.09-16 | S22: =Plancontratacion2019[[#This Row],[VALOR]] -> 46800000 | V22: =Plancontratacion2019[[#This Row],[RUBRO ]] -> 0 | W22: =Plancontratacion2019[[#This Row],[VALOR ]] -> 0 | X22: =SUM($S22+$W22+Plancontratacion2019[[#This Row],[VALOR TOTAL DEL APOYO]]) -> 46800000 | Z22: Servicio de profesional especializado para el desarrollo de proyectos de investigación en el programa de Logística Aeronáutica | AA22: Minima Cuantia | AB22: CONTRATACION DIRECTA | AD22: Prestacion de Servicios | AE22: 43868 | AF22: 43887 | AG22: Correcion | BB22: =Plancontratacion2019[[#This Row],[VALOR INICIAL DEL CONTRATO]]+Plancontratacion2019[[#This Row],[VALOR ADICION AL CONTRATO]]-Plancontratacion2019[[#This Row],[VALOR REDUCCIÓN DEL CONTRATO]] -> 0 | BE22: =$BD22-$BC22 -> 0 | BH22: =IFERROR(VLOOKUP('Formato Único de Contratación'!$BG22,TABLADEPARTAMENTOS,2,0),"DIGITE DEPARTAMENTO") -> DIGITE DEPARTAMENTO | BT22: =Plancontratacion2019[[#This Row],[FECHA PRORROGA EJECUCIÓN (AAAA-MM-DD)]]-Plancontratacion2019[[#This Row],[FECHA ACTA DE INICIO]] -> 0 | CP22: =COUNT(BY22,CA22,CE22,CG22,CI22,CK22,CC22,CN22) -> 0 | DB22: 2564654 | DH22: =SUM(CS22:DD22) -> 2564654 | DI22: =BB22-DH22 -> -2564654 | DJ22: =IFERROR(DH22/BB22,0) -> 0 | EF22: =MAX(Plancontratacion2019[[#This Row],[FECHA VIGENCIA (AAAA-MM-DD)]],Plancontratacion2019[[#This Row],[FECHA VIGENCIA (AAAA-MM-DD)]],Plancontratacion2019[[#This Row],[FECHA_VIGENCIA (AAAA-MM-DD)]],Plancontratacion2019[[#This Row],[FECHA VIGENCIA_(AAAA-MM-DD)3]],Plancontratacion2019[[#This Row],[_FECHA VIGENCIA (AAAA-MM-DD)]],Plancontratacion2019[[#This Row],[FECHA VIGENCIA (AAAA-MM-DD).]],Plancontratacion2019[[#This Row],[FECHA VIGENCIA (AAAA-MM-DD)..]],Plancontratacion2019[[#This Row],[FECHA VIGENCIA (AAAA-MM-DD)'']],0) -> 0 | EG22: =IFERROR(VLOOKUP(MID(B22,8,1),NOMENCLATURA,2,FALSE),"-") -> -
D23: 29 | E23: 43843 | F23: 02.02.02.008.003.09-16 | G23: 46800000 | R23: =Plancontratacion2019[[#This Row],[RUBRO (SE DEBE REPORTARTAR EN SIGEP SERVICIOS PERSONAS NATURALES)]] -> 02.02.02.008.003.09-16 | S23: =Plancontratacion2019[[#This Row],[VALOR]] -> 46800000 | V23: =Plancontratacion2019[[#This Row],[RUBRO ]] -> 0 | W23: =Plancontratacion2019[[#This Row],[VALOR ]] -> 0 | X23: =SUM($S23+$W23+Plancontratacion2019[[#This Row],[VALOR TOTAL DEL APOYO]]) -> 46800000 | Z23: Servicio de profesional especializado para el desarrollo de proyectos de investigación en el programa de Maestria en Dirección y Gestión de la Seguridad Integral de la EPFAC | AA23: Minima Cuantia | AB23: CONTRATACION DIRECTA | AD23: Prestacion de Servicios | AE23: 43868 | AF23: 43887 | AG23: Correcion | BB23: =Plancontratacion2019[[#This Row],[VALOR INICIAL DEL CONTRATO]]+Plancontratacion2019[[#This Row],[VALOR ADICION AL CONTRATO]]-Plancontratacion2019[[#This Row],[VALOR REDUCCIÓN DEL CONTRATO]] -> 0 | BE23: =$BD23-$BC23 -> 0 | BH23: =IFERROR(VLOOKUP('Formato Único de Contratación'!$BG23,TABLADEPARTAMENTOS,2,0),"DIGITE DEPARTAMENTO") -> DIGITE DEPARTAMENTO | BT23: =Plancontratacion2019[[#This Row],[FECHA PRORROGA EJECUCIÓN (AAAA-MM-DD)]]-Plancontratacion2019[[#This Row],[FECHA ACTA DE INICIO]] -> 0 | CP23: =COUNT(BY23,CA23,CE23,CG23,CI23,CK23,CC23,CN23) -> 0 | DH23: =SUM(CS23:DD23) -> 0 | DI23: =BB23-DH23 -> 0 | DJ23: =IFERROR(DH23/BB23,0) -> 0 | EF23: =MAX(Plancontratacion2019[[#This Row],[FECHA VIGENCIA (AAAA-MM-DD)]],Plancontratacion2019[[#This Row],[FECHA VIGENCIA (AAAA-MM-DD)]],Plancontratacion2019[[#This Row],[FECHA_VIGENCIA (AAAA-MM-DD)]],Plancontratacion2019[[#This Row],[FECHA VIGENCIA_(AAAA-MM-DD)3]],Plancontratacion2019[[#This Row],[_FECHA VIGENCIA (AAAA-MM-DD)]],Plancontratacion2019[[#This Row],[FECHA VIGENCIA (AAAA-MM-DD).]],Plancontratacion2019[[#This Row],[FECHA VIGENCIA (AAAA-MM-DD)..]],Plancontratacion2019[[#This Row],[FECHA VIGENCIA (AAAA-MM-DD)'']],0) -> 0 | EG23: =IFERROR(VLOOKUP(MID(B23,8,1),NOMENCLATURA,2,FALSE),"-") -> -
D24: 14 | E24: 43832 | F24: 02.02.02.006.003.03-16 | G24: 35000000 | R24: =Plancontratacion2019[[#This Row],[RUBRO (SE DEBE REPORTARTAR EN SIGEP SERVICIOS PERSONAS NATURALES)]] -> 02.02.02.006.003.03-16 | S24: =Plancontratacion2019[[#This Row],[VALOR]] -> 35000000 | V24: =Plancontratacion2019[[#This Row],[RUBRO ]] -> 0 | W24: =Plancontratacion2019[[#This Row],[VALOR ]] -> 0 | X24: =SUM($S24+$W24+Plancontratacion2019[[#This Row],[VALOR TOTAL DEL APOYO]]) -> 35000000 | Z24: Servicio de cafetería y restaurante para la realización de clausuras, seminaros y eventos | AA24: Minima Cuantia | AB24: MINIMA CUANTIA | AD24: Prestacion de Servicios | AE24: 43868 | AF24: 43889 | AG24: Correcion | BB24: =Plancontratacion2019[[#This Row],[VALOR INICIAL DEL CONTRATO]]+Plancontratacion2019[[#This Row],[VALOR ADICION AL CONTRATO]]-Plancontratacion2019[[#This Row],[VALOR REDUCCIÓN DEL CONTRATO]] -> 0 | BE24: =$BD24-$BC24 -> 0 | BH24: =IFERROR(VLOOKUP('Formato Único de Contratación'!$BG24,TABLADEPARTAMENTOS,2,0),"DIGITE DEPARTAMENTO") -> DIGITE DEPARTAMENTO | BT24: =Plancontratacion2019[[#This Row],[FECHA PRORROGA EJECUCIÓN (AAAA-MM-DD)]]-Plancontratacion2019[[#This Row],[FECHA ACTA DE INICIO]] -> 0 | CP24: =COUNT(BY24,CA24,CE24,CG24,CI24,CK24,CC24,CN24) -> 0 | DH24: =SUM(CS24:DD24) -> 0 | DI24: =BB24-DH24 -> 0 | DJ24: =IFERROR(DH24/BB24,0) -> 0 | EF24: =MAX(Plancontratacion2019[[#This Row],[FECHA VIGENCIA (AAAA-MM-DD)]],Plancontratacion2019[[#This Row],[FECHA VIGENCIA (AAAA-MM-DD)]],Plancontratacion2019[[#This Row],[FECHA_VIGENCIA (AAAA-MM-DD)]],Plancontratacion2019[[#This Row],[FECHA VIGENCIA_(AAAA-MM-DD)3]],Plancontratacion2019[[#This Row],[_FECHA VIGENCIA (AAAA-MM-DD)]],Plancontratacion2019[[#This Row],[FECHA VIGENCIA (AAAA-MM-DD).]],Plancontratacion2019[[#This Row],[FECHA VIGENCIA (AAAA-MM-DD)..]],Plancontratacion2019[[#This Row],[FECHA VIGENCIA (AAAA-MM-DD)'']],0) -> 0 | EG24: =IFERROR(VLOOKUP(MID(B24,8,1),NOMENCLATURA,2,FALSE),"-") -> -
D25: 18 | E25: 43833 | F25: 02.02.008.004.03-10 | G25: 32993000 | R25: =Plancontratacion2019[[#This Row],[RUBRO (SE DEBE REPORTARTAR EN SIGEP SERVICIOS PERSONAS NATURALES)]] -> 02.02.008.004.03-10 | S25: =Plancontratacion2019[[#This Row],[VALOR]] -> 32993000 | V25: =Plancontratacion2019[[#This Row],[RUBRO ]] -> 0 | W25: =Plancontratacion2019[[#This Row],[VALOR ]] -> 0 | X25: =SUM($S25+$W25+Plancontratacion2019[[#This Row],[VALOR TOTAL DEL APOYO]]) -> 32993000 | Z25: Suscripción EBSCO para la biblioteca de la EPFAC | AA25: Minima Cuantia | AB25: CONTRATACION DIRECTA | AC25: Proveedor Exclusivo | AD25: Prestacion de Servicios | AE25: 43885 | AF25: 43909 | AG25: Correcion | BB25: =Plancontratacion2019[[#This Row],[VALOR INICIAL DEL CONTRATO]]+Plancontratacion2019[[#This Row],[VALOR ADICION AL CONTRATO]]-Plancontratacion2019[[#This Row],[VALOR REDUCCIÓN DEL CONTRATO]] -> 0 | BE25: =$BD25-$BC25 -> 0 | BH25: =IFERROR(VLOOKUP('Formato Único de Contratación'!$BG25,TABLADEPARTAMENTOS,2,0),"DIGITE DEPARTAMENTO") -> DIGITE DEPARTAMENTO | BT25: =Plancontratacion2019[[#This Row],[FECHA PRORROGA EJECUCIÓN (AAAA-MM-DD)]]-Plancontratacion2019[[#This Row],[FECHA ACTA DE INICIO]] -> 0 | CP25: =COUNT(BY25,CA25,CE25,CG25,CI25,CK25,CC25,CN25) -> 0 | DH25: =SUM(CS25:DD25) -> 0 | DI25: =BB25-DH25 -> 0 | DJ25: =IFERROR(DH25/BB25,0) -> 0 | EF25: =MAX(Plancontratacion2019[[#This Row],[FECHA VIGENCIA (AAAA-MM-DD)]],Plancontratacion2019[[#This Row],[FECHA VIGENCIA (AAAA-MM-DD)]],Plancontratacion2019[[#This Row],[FECHA_VIGENCIA (AAAA-MM-DD)]],Plancontratacion2019[[#This Row],[FECHA VIGENCIA_(AAAA-MM-DD)3]],Plancontratacion2019[[#This Row],[_FECHA VIGENCIA (AAAA-MM-DD)]],Plancontratacion2019[[#This Row],[FECHA VIGENCIA (AAAA-MM-DD).]],Plancontratacion2019[[#This Row],[FECHA VIGENCIA (AAAA-MM-DD)..]],Plancontratacion2019[[#This Row],[FECHA VIGENCIA (AAAA-MM-DD)'']],0) -> 0 | EG25: =IFERROR(VLOOKUP(MID(B25,8,1),NOMENCLATURA,2,FALSE),"-") -> -
D26: 50 | E26: 43852 | F26: 02.02.008.004.03-10 | G26: 2489738 | R26: =Plancontratacion2019[[#This Row],[RUBRO (SE DEBE REPORTARTAR EN SIGEP SERVICIOS PERSONAS NATURALES)]] -> 02.02.008.004.03-10 | S26: =Plancontratacion2019[[#This Row],[VALOR]] -> 2489738 | V26: =Plancontratacion2019[[#This Row],[RUBRO ]] -> 0 | W26: =Plancontratacion2019[[#This Row],[VALOR ]] -> 0 | X26: =SUM($S26+$W26+Plancontratacion2019[[#This Row],[VALOR TOTAL DEL APOYO]]) -> 2489738 | Z26: Suscripción al sistema de clasificación de la bliblioteca del congreso de los EEUU online | AA26: Minima Cuantia | AB26: MINIMA CUANTIA | AD26: Prestacion de Servicios | AE26: 43885 | AF26: 43906 | AG26: Correcion | BB26: =Plancontratacion2019[[#This Row],[VALOR INICIAL DEL CONTRATO]]+Plancontratacion2019[[#This Row],[VALOR ADICION AL CONTRATO]]-Plancontratacion2019[[#This Row],[VALOR REDUCCIÓN DEL CONTRATO]] -> 0 | BE26: =$BD26-$BC26 -> 0 | BH26: =IFERROR(VLOOKUP('Formato Único de Contratación'!$BG26,TABLADEPARTAMENTOS,2,0),"DIGITE DEPARTAMENTO") -> DIGITE DEPARTAMENTO | BT26: =Plancontratacion2019[[#This Row],[FECHA PRORROGA EJECUCIÓN (AAAA-MM-DD)]]-Plancontratacion2019[[#This Row],[FECHA ACTA DE INICIO]] -> 0 | CP26: =COUNT(BY26,CA26,CE26,CG26,CI26,CK26,CC26,CN26) -> 0 | DH26: =SUM(CS26:DD26) -> 0 | DI26: =BB26-DH26 -> 0 | DJ26: =IFERROR(DH26/BB26,0) -> 0 | EF26: =MAX(Plancontratacion2019[[#This Row],[FECHA VIGENCIA (AAAA-MM-DD)]],Plancontratacion2019[[#This Row],[FECHA VIGENCIA (AAAA-MM-DD)]],Plancontratacion2019[[#This Row],[FECHA_VIGENCIA (AAAA-MM-DD)]],Plancontratacion2019[[#This Row],[FECHA VIGENCIA_(AAAA-MM-DD)3]],Plancontratacion2019[[#This Row],[_FECHA VIGENCIA (AAAA-MM-DD)]],Plancontratacion2019[[#This Row],[FECHA VIGENCIA (AAAA-MM-DD).]],Plancontratacion2019[[#This Row],[FECHA VIGENCIA (AAAA-MM-DD)..]],Plancontratacion2019[[#This Row],[FECHA VIGENCIA (AAAA-MM-DD)'']],0) -> 0 | EG26: =IFERROR(VLOOKUP(MID(B26,8,1),NOMENCLATURA,2,FALSE),"-") -> -
D27: 50 | E27: 43852 | F27: 02.02.008.004.03-10 | G27: 927000 | R27: =Plancontratacion2019[[#This Row],[RUBRO (SE DEBE REPORTARTAR EN SIGEP SERVICIOS PERSONAS NATURALES)]] -> 02.02.008.004.03-10 | S27: =Plancontratacion2019[[#This Row],[VALOR]] -> 927000 | V27: =Plancontratacion2019[[#This Row],[RUBRO ]] -> 0 | W27: =Plancontratacion2019[[#This Row],[VALOR ]] -> 0 | X27: =SUM($S27+$W27+Plancontratacion2019[[#This Row],[VALOR TOTAL DEL APOYO]]) -> 927000 | Z27: Suscripción RDA toolkit online (Resource Description and Access) | AA27: Minima Cuantia | AB27: MINIMA CUANTIA | AD27: Prestacion de Servicios | AE27: 43885 | AF27: 43906 | AG27: Correcion | BB27: =Plancontratacion2019[[#This Row],[VALOR INICIAL DEL CONTRATO]]+Plancontratacion2019[[#This Row],[VALOR ADICION AL CONTRATO]]-Plancontratacion2019[[#This Row],[VALOR REDUCCIÓN DEL CONTRATO]] -> 0 | BE27: =$BD27-$BC27 -> 0 | BH27: =IFERROR(VLOOKUP('Formato Único de Contratación'!$BG27,TABLADEPARTAMENTOS,2,0),"DIGITE DEPARTAMENTO") -> DIGITE DEPARTAMENTO | BT27: =Plancontratacion2019[[#This Row],[FECHA PRORROGA EJECUCIÓN (AAAA-MM-DD)]]-Plancontratacion2019[[#This Row],[FECHA ACTA DE INICIO]] -> 0 | CP27: =COUNT(BY27,CA27,CE27,CG27,CI27,CK27,CC27,CN27) -> 0 | DH27: =SUM(CS27:DD27) -> 0 | DI27: =BB27-DH27 -> 0 | DJ27: =IFERROR(DH27/BB27,0) -> 0 | EF27: =MAX(Plancontratacion2019[[#This Row],[FECHA VIGENCIA (AAAA-MM-DD)]],Plancontratacion2019[[#This Row],[FECHA VIGENCIA (AAAA-MM-DD)]],Plancontratacion2019[[#This Row],[FECHA_VIGENCIA (AAAA-MM-DD)]],Plancontratacion2019[[#This Row],[FECHA VIGENCIA_(AAAA-MM-DD)3]],Plancontratacion2019[[#This Row],[_FECHA VIGENCIA (AAAA-MM-DD)]],Plancontratacion2019[[#This Row],[FECHA VIGENCIA (AAAA-MM-DD).]],Plancontratacion2019[[#This Row],[FECHA VIGENCIA (AAAA-MM-DD)..]],Plancontratacion2019[[#This Row],[FECHA VIGENCIA (AAAA-MM-DD)'']],0) -> 0 | EG27: =IFERROR(VLOOKUP(MID(B27,8,1),NOMENCLATURA,2,FALSE),"-") -> -
D28: 12 | E28: 43832 | F28: 02.02.008.004.03-10 | G28: 10093000 | R28: =Plancontratacion2019[[#This Row],[RUBRO (SE DEBE REPORTARTAR EN SIGEP SERVICIOS PERSONAS NATURALES)]] -> 02.02.008.004.03-10 | S28: =Plancontratacion2019[[#This Row],[VALOR]] -> 10093000 | V28: =Plancontratacion2019[[#This Row],[RUBRO ]] -> 0 | W28: =Plancontratacion2019[[#This Row],[VALOR ]] -> 0 | X28: =SUM($S28+$W28+Plancontratacion2019[[#This Row],[VALOR TOTAL DEL APOYO]]) -> 10093000 | Z28: Adquisición de libros para la biblioteca | AA28: Minima Cuantia | AB28: MINIMA CUANTIA | AD28: Compraventa | AE28: 43903 | AF28: 43929 | AG28: Correcion | BB28: =Plancontratacion2019[[#This Row],[VALOR INICIAL DEL CONTRATO]]+Plancontratacion2019[[#This Row],[VALOR ADICION AL CONTRATO]]-Plancontratacion2019[[#This Row],[VALOR REDUCCIÓN DEL CONTRATO]] -> 0 | BE28: =$BD28-$BC28 -> 0 | BH28: =IFERROR(VLOOKUP('Formato Único de Contratación'!$BG28,TABLADEPARTAMENTOS,2,0),"DIGITE DEPARTAMENTO") -> DIGITE DEPARTAMENTO | BT28: =Plancontratacion2019[[#This Row],[FECHA PRORROGA EJECUCIÓN (AAAA-MM-DD)]]-Plancontratacion2019[[#This Row],[FECHA ACTA DE INICIO]] -> 0 | CP28: =COUNT(BY28,CA28,CE28,CG28,CI28,CK28,CC28,CN28) -> 0 | DH28: =SUM(CS28:DD28) -> 0 | DI28: =BB28-DH28 -> 0 | DJ28: =IFERROR(DH28/BB28,0) -> 0 | EF28: =MAX(Plancontratacion2019[[#This Row],[FECHA VIGENCIA (AAAA-MM-DD)]],Plancontratacion2019[[#This Row],[FECHA VIGENCIA (AAAA-MM-DD)]],Plancontratacion2019[[#This Row],[FECHA_VIGENCIA (AAAA-MM-DD)]],Plancontratacion2019[[#This Row],[FECHA VIGENCIA_(AAAA-MM-DD)3]],Plancontratacion2019[[#This Row],[_FECHA VIGENCIA (AAAA-MM-DD)]],Plancontratacion2019[[#This Row],[FECHA VIGENCIA (AAAA-MM-DD).]],Plancontratacion2019[[#This Row],[FECHA VIGENCIA (AAAA-MM-DD)..]],Plancontratacion2019[[#This Row],[FECHA VIGENCIA (AAAA-MM-DD)'']],0) -> 0 | EG28: =IFERROR(VLOOKUP(MID(B28,8,1),NOMENCLATURA,2,FALSE),"-") -> -
D29: 16 | E29: 43832 | F29: 02.02.008.003.01.5-10 | G29: 59986876 | R29: =Plancontratacion2019[[#This Row],[RUBRO (SE DEBE REPORTARTAR EN SIGEP SERVICIOS PERSONAS NATURALES)]] -> 02.02.008.003.01.5-10 | S29: =Plancontratacion2019[[#This Row],[VALOR]] -> 59986876 | V29: =Plancontratacion2019[[#This Row],[RUBRO ]] -> 0 | W29: =Plancontratacion2019[[#This Row],[VALOR ]] -> 0 | X29: =SUM($S29+$W29+Plancontratacion2019[[#This Row],[VALOR TOTAL DEL APOYO]]) -> 59986876 | Z29: Servicio de información y publicación de revistas monográficas, científicas en formato electronico, gestión del prefijo DOI y marcación Crosmark en los sistemas OJS y ONP. | AA29: Minima Cuantia | AB29: MINIMA CUANTIA | AD29: Prestacion de Servicios | AE29: 43893 | AF29: 43917 | AG29: Correcion | BB29: =Plancontratacion2019[[#This Row],[VALOR INICIAL DEL CONTRATO]]+Plancontratacion2019[[#This Row],[VALOR ADICION AL CONTRATO]]-Plancontratacion2019[[#This Row],[VALOR REDUCCIÓN DEL CONTRATO]] -> 0 | BE29: =$BD29-$BC29 -> 0 | BH29: =IFERROR(VLOOKUP('Formato Único de Contratación'!$BG29,TABLADEPARTAMENTOS,2,0),"DIGITE DEPARTAMENTO") -> DIGITE DEPARTAMENTO | BT29: =Plancontratacion2019[[#This Row],[FECHA PRORROGA EJECUCIÓN (AAAA-MM-DD)]]-Plancontratacion2019[[#This Row],[FECHA ACTA DE INICIO]] -> 0 | CP29: =COUNT(BY29,CA29,CE29,CG29,CI29,CK29,CC29,CN29) -> 0 | DH29: =SUM(CS29:DD29) -> 0 | DI29: =BB29-DH29 -> 0 | DJ29: =IFERROR(DH29/BB29,0) -> 0 | EF29: =MAX(Plancontratacion2019[[#This Row],[FECHA VIGENCIA (AAAA-MM-DD)]],Plancontratacion2019[[#This Row],[FECHA VIGENCIA (AAAA-MM-DD)]],Plancontratacion2019[[#This Row],[FECHA_VIGENCIA (AAAA-MM-DD)]],Plancontratacion2019[[#This Row],[FECHA VIGENCIA_(AAAA-MM-DD)3]],Plancontratacion2019[[#This Row],[_FECHA VIGENCIA (AAAA-MM-DD)]],Plancontratacion2019[[#This Row],[FECHA VIGENCIA (AAAA-MM-DD).]],Plancontratacion2019[[#This Row],[FECHA VIGENCIA (AAAA-MM-DD)..]],Plancontratacion2019[[#This Row],[FECHA VIGENCIA (AAAA-MM-DD)'']],0) -> 0 | EG29: =IFERROR(VLOOKUP(MID(B29,8,1),NOMENCLATURA,2,FALSE),"-") -> -
D30: 10 | E30: 43832 | F30: 02.01.003.008.01.1-10 02.01.01.003.008-01.2-10 02.01.003.008.01.4-10 02.01.01.004.006-09-10 02.01.01.004.006-09.3-10 02.02.01.003.002-1-10 02.02.01.004-02-10 02-01-01-003-008-01-1 | G30: 31241257 | R30: =Plancontratacion2019[[#This Row],[RUBRO (SE DEBE REPORTARTAR EN SIGEP SERVICIOS PERSONAS NATURALES)]] -> 02.01.003.008.01.1-10 02.01.01.003.008-01.2-10 02.01.003.008.01.4-10 02.01.01.004.006-09-10 02.01.01.004.006-09.3-10 02.02.01.003.002-1-10 02.02.01.004-02-10 02-01-01-003-008-01-1 | S30: =Plancontratacion2019[[#This Row],[VALOR]] -> 31241257 | V30: =Plancontratacion2019[[#This Row],[RUBRO ]] -> 0 | W30: =Plancontratacion2019[[#This Row],[VALOR ]] -> 0 | X30: =SUM($S30+$W30+Plancontratacion2019[[#This Row],[VALOR TOTAL DEL APOYO]]) -> 31241257 | Z30: Adquisición de elementos para la bliblioteca de la EPFAC que incluye mobiliario y materiales y suministros. | AA30: Minima Cuantia | AB30: MINIMA CUANTIA | AD30: Prestacion de Servicios | AE30: 43914 | AF30: 43941 | AG30: Correcion | BB30: =Plancontratacion2019[[#This Row],[VALOR INICIAL DEL CONTRATO]]+Plancontratacion2019[[#This Row],[VALOR ADICION AL CONTRATO]]-Plancontratacion2019[[#This Row],[VALOR REDUCCIÓN DEL CONTRATO]] -> 0 | BE30: =$BD30-$BC30 -> 0 | BH30: =IFERROR(VLOOKUP('Formato Único de Contratación'!$BG30,TABLADEPARTAMENTOS,2,0),"DIGITE DEPARTAMENTO") -> DIGITE DEPARTAMENTO | BT30: =Plancontratacion2019[[#This Row],[FECHA PRORROGA EJECUCIÓN (AAAA-MM-DD)]]-Plancontratacion2019[[#This Row],[FECHA ACTA DE INICIO]] -> 0 | CP30: =COUNT(BY30,CA30,CE30,CG30,CI30,CK30,CC30,CN30) -> 0 | DH30: =SUM(CS30:DD30) -> 0 | DI30: =BB30-DH30 -> 0 | DJ30: =IFERROR(DH30/BB30,0) -> 0 | EF30: =MAX(Plancontratacion2019[[#This Row],[FECHA VIGENCIA (AAAA-MM-DD)]],Plancontratacion2019[[#This Row],[FECHA VIGENCIA (AAAA-MM-DD)]],Plancontratacion2019[[#This Row],[FECHA_VIGENCIA (AAAA-MM-DD)]],Plancontratacion2019[[#This Row],[FECHA VIGENCIA_(AAAA-MM-DD)3]],Plancontratacion2019[[#This Row],[_FECHA VIGENCIA (AAAA-MM-DD)]],Plancontratacion2019[[#This Row],[FECHA VIGENCIA (AAAA-MM-DD).]],Plancontratacion2019[[#This Row],[FECHA VIGENCIA (AAAA-MM-DD)..]],Plancontratacion2019[[#This Row],[FECHA VIGENCIA (AAAA-MM-DD)'']],0) -> 0 | EG30: =IFERROR(VLOOKUP(MID(B30,8,1),NOMENCLATURA,2,FALSE),"-") -> -
D31: 21 | E31: 43832 | F31: 02.02.008-008-01.1-10 02.02.001.003.006-09-10 | G31: =2328000+952000 -> 3280000 | R31: =Plancontratacion2019[[#This Row],[RUBRO (SE DEBE REPORTARTAR EN SIGEP SERVICIOS PERSONAS NATURALES)]] -> 02.02.008-008-01.1-10 02.02.001.003.006-09-10 | V31: =Plancontratacion2019[[#This Row],[RUBRO ]] -> 0 | W31: =Plancontratacion2019[[#This Row],[VALOR ]] -> 0 | X31: =SUM($S31+$W31+Plancontratacion2019[[#This Row],[VALOR TOTAL DEL APOYO]]) -> 0 | Z31: Servicio de mantenimiento reparación de equipos y sistemas de protección ante incendios y adquisición de cintas antideslizantes. | AA31: Minima Cuantia | AB31: MINIMA CUANTIA | AD31: Prestacion de Servicios | AE31: 43882 | AF31: 43916 | AG31: Correcion | BB31: =Plancontratacion2019[[#This Row],[VALOR INICIAL DEL CONTRATO]]+Plancontratacion2019[[#This Row],[VALOR ADICION AL CONTRATO]]-Plancontratacion2019[[#This Row],[VALOR REDUCCIÓN DEL CONTRATO]] -> 0 | BE31: =$BD31-$BC31 -> 0 | BH31: =IFERROR(VLOOKUP('Formato Único de Contratación'!$BG31,TABLADEPARTAMENTOS,2,0),"DIGITE DEPARTAMENTO") -> DIGITE DEPARTAMENTO | BT31: =Plancontratacion2019[[#This Row],[FECHA PRORROGA EJECUCIÓN (AAAA-MM-DD)]]-Plancontratacion2019[[#This Row],[FECHA ACTA DE INICIO]] -> 0 | CP31: =COUNT(BY31,CA31,CE31,CG31,CI31,CK31,CC31,CN31) -> 0 | DH31: =SUM(CS31:DD31) -> 0 | DI31: =BB31-DH31 -> 0 | DJ31: =IFERROR(DH31/BB31,0) -> 0 | EF31: =MAX(Plancontratacion2019[[#This Row],[FECHA VIGENCIA (AAAA-MM-DD)]],Plancontratacion2019[[#This Row],[FECHA VIGENCIA (AAAA-MM-DD)]],Plancontratacion2019[[#This Row],[FECHA_VIGENCIA (AAAA-MM-DD)]],Plancontratacion2019[[#This Row],[FECHA VIGENCIA_(AAAA-MM-DD)3]],Plancontratacion2019[[#This Row],[_FECHA VIGENCIA (AAAA-MM-DD)]],Plancontratacion2019[[#This Row],[FECHA VIGENCIA (AAAA-MM-DD).]],Plancontratacion2019[[#This Row],[FECHA VIGENCIA (AAAA-MM-DD)..]],Plancontratacion2019[[#This Row],[FECHA VIGENCIA (AAAA-MM-DD)'']],0) -> 0 | EG31: =IFERROR(VLOOKUP(MID(B31,8,1),NOMENCLATURA,2,FALSE),"-") -> -
D32: 13 | E32: 43832 | F32: 02.02.01.003.002-01-10 02.02.01.003.06.06.09-10 2.02.02.01.003.008.09-10 02.02.01.004.002-10 02.02.01.004.005-01-10 | G32: 10040000 | R32: =Plancontratacion2019[[#This Row],[RUBRO (SE DEBE REPORTARTAR EN SIGEP SERVICIOS PERSONAS NATURALES)]] -> 02.02.01.003.002-01-10 02.02.01.003.06.06.09-10 2.02.02.01.003.008.09-10 02.02.01.004.002-10 02.02.01.004.005-01-10 | S32: =Plancontratacion2019[[#This Row],[VALOR]] -> 10040000 | V32: =Plancontratacion2019[[#This Row],[RUBRO ]] -> 0 | W32: =Plancontratacion2019[[#This Row],[VALOR ]] -> 0 | X32: =SUM($S32+$W32+Plancontratacion2019[[#This Row],[VALOR TOTAL DEL APOYO]]) -> 10040000 | Z32: Adquisición de papelería para la EPFAC | AA32: Minima Cuantia | AB32: MINIMA CUANTIA | AD32: Compraventa | AE32: 43934 | AF32: 43969 | AG32: Correcion | BB32: =Plancontratacion2019[[#This Row],[VALOR INICIAL DEL CONTRATO]]+Plancontratacion2019[[#This Row],[VALOR ADICION AL CONTRATO]]-Plancontratacion2019[[#This Row],[VALOR REDUCCIÓN DEL CONTRATO]] -> 0 | BE32: =$BD32-$BC32 -> 0 | BH32: =IFERROR(VLOOKUP('Formato Único de Contratación'!$BG32,TABLADEPARTAMENTOS,2,0),"DIGITE DEPARTAMENTO") -> DIGITE DEPARTAMENTO | BT32: =Plancontratacion2019[[#This Row],[FECHA PRORROGA EJECUCIÓN (AAAA-MM-DD)]]-Plancontratacion2019[[#This Row],[FECHA ACTA DE INICIO]] -> 0 | CP32: =COUNT(BY32,CA32,CE32,CG32,CI32,CK32,CC32,CN32) -> 0 | DH32: =SUM(CS32:DD32) -> 0 | DI32: =BB32-DH32 -> 0 | DJ32: =IFERROR(DH32/BB32,0) -> 0 | EF32: =MAX(Plancontratacion2019[[#This Row],[FECHA VIGENCIA (AAAA-MM-DD)]],Plancontratacion2019[[#This Row],[FECHA VIGENCIA (AAAA-MM-DD)]],Plancontratacion2019[[#This Row],[FECHA_VIGENCIA (AAAA-MM-DD)]],Plancontratacion2019[[#This Row],[FECHA VIGENCIA_(AAAA-MM-DD)3]],Plancontratacion2019[[#This Row],[_FECHA VIGENCIA (AAAA-MM-DD)]],Plancontratacion2019[[#This Row],[FECHA VIGENCIA (AAAA-MM-DD).]],Plancontratacion2019[[#This Row],[FECHA VIGENCIA (AAAA-MM-DD)..]],Plancontratacion2019[[#This Row],[FECHA VIGENCIA (AAAA-MM-DD)'']],0) -> 0 | EG32: =IFERROR(VLOOKUP(MID(B32,8,1),NOMENCLATURA,2,FALSE),"-") -> -
D33: 22 | E33: 43832 | F33: 02.02.01.004.002-10 | G33: 2968000 | R33: =Plancontratacion2019[[#This Row],[RUBRO (SE DEBE REPORTARTAR EN SIGEP SERVICIOS PERSONAS NATURALES)]] -> 02.02.01.004.002-10 | S33: =Plancontratacion2019[[#This Row],[VALOR]] -> 2968000 | V33: =Plancontratacion2019[[#This Row],[RUBRO ]] -> 0 | W33: =Plancontratacion2019[[#This Row],[VALOR ]] -> 0 | X33: =SUM($S33+$W33+Plancontratacion2019[[#This Row],[VALOR TOTAL DEL APOYO]]) -> 2968000 | Z33: Mantenimiento de la UPS preventivo y correctivo de la EPFAC | AA33: Minima Cuantia | AB33: MINIMA CUANTIA | AD33: Prestacion de Servicios | AE33: 43945 | AF33: 43969 | AG33: Correcion | BB33: =Plancontratacion2019[[#This Row],[VALOR INICIAL DEL CONTRATO]]+Plancontratacion2019[[#This Row],[VALOR ADICION AL CONTRATO]]-Plancontratacion2019[[#This Row],[VALOR REDUCCIÓN DEL CONTRATO]] -> 0 | BE33: =$BD33-$BC33 -> 0 | BH33: =IFERROR(VLOOKUP('Formato Único de Contratación'!$BG33,TABLADEPARTAMENTOS,2,0),"DIGITE DEPARTAMENTO") -> DIGITE DEPARTAMENTO | BT33: =Plancontratacion2019[[#This Row],[FECHA PRORROGA EJECUCIÓN (AAAA-MM-DD)]]-Plancontratacion2019[[#This Row],[FECHA ACTA DE INICIO]] -> 0 | CP33: =COUNT(BY33,CA33,CE33,CG33,CI33,CK33,CC33,CN33) -> 0 | DH33: =SUM(CS33:DD33) -> 0 | DI33: =BB33-DH33 -> 0 | DJ33: =IFERROR(DH33/BB33,0) -> 0 | EF33: =MAX(Plancontratacion2019[[#This Row],[FECHA VIGENCIA (AAAA-MM-DD)]],Plancontratacion2019[[#This Row],[FECHA VIGENCIA (AAAA-MM-DD)]],Plancontratacion2019[[#This Row],[FECHA_VIGENCIA (AAAA-MM-DD)]],Plancontratacion2019[[#This Row],[FECHA VIGENCIA_(AAAA-MM-DD)3]],Plancontratacion2019[[#This Row],[_FECHA VIGENCIA (AAAA-MM-DD)]],Plancontratacion2019[[#This Row],[FECHA VIGENCIA (AAAA-MM-DD).]],Plancontratacion2019[[#This Row],[FECHA VIGENCIA (AAAA-MM-DD)..]],Plancontratacion2019[[#This Row],[FECHA VIGENCIA (AAAA-MM-DD)'']],0) -> 0 | EG33: =IFERROR(VLOOKUP(MID(B33,8,1),NOMENCLATURA,2,FALSE),"-") -> -
D34: 22 | E34: 43832 | F34: 02.02.02.008.007.01.5-10 | G34: 4000000 | R34: =Plancontratacion2019[[#This Row],[RUBRO (SE DEBE REPORTARTAR EN SIGEP SERVICIOS PERSONAS NATURALES)]] -> 02.02.02.008.007.01.5-10 | S34: =Plancontratacion2019[[#This Row],[VALOR]] -> 4000000 | V34: =Plancontratacion2019[[#This Row],[RUBRO ]] -> 0 | W34: =Plancontratacion2019[[#This Row],[VALOR ]] -> 0 | X34: =SUM($S34+$W34+Plancontratacion2019[[#This Row],[VALOR TOTAL DEL APOYO]]) -> 4000000 | Z34: Mantenimiento de aires acondicionados de la EFPAC | AA34: Minima Cuantia | AB34: MINIMA CUANTIA | AD34: Prestacion de Servicios | AE34: 43945 | AF34: 43969 | AG34: Correcion | BB34: =Plancontratacion2019[[#This Row],[VALOR INICIAL DEL CONTRATO]]+Plancontratacion2019[[#This Row],[VALOR ADICION AL CONTRATO]]-Plancontratacion2019[[#This Row],[VALOR REDUCCIÓN DEL CONTRATO]] -> 0 | BE34: =$BD34-$BC34 -> 0 | BH34: =IFERROR(VLOOKUP('Formato Único de Contratación'!$BG34,TABLADEPARTAMENTOS,2,0),"DIGITE DEPARTAMENTO") -> DIGITE DEPARTAMENTO | BT34: =Plancontratacion2019[[#This Row],[FECHA PRORROGA EJECUCIÓN (AAAA-MM-DD)]]-Plancontratacion2019[[#This Row],[FECHA ACTA DE INICIO]] -> 0 | CP34: =COUNT(BY34,CA34,CE34,CG34,CI34,CK34,CC34,CN34) -> 0 | DH34: =SUM(CS34:DD34) -> 0 | DI34: =BB34-DH34 -> 0 | DJ34: =IFERROR(DH34/BB34,0) -> 0 | EF34: =MAX(Plancontratacion2019[[#This Row],[FECHA VIGENCIA (AAAA-MM-DD)]],Plancontratacion2019[[#This Row],[FECHA VIGENCIA (AAAA-MM-DD)]],Plancontratacion2019[[#This Row],[FECHA_VIGENCIA (AAAA-MM-DD)]],Plancontratacion2019[[#This Row],[FECHA VIGENCIA_(AAAA-MM-DD)3]],Plancontratacion2019[[#This Row],[_FECHA VIGENCIA (AAAA-MM-DD)]],Plancontratacion2019[[#This Row],[FECHA VIGENCIA (AAAA-MM-DD).]],Plancontratacion2019[[#This Row],[FECHA VIGENCIA (AAAA-MM-DD)..]],Plancontratacion2019[[#This Row],[FECHA VIGENCIA (AAAA-MM-DD)'']],0) -> 0 | EG34: =IFERROR(VLOOKUP(MID(B34,8,1),NOMENCLATURA,2,FALSE),"-") -> -
D35: 23 | E35: 43832 | F35: 02.02.02.008.009.01-10 | G35: 7508000 | R35: =Plancontratacion2019[[#This Row],[RUBRO (SE DEBE REPORTARTAR EN SIGEP SERVICIOS PERSONAS NATURALES)]] -> 02.02.02.008.009.01-10 | S35: =Plancontratacion2019[[#This Row],[VALOR]] -> 7508000 | V35: =Plancontratacion2019[[#This Row],[RUBRO ]] -> 0 | W35: =Plancontratacion2019[[#This Row],[VALOR ]] -> 0 | X35: =SUM($S35+$W35+Plancontratacion2019[[#This Row],[VALOR TOTAL DEL APOYO]]) -> 7508000 | Z35: Servcio de edición e impresión de libros de investigación para la EPFAC | AA35: Minima Cuantia | AB35: MINIMA CUANTIA | AD35: Prestacion de Servicios | AE35: 43962 | AF35: 43990 | AG35: Correcion | BB35: =Plancontratacion2019[[#This Row],[VALOR INICIAL DEL CONTRATO]]+Plancontratacion2019[[#This Row],[VALOR ADICION AL CONTRATO]]-Plancontratacion2019[[#This Row],[VALOR REDUCCIÓN DEL CONTRATO]] -> 0 | BE35: =$BD35-$BC35 -> 0 | BH35: =IFERROR(VLOOKUP('Formato Único de Contratación'!$BG35,TABLADEPARTAMENTOS,2,0),"DIGITE DEPARTAMENTO") -> DIGITE DEPARTAMENTO | BT35: =Plancontratacion2019[[#This Row],[FECHA PRORROGA EJECUCIÓN (AAAA-MM-DD)]]-Plancontratacion2019[[#This Row],[FECHA ACTA DE INICIO]] -> 0 | CP35: =COUNT(BY35,CA35,CE35,CG35,CI35,CK35,CC35,CN35) -> 0 | DH35: =SUM(CS35:DD35) -> 0 | DI35: =BB35-DH35 -> 0 | DJ35: =IFERROR(DH35/BB35,0) -> 0 | EF35: =MAX(Plancontratacion2019[[#This Row],[FECHA VIGENCIA (AAAA-MM-DD)]],Plancontratacion2019[[#This Row],[FECHA VIGENCIA (AAAA-MM-DD)]],Plancontratacion2019[[#This Row],[FECHA_VIGENCIA (AAAA-MM-DD)]],Plancontratacion2019[[#This Row],[FECHA VIGENCIA_(AAAA-MM-DD)3]],Plancontratacion2019[[#This Row],[_FECHA VIGENCIA (AAAA-MM-DD)]],Plancontratacion2019[[#This Row],[FECHA VIGENCIA (AAAA-MM-DD).]],Plancontratacion2019[[#This Row],[FECHA VIGENCIA (AAAA-MM-DD)..]],Plancontratacion2019[[#This Row],[FECHA VIGENCIA (AAAA-MM-DD)'']],0) -> 0 | EG35: =IFERROR(VLOOKUP(MID(B35,8,1),NOMENCLATURA,2,FALSE),"-") -> -
D36: 44 | E36: 43838 | F36: 02.02.02.006.004-10 | G36: 9000000 | R36: =Plancontratacion2019[[#This Row],[RUBRO (SE DEBE REPORTARTAR EN SIGEP SERVICIOS PERSONAS NATURALES)]] -> 02.02.02.006.004-10 | S36: =Plancontratacion2019[[#This Row],[VALOR]] -> 9000000 | V36: =Plancontratacion2019[[#This Row],[RUBRO ]] -> 0 | W36: =Plancontratacion2019[[#This Row],[VALOR ]] -> 0 | X36: =SUM($S36+$W36+Plancontratacion2019[[#This Row],[VALOR TOTAL DEL APOYO]]) -> 9000000 | Z36: Servicio de transporte para el personal de alumnos, docentes y orgánicos de la EPFAC - Vehículo tipo bus y automovil - Amarre vigencia 2021 | AA36: Minima Cuantia | AB36: MINIMA CUANTIA | AD36: Prestacion de Servicios | AE36: 44033 | AF36: 44062 | AG36: Correcion | BB36: =Plancontratacion2019[[#This Row],[VALOR INICIAL DEL CONTRATO]]+Plancontratacion2019[[#This Row],[VALOR ADICION AL CONTRATO]]-Plancontratacion2019[[#This Row],[VALOR REDUCCIÓN DEL CONTRATO]] -> 0 | BE36: =$BD36-$BC36 -> 0 | BH36: =IFERROR(VLOOKUP('Formato Único de Contratación'!$BG36,TABLADEPARTAMENTOS,2,0),"DIGITE DEPARTAMENTO") -> DIGITE DEPARTAMENTO | BT36: =Plancontratacion2019[[#This Row],[FECHA PRORROGA EJECUCIÓN (AAAA-MM-DD)]]-Plancontratacion2019[[#This Row],[FECHA ACTA DE INICIO]] -> 0 | CP36: =COUNT(BY36,CA36,CE36,CG36,CI36,CK36,CC36,CN36) -> 0 | DH36: =SUM(CS36:DD36) -> 0 | DI36: =BB36-DH36 -> 0 | DJ36: =IFERROR(DH36/BB36,0) -> 0 | EF36: =MAX(Plancontratacion2019[[#This Row],[FECHA VIGENCIA (AAAA-MM-DD)]],Plancontratacion2019[[#This Row],[FECHA VIGENCIA (AAAA-MM-DD)]],Plancontratacion2019[[#This Row],[FECHA_VIGENCIA (AAAA-MM-DD)]],Plancontratacion2019[[#This Row],[FECHA VIGENCIA_(AAAA-MM-DD)3]],Plancontratacion2019[[#This Row],[_FECHA VIGENCIA (AAAA-MM-DD)]],Plancontratacion2019[[#This Row],[FECHA VIGENCIA (AAAA-MM-DD).]],Plancontratacion2019[[#This Row],[FECHA VIGENCIA (AAAA-MM-DD)..]],Plancontratacion2019[[#This Row],[FECHA VIGENCIA (AAAA-MM-DD)'']],0) -> 0 | EG36: =IFERROR(VLOOKUP(MID(B36,8,1),NOMENCLATURA,2,FALSE),"-") -> -
D37: 44 | E37: 43838 | F37: 02.02.02.008.004.05-10 | G37: 1650000 | R37: =Plancontratacion2019[[#This Row],[RUBRO (SE DEBE REPORTARTAR EN SIGEP SERVICIOS PERSONAS NATURALES)]] -> 02.02.02.008.004.05-10 | S37: =Plancontratacion2019[[#This Row],[VALOR]] -> 1650000 | V37: =Plancontratacion2019[[#This Row],[RUBRO ]] -> 0 | W37: =Plancontratacion2019[[#This Row],[VALOR ]] -> 0 | X37: =SUM($S37+$W37+Plancontratacion2019[[#This Row],[VALOR TOTAL DEL APOYO]]) -> 1650000 | Z37: Servicio de custodia archivo documental de la EPFAC - Amarre vigencia 2021 | AA37: Minima Cuantia | AB37: MINIMA CUANTIA | AD37: Prestacion de Servicios | AE37: 44033 | AF37: 44062 | AG37: Correcion | BB37: =Plancontratacion2019[[#This Row],[VALOR INICIAL DEL CONTRATO]]+Plancontratacion2019[[#This Row],[VALOR ADICION AL CONTRATO]]-Plancontratacion2019[[#This Row],[VALOR REDUCCIÓN DEL CONTRATO]] -> 0 | BE37: =$BD37-$BC37 -> 0 | BH37: =IFERROR(VLOOKUP('Formato Único de Contratación'!$BG37,TABLADEPARTAMENTOS,2,0),"DIGITE DEPARTAMENTO") -> DIGITE DEPARTAMENTO | BT37: =Plancontratacion2019[[#This Row],[FECHA PRORROGA EJECUCIÓN (AAAA-MM-DD)]]-Plancontratacion2019[[#This Row],[FECHA ACTA DE INICIO]] -> 0 | CP37: =COUNT(BY37,CA37,CE37,CG37,CI37,CK37,CC37,CN37) -> 0 | DH37: =SUM(CS37:DD37) -> 0 | DI37: =BB37-DH37 -> 0 | DJ37: =IFERROR(DH37/BB37,0) -> 0 | EF37: =MAX(Plancontratacion2019[[#This Row],[FECHA VIGENCIA (AAAA-MM-DD)]],Plancontratacion2019[[#This Row],[FECHA VIGENCIA (AAAA-MM-DD)]],Plancontratacion2019[[#This Row],[FECHA_VIGENCIA (AAAA-MM-DD)]],Plancontratacion2019[[#This Row],[FECHA VIGENCIA_(AAAA-MM-DD)3]],Plancontratacion2019[[#This Row],[_FECHA VIGENCIA (AAAA-MM-DD)]],Plancontratacion2019[[#This Row],[FECHA VIGENCIA (AAAA-MM-DD).]],Plancontratacion2019[[#This Row],[FECHA VIGENCIA (AAAA-MM-DD)..]],Plancontratacion2019[[#This Row],[FECHA VIGENCIA (AAAA-MM-DD)'']],0) -> 0 | EG37: =IFERROR(VLOOKUP(MID(B37,8,1),NOMENCLATURA,2,FALSE),"-") -> -
D38: 44 | E38: 43838 | F38: 02.02.02.008.005.02-10 | G38: 9000000 | R38: =Plancontratacion2019[[#This Row],[RUBRO (SE DEBE REPORTARTAR EN SIGEP SERVICIOS PERSONAS NATURALES)]] -> 02.02.02.008.005.02-10 | S38: =Plancontratacion2019[[#This Row],[VALOR]] -> 9000000 | V38: =Plancontratacion2019[[#This Row],[RUBRO ]] -> 0 | W38: =Plancontratacion2019[[#This Row],[VALOR ]] -> 0 | X38: =SUM($S38+$W38+Plancontratacion2019[[#This Row],[VALOR TOTAL DEL APOYO]]) -> 9000000 | Z38: Servicio de seguridad y vigilancia para el edificio JES - Amarre vigencia 2021 | AA38: Minima Cuantia | AB38: MINIMA CUANTIA | AD38: Prestacion de Servicios | AE38: 44033 | AF38: 44062 | AG38: Correcion | BB38: =Plancontratacion2019[[#This Row],[VALOR INICIAL DEL CONTRATO]]+Plancontratacion2019[[#This Row],[VALOR ADICION AL CONTRATO]]-Plancontratacion2019[[#This Row],[VALOR REDUCCIÓN DEL CONTRATO]] -> 0 | BE38: =$BD38-$BC38 -> 0 | BH38: =IFERROR(VLOOKUP('Formato Único de Contratación'!$BG38,TABLADEPARTAMENTOS,2,0),"DIGITE DEPARTAMENTO") -> DIGITE DEPARTAMENTO | BT38: =Plancontratacion2019[[#This Row],[FECHA PRORROGA EJECUCIÓN (AAAA-MM-DD)]]-Plancontratacion2019[[#This Row],[FECHA ACTA DE INICIO]] -> 0 | CP38: =COUNT(BY38,CA38,CE38,CG38,CI38,CK38,CC38,CN38) -> 0 | DH38: =SUM(CS38:DD38) -> 0 | DI38: =BB38-DH38 -> 0 | DJ38: =IFERROR(DH38/BB38,0) -> 0 | EF38: =MAX(Plancontratacion2019[[#This Row],[FECHA VIGENCIA (AAAA-MM-DD)]],Plancontratacion2019[[#This Row],[FECHA VIGENCIA (AAAA-MM-DD)]],Plancontratacion2019[[#This Row],[FECHA_VIGENCIA (AAAA-MM-DD)]],Plancontratacion2019[[#This Row],[FECHA VIGENCIA_(AAAA-MM-DD)3]],Plancontratacion2019[[#This Row],[_FECHA VIGENCIA (AAAA-MM-DD)]],Plancontratacion2019[[#This Row],[FECHA VIGENCIA (AAAA-MM-DD).]],Plancontratacion2019[[#This Row],[FECHA VIGENCIA (AAAA-MM-DD)..]],Plancontratacion2019[[#This Row],[FECHA VIGENCIA (AAAA-MM-DD)'']],0) -> 0 | EG38: =IFERROR(VLOOKUP(MID(B38,8,1),NOMENCLATURA,2,FALSE),"-") -> -
D39: 44 | E39: 43838 | F39: 02.02.02.008.005.03-10 | G39: 14223197 | R39: =Plancontratacion2019[[#This Row],[RUBRO (SE DEBE REPORTARTAR EN SIGEP SERVICIOS PERSONAS NATURALES)]] -> 02.02.02.008.005.03-10 | S39: =Plancontratacion2019[[#This Row],[VALOR]] -> 14223197 | V39: =Plancontratacion2019[[#This Row],[RUBRO ]] -> 0 | W39: =Plancontratacion2019[[#This Row],[VALOR ]] -> 0 | X39: =SUM($S39+$W39+Plancontratacion2019[[#This Row],[VALOR TOTAL DEL APOYO]]) -> 14223197 | Z39: Servicio de aseo para las instalaciones de la EPFAC- Amarre vigencia 2021 | AA39: Minima Cuantia | AB39: MINIMA CUANTIA | AD39: Prestacion de Servicios | AE39: 44033 | AF39: 44062 | AG39: Correcion | BB39: =Plancontratacion2019[[#This Row],[VALOR INICIAL DEL CONTRATO]]+Plancontratacion2019[[#This Row],[VALOR ADICION AL CONTRATO]]-Plancontratacion2019[[#This Row],[VALOR REDUCCIÓN DEL CONTRATO]] -> 0 | BE39: =$BD39-$BC39 -> 0 | BH39: =IFERROR(VLOOKUP('Formato Único de Contratación'!$BG39,TABLADEPARTAMENTOS,2,0),"DIGITE DEPARTAMENTO") -> DIGITE DEPARTAMENTO | BT39: =Plancontratacion2019[[#This Row],[FECHA PRORROGA EJECUCIÓN (AAAA-MM-DD)]]-Plancontratacion2019[[#This Row],[FECHA ACTA DE INICIO]] -> 0 | CP39: =COUNT(BY39,CA39,CE39,CG39,CI39,CK39,CC39,CN39) -> 0 | DH39: =SUM(CS39:DD39) -> 0 | DI39: =BB39-DH39 -> 0 | DJ39: =IFERROR(DH39/BB39,0) -> 0 | EF39: =MAX(Plancontratacion2019[[#This Row],[FECHA VIGENCIA (AAAA-MM-DD)]],Plancontratacion2019[[#This Row],[FECHA VIGENCIA (AAAA-MM-DD)]],Plancontratacion2019[[#This Row],[FECHA_VIGENCIA (AAAA-MM-DD)]],Plancontratacion2019[[#This Row],[FECHA VIGENCIA_(AAAA-MM-DD)3]],Plancontratacion2019[[#This Row],[_FECHA VIGENCIA (AAAA-MM-DD)]],Plancontratacion2019[[#This Row],[FECHA VIGENCIA (AAAA-MM-DD).]],Plancontratacion2019[[#This Row],[FECHA VIGENCIA (AAAA-MM-DD)..]],Plancontratacion2019[[#This Row],[FECHA VIGENCIA (AAAA-MM-DD)'']],0) -> 0 | EG39: =IFERROR(VLOOKUP(MID(B39,8,1),NOMENCLATURA,2,FALSE),"-") -> -
D40: 44 | E40: 43838 | F40: 02.02.02.008.005.09.5-10 | G40: 1841314 | R40: =Plancontratacion2019[[#This Row],[RUBRO (SE DEBE REPORTARTAR EN SIGEP SERVICIOS PERSONAS NATURALES)]] -> 02.02.02.008.005.09.5-10 | S40: =Plancontratacion2019[[#This Row],[VALOR]] -> 1841314 | V40: =Plancontratacion2019[[#This Row],[RUBRO ]] -> 0 | W40: =Plancontratacion2019[[#This Row],[VALOR ]] -> 0 | X40: =SUM($S40+$W40+Plancontratacion2019[[#This Row],[VALOR TOTAL DEL APOYO]]) -> 1841314 | Z40: Servicio de fotocopiado e impresión para la EPFAC- Amarre vigencia 2021 | AA40: Minima Cuantia | AB40: MINIMA CUANTIA | AD40: Prestacion de Servicios | AE40: 44033 | AF40: 44062 | AG40: Correcion | BB40: =Plancontratacion2019[[#This Row],[VALOR INICIAL DEL CONTRATO]]+Plancontratacion2019[[#This Row],[VALOR ADICION AL CONTRATO]]-Plancontratacion2019[[#This Row],[VALOR REDUCCIÓN DEL CONTRATO]] -> 0 | BE40: =$BD40-$BC40 -> 0 | BH40: =IFERROR(VLOOKUP('Formato Único de Contratación'!$BG40,TABLADEPARTAMENTOS,2,0),"DIGITE DEPARTAMENTO") -> DIGITE DEPARTAMENTO | BT40: =Plancontratacion2019[[#This Row],[FECHA PRORROGA EJECUCIÓN (AAAA-MM-DD)]]-Plancontratacion2019[[#This Row],[FECHA ACTA DE INICIO]] -> 0 | CP40: =COUNT(BY40,CA40,CE40,CG40,CI40,CK40,CC40,CN40) -> 0 | DH40: =SUM(CS40:DD40) -> 0 | DI40: =BB40-DH40 -> 0 | DJ40: =IFERROR(DH40/BB40,0) -> 0 | EF40: =MAX(Plancontratacion2019[[#This Row],[FECHA VIGENCIA (AAAA-MM-DD)]],Plancontratacion2019[[#This Row],[FECHA VIGENCIA (AAAA-MM-DD)]],Plancontratacion2019[[#This Row],[FECHA_VIGENCIA (AAAA-MM-DD)]],Plancontratacion2019[[#This Row],[FECHA VIGENCIA_(AAAA-MM-DD)3]],Plancontratacion2019[[#This Row],[_FECHA VIGENCIA (AAAA-MM-DD)]],Plancontratacion2019[[#This Row],[FECHA VIGENCIA (AAAA-MM-DD).]],Plancontratacion2019[[#This Row],[FECHA VIGENCIA (AAAA-MM-DD)..]],Plancontratacion2019[[#This Row],[FECHA VIGENCIA (AAAA-MM-DD)'']],0) -> 0 | EG40: =IFERROR(VLOOKUP(MID(B40,8,1),NOMENCLATURA,2,FALSE),"-") -> -
D41: 11 | E41: 43832 | F41: 02-01-01-004-006-09 | G41: 48368000 | R41: =Plancontratacion2019[[#This Row],[RUBRO (SE DEBE REPORTARTAR EN SIGEP SERVICIOS PERSONAS NATURALES)]] -> 02-01-01-004-006-09 | S41: =Plancontratacion2019[[#This Row],[VALOR]] -> 48368000 | V41: =Plancontratacion2019[[#This Row],[RUBRO ]] -> 0 | W41: =Plancontratacion2019[[#This Row],[VALOR ]] -> 0 | X41: =SUM($S41+$W41+Plancontratacion2019[[#This Row],[VALOR TOTAL DEL APOYO]]) -> 48368000 | Z41: Sistema de vigilancia electrónica, activador y desactivador y Etiquetas tipo labels autoadhesivas | AA41: Minima Cuantia | AB41: CONTRATACION DIRECTA | AC41: Apoyo a la Gestión | AD41: Prestacion de Servicios | AE41: 43914 | AF41: 43941 | AG41: Correcion | BB41: =Plancontratacion2019[[#This Row],[VALOR INICIAL DEL CONTRATO]]+Plancontratacion2019[[#This Row],[VALOR ADICION AL CONTRATO]]-Plancontratacion2019[[#This Row],[VALOR REDUCCIÓN DEL CONTRATO]] -> 0 | BE41: =$BD41-$BC41 -> 0 | BH41: =IFERROR(VLOOKUP('Formato Único de Contratación'!$BG41,TABLADEPARTAMENTOS,2,0),"DIGITE DEPARTAMENTO") -> DIGITE DEPARTAMENTO | BT41: =Plancontratacion2019[[#This Row],[FECHA PRORROGA EJECUCIÓN (AAAA-MM-DD)]]-Plancontratacion2019[[#This Row],[FECHA ACTA DE INICIO]] -> 0 | CP41: =COUNT(BY41,CA41,CE41,CG41,CI41,CK41,CC41,CN41) -> 0 | DH41: =SUM(CS41:DD41) -> 0 | DI41: =BB41-DH41 -> 0 | DJ41: =IFERROR(DH41/BB41,0) -> 0 | EF41: =MAX(Plancontratacion2019[[#This Row],[FECHA VIGENCIA (AAAA-MM-DD)]],Plancontratacion2019[[#This Row],[FECHA VIGENCIA (AAAA-MM-DD)]],Plancontratacion2019[[#This Row],[FECHA_VIGENCIA (AAAA-MM-DD)]],Plancontratacion2019[[#This Row],[FECHA VIGENCIA_(AAAA-MM-DD)3]],Plancontratacion2019[[#This Row],[_FECHA VIGENCIA (AAAA-MM-DD)]],Plancontratacion2019[[#This Row],[FECHA VIGENCIA (AAAA-MM-DD).]],Plancontratacion2019[[#This Row],[FECHA VIGENCIA (AAAA-MM-DD)..]],Plancontratacion2019[[#This Row],[FECHA VIGENCIA (AAAA-MM-DD)'']],0) -> 0 | EG41: =IFERROR(VLOOKUP(MID(B41,8,1),NOMENCLATURA,2,FALSE),"-") -> -
D42: 42 | E42: 43838 | F42: 1502.0100.38.0-1502132.02-11 | G42: 46800000 | R42: =Plancontratacion2019[[#This Row],[RUBRO (SE DEBE REPORTARTAR EN SIGEP SERVICIOS PERSONAS NATURALES)]] -> 1502.0100.38.0-1502132.02-11 | S42: =Plancontratacion2019[[#This Row],[VALOR]] -> 46800000 | V42: =Plancontratacion2019[[#This Row],[RUBRO ]] -> 0 | W42: =Plancontratacion2019[[#This Row],[VALOR ]] -> 0 | X42: =SUM($S42+$W42+Plancontratacion2019[[#This Row],[VALOR TOTAL DEL APOYO]]) -> 46800000 | Z42: Asesoría para la gestión de la investigación de la EPFAC | AA42: Minima Cuantia | AB42: CONTRATACION DIRECTA | AC42: Apoyo a la Gestión | AD42: Prestacion de Servicios | AE42: 43889 | AF42: 43914 | AG42: Correcion | BB42: =Plancontratacion2019[[#This Row],[VALOR INICIAL DEL CONTRATO]]+Plancontratacion2019[[#This Row],[VALOR ADICION AL CONTRATO]]-Plancontratacion2019[[#This Row],[VALOR REDUCCIÓN DEL CONTRATO]] -> 0 | BE42: =$BD42-$BC42 -> 0 | BH42: =IFERROR(VLOOKUP('Formato Único de Contratación'!$BG42,TABLADEPARTAMENTOS,2,0),"DIGITE DEPARTAMENTO") -> DIGITE DEPARTAMENTO | BT42: =Plancontratacion2019[[#This Row],[FECHA PRORROGA EJECUCIÓN (AAAA-MM-DD)]]-Plancontratacion2019[[#This Row],[FECHA ACTA DE INICIO]] -> 0 | CP42: =COUNT(BY42,CA42,CE42,CG42,CI42,CK42,CC42,CN42) -> 0 | DH42: =SUM(CS42:DD42) -> 0 | DI42: =BB42-DH42 -> 0 | DJ42: =IFERROR(DH42/BB42,0) -> 0 | EF42: =MAX(Plancontratacion2019[[#This Row],[FECHA VIGENCIA (AAAA-MM-DD)]],Plancontratacion2019[[#This Row],[FECHA VIGENCIA (AAAA-MM-DD)]],Plancontratacion2019[[#This Row],[FECHA_VIGENCIA (AAAA-MM-DD)]],Plancontratacion2019[[#This Row],[FECHA VIGENCIA_(AAAA-MM-DD)3]],Plancontratacion2019[[#This Row],[_FECHA VIGENCIA (AAAA-MM-DD)]],Plancontratacion2019[[#This Row],[FECHA VIGENCIA (AAAA-MM-DD).]],Plancontratacion2019[[#This Row],[FECHA VIGENCIA (AAAA-MM-DD)..]],Plancontratacion2019[[#This Row],[FECHA VIGENCIA (AAAA-MM-DD)'']],0) -> 0 | EG42: =IFERROR(VLOOKUP(MID(B42,8,1),NOMENCLATURA,2,FALSE),"-") -> -
D43: 33 | E43: 43838 | F43: 1502.0100.38.0-1502132.02-11 | G43: 28000000 | R43: =Plancontratacion2019[[#This Row],[RUBRO (SE DEBE REPORTARTAR EN SIGEP SERVICIOS PERSONAS NATURALES)]] -> 1502.0100.38.0-1502132.02-11 | S43: =Plancontratacion2019[[#This Row],[VALOR]] -> 28000000 | V43: =Plancontratacion2019[[#This Row],[RUBRO ]] -> 0 | W43: =Plancontratacion2019[[#This Row],[VALOR ]] -> 0 | X43: =SUM($S43+$W43+Plancontratacion2019[[#This Row],[VALOR TOTAL DEL APOYO]]) -> 28000000 | Z43: Servicios de profesional en calidad educativa para el fortalecimiento de condiciones institucionales de la EPFAC | AA43: Minima Cuantia | AB43: CONTRATACION DIRECTA | AC43: Apoyo a la Gestión | AD43: Prestacion de Servicios | AE43: 43896 | AF43: 43917 | AG43: Correcion | BB43: =Plancontratacion2019[[#This Row],[VALOR INICIAL DEL CONTRATO]]+Plancontratacion2019[[#This Row],[VALOR ADICION AL CONTRATO]]-Plancontratacion2019[[#This Row],[VALOR REDUCCIÓN DEL CONTRATO]] -> 0 | BE43: =$BD43-$BC43 -> 0 | BH43: =IFERROR(VLOOKUP('Formato Único de Contratación'!$BG43,TABLADEPARTAMENTOS,2,0),"DIGITE DEPARTAMENTO") -> DIGITE DEPARTAMENTO | BT43: =Plancontratacion2019[[#This Row],[FECHA PRORROGA EJECUCIÓN (AAAA-MM-DD)]]-Plancontratacion2019[[#This Row],[FECHA ACTA DE INICIO]] -> 0 | CP43: =COUNT(BY43,CA43,CE43,CG43,CI43,CK43,CC43,CN43) -> 0 | DH43: =SUM(CS43:DD43) -> 0 | DI43: =BB43-DH43 -> 0 | DJ43: =IFERROR(DH43/BB43,0) -> 0 | EF43: =MAX(Plancontratacion2019[[#This Row],[FECHA VIGENCIA (AAAA-MM-DD)]],Plancontratacion2019[[#This Row],[FECHA VIGENCIA (AAAA-MM-DD)]],Plancontratacion2019[[#This Row],[FECHA_VIGENCIA (AAAA-MM-DD)]],Plancontratacion2019[[#This Row],[FECHA VIGENCIA_(AAAA-MM-DD)3]],Plancontratacion2019[[#This Row],[_FECHA VIGENCIA (AAAA-MM-DD)]],Plancontratacion2019[[#This Row],[FECHA VIGENCIA (AAAA-MM-DD).]],Plancontratacion2019[[#This Row],[FECHA VIGENCIA (AAAA-MM-DD)..]],Plancontratacion2019[[#This Row],[FECHA VIGENCIA (AAAA-MM-DD)'']],0) -> 0 | EG43: =IFERROR(VLOOKUP(MID(B43,8,1),NOMENCLATURA,2,FALSE),"-") -> -
D44: 34 | E44: 43838 | F44: 1502.0100.38.0-1502132.02-11 | G44: 28000000 | R44: =Plancontratacion2019[[#This Row],[RUBRO (SE DEBE REPORTARTAR EN SIGEP SERVICIOS PERSONAS NATURALES)]] -> 1502.0100.38.0-1502132.02-11 | S44: =Plancontratacion2019[[#This Row],[VALOR]] -> 28000000 | V44: =Plancontratacion2019[[#This Row],[RUBRO ]] -> 0 | W44: =Plancontratacion2019[[#This Row],[VALOR ]] -> 0 | X44: =SUM($S44+$W44+Plancontratacion2019[[#This Row],[VALOR TOTAL DEL APOYO]]) -> 28000000 | Z44: Servicios de profesional para el fortalecimiento de los procesos de aseguramiento de la calidad educativa de la EPFAC y del programa Maestría en Logística Aeronáutica | AA44: Minima Cuantia | AB44: CONTRATACION DIRECTA | AC44: Apoyo a la Gestión | AD44: Prestacion de Servicios | AE44: 43896 | AF44: 43917 | AG44: Correcion | BB44: =Plancontratacion2019[[#This Row],[VALOR INICIAL DEL CONTRATO]]+Plancontratacion2019[[#This Row],[VALOR ADICION AL CONTRATO]]-Plancontratacion2019[[#This Row],[VALOR REDUCCIÓN DEL CONTRATO]] -> 0 | BE44: =$BD44-$BC44 -> 0 | BH44: =IFERROR(VLOOKUP('Formato Único de Contratación'!$BG44,TABLADEPARTAMENTOS,2,0),"DIGITE DEPARTAMENTO") -> DIGITE DEPARTAMENTO | BT44: =Plancontratacion2019[[#This Row],[FECHA PRORROGA EJECUCIÓN (AAAA-MM-DD)]]-Plancontratacion2019[[#This Row],[FECHA ACTA DE INICIO]] -> 0 | CP44: =COUNT(BY44,CA44,CE44,CG44,CI44,CK44,CC44,CN44) -> 0 | DH44: =SUM(CS44:DD44) -> 0 | DI44: =BB44-DH44 -> 0 | DJ44: =IFERROR(DH44/BB44,0) -> 0 | EF44: =MAX(Plancontratacion2019[[#This Row],[FECHA VIGENCIA (AAAA-MM-DD)]],Plancontratacion2019[[#This Row],[FECHA VIGENCIA (AAAA-MM-DD)]],Plancontratacion2019[[#This Row],[FECHA_VIGENCIA (AAAA-MM-DD)]],Plancontratacion2019[[#This Row],[FECHA VIGENCIA_(AAAA-MM-DD)3]],Plancontratacion2019[[#This Row],[_FECHA VIGENCIA (AAAA-MM-DD)]],Plancontratacion2019[[#This Row],[FECHA VIGENCIA (AAAA-MM-DD).]],Plancontratacion2019[[#This Row],[FECHA VIGENCIA (AAAA-MM-DD)..]],Plancontratacion2019[[#This Row],[FECHA VIGENCIA (AAAA-MM-DD)'']],0) -> 0 | EG44: =IFERROR(VLOOKUP(MID(B44,8,1),NOMENCLATURA,2,FALSE),"-") -> -
D45: 35 | E45: 43838 | F45: 1502.0100.38.0-1502132.02-11 | G45: 28000000 | R45: =Plancontratacion2019[[#This Row],[RUBRO (SE DEBE REPORTARTAR EN SIGEP SERVICIOS PERSONAS NATURALES)]] -> 1502.0100.38.0-1502132.02-11 | S45: =Plancontratacion2019[[#This Row],[VALOR]] -> 28000000 | V45: =Plancontratacion2019[[#This Row],[RUBRO ]] -> 0 | W45: =Plancontratacion2019[[#This Row],[VALOR ]] -> 0 | X45: =SUM($S45+$W45+Plancontratacion2019[[#This Row],[VALOR TOTAL DEL APOYO]]) -> 28000000 | Z45: Servicios de profesional para el fortalecimiento de los procesos de aseguramiento de la calidad educativa de la EPFAC y del programa Ciencias Militares Aeronáuticas | AA45: Minima Cuantia | AB45: CONTRATACION DIRECTA | AC45: Apoyo a la Gestión | AD45: Prestacion de Servicios | AE45: 43896 | AF45: 43917 | AG45: Correcion | BB45: =Plancontratacion2019[[#This Row],[VALOR INICIAL DEL CONTRATO]]+Plancontratacion2019[[#This Row],[VALOR ADICION AL CONTRATO]]-Plancontratacion2019[[#This Row],[VALOR REDUCCIÓN DEL CONTRATO]] -> 0 | BE45: =$BD45-$BC45 -> 0 | BH45: =IFERROR(VLOOKUP('Formato Único de Contratación'!$BG45,TABLADEPARTAMENTOS,2,0),"DIGITE DEPARTAMENTO") -> DIGITE DEPARTAMENTO | BT45: =Plancontratacion2019[[#This Row],[FECHA PRORROGA EJECUCIÓN (AAAA-MM-DD)]]-Plancontratacion2019[[#This Row],[FECHA ACTA DE INICIO]] -> 0 | CP45: =COUNT(BY45,CA45,CE45,CG45,CI45,CK45,CC45,CN45) -> 0 | DH45: =SUM(CS45:DD45) -> 0 | DI45: =BB45-DH45 -> 0 | DJ45: =IFERROR(DH45/BB45,0) -> 0 | EF45: =MAX(Plancontratacion2019[[#This Row],[FECHA VIGENCIA (AAAA-MM-DD)]],Plancontratacion2019[[#This Row],[FECHA VIGENCIA (AAAA-MM-DD)]],Plancontratacion2019[[#This Row],[FECHA_VIGENCIA (AAAA-MM-DD)]],Plancontratacion2019[[#This Row],[FECHA VIGENCIA_(AAAA-MM-DD)3]],Plancontratacion2019[[#This Row],[_FECHA VIGENCIA (AAAA-MM-DD)]],Plancontratacion2019[[#This Row],[FECHA VIGENCIA (AAAA-MM-DD).]],Plancontratacion2019[[#This Row],[FECHA VIGENCIA (AAAA-MM-DD)..]],Plancontratacion2019[[#This Row],[FECHA VIGENCIA (AAAA-MM-DD)'']],0) -> 0 | EG45: =IFERROR(VLOOKUP(MID(B45,8,1),NOMENCLATURA,2,FALSE),"-") -> -
D46: 36 | E46: 43838 | F46: 1502.0100.38.0-1502132.02-11 | G46: 28000000 | R46: =Plancontratacion2019[[#This Row],[RUBRO (SE DEBE REPORTARTAR EN SIGEP SERVICIOS PERSONAS NATURALES)]] -> 1502.0100.38.0-1502132.02-11 | S46: =Plancontratacion2019[[#This Row],[VALOR]] -> 28000000 | V46: =Plancontratacion2019[[#This Row],[RUBRO ]] -> 0 | W46: =Plancontratacion2019[[#This Row],[VALOR ]] -> 0 | X46: =SUM($S46+$W46+Plancontratacion2019[[#This Row],[VALOR TOTAL DEL APOYO]]) -> 28000000 | Z46: Servicios de profesional para el fortalecimiento de los procesos de aseguramiento de la calidad educativa de la EPFAC y de los programas Maestría en Seguridad Operacional y Gestión de la Seguridad Integral | AA46: Minima Cuantia | AB46: CONTRATACION DIRECTA | AC46: Apoyo a la Gestión | AD46: Prestacion de Servicios | AE46: 43896 | AF46: 43917 | AG46: Correcion | BB46: =Plancontratacion2019[[#This Row],[VALOR INICIAL DEL CONTRATO]]+Plancontratacion2019[[#This Row],[VALOR ADICION AL CONTRATO]]-Plancontratacion2019[[#This Row],[VALOR REDUCCIÓN DEL CONTRATO]] -> 0 | BE46: =$BD46-$BC46 -> 0 | BH46: =IFERROR(VLOOKUP('Formato Único de Contratación'!$BG46,TABLADEPARTAMENTOS,2,0),"DIGITE DEPARTAMENTO") -> DIGITE DEPARTAMENTO | BT46: =Plancontratacion2019[[#This Row],[FECHA PRORROGA EJECUCIÓN (AAAA-MM-DD)]]-Plancontratacion2019[[#This Row],[FECHA ACTA DE INICIO]] -> 0 | CP46: =COUNT(BY46,CA46,CE46,CG46,CI46,CK46,CC46,CN46) -> 0 | DH46: =SUM(CS46:DD46) -> 0 | DI46: =BB46-DH46 -> 0 | DJ46: =IFERROR(DH46/BB46,0) -> 0 | EF46: =MAX(Plancontratacion2019[[#This Row],[FECHA VIGENCIA (AAAA-MM-DD)]],Plancontratacion2019[[#This Row],[FECHA VIGENCIA (AAAA-MM-DD)]],Plancontratacion2019[[#This Row],[FECHA_VIGENCIA (AAAA-MM-DD)]],Plancontratacion2019[[#This Row],[FECHA VIGENCIA_(AAAA-MM-DD)3]],Plancontratacion2019[[#This Row],[_FECHA VIGENCIA (AAAA-MM-DD)]],Plancontratacion2019[[#This Row],[FECHA VIGENCIA (AAAA-MM-DD).]],Plancontratacion2019[[#This Row],[FECHA VIGENCIA (AAAA-MM-DD)..]],Plancontratacion2019[[#This Row],[FECHA VIGENCIA (AAAA-MM-DD)'']],0) -> 0 | EG46: =IFERROR(VLOOKUP(MID(B46,8,1),NOMENCLATURA,2,FALSE),"-") -> -
D47: 38 | E47: 43838 | F47: 1502.0100.38.0-1502132.02-11 | G47: 28000000 | R47: =Plancontratacion2019[[#This Row],[RUBRO (SE DEBE REPORTARTAR EN SIGEP SERVICIOS PERSONAS NATURALES)]] -> 1502.0100.38.0-1502132.02-11 | S47: =Plancontratacion2019[[#This Row],[VALOR]] -> 28000000 | V47: =Plancontratacion2019[[#This Row],[RUBRO ]] -> 0 | W47: =Plancontratacion2019[[#This Row],[VALOR ]] -> 0 | X47: =SUM($S47+$W47+Plancontratacion2019[[#This Row],[VALOR TOTAL DEL APOYO]]) -> 28000000 | Z47: Servicios de profesional para el apoyo de la gestión acádemica del programa de maestría en Logística Aeronáutica | AA47: Minima Cuantia | AB47: CONTRATACION DIRECTA | AC47: Apoyo a la Gestión | AD47: Prestacion de Servicios | AE47: 43900 | AF47: 43921 | AG47: Correcion | BB47: =Plancontratacion2019[[#This Row],[VALOR INICIAL DEL CONTRATO]]+Plancontratacion2019[[#This Row],[VALOR ADICION AL CONTRATO]]-Plancontratacion2019[[#This Row],[VALOR REDUCCIÓN DEL CONTRATO]] -> 0 | BE47: =$BD47-$BC47 -> 0 | BH47: =IFERROR(VLOOKUP('Formato Único de Contratación'!$BG47,TABLADEPARTAMENTOS,2,0),"DIGITE DEPARTAMENTO") -> DIGITE DEPARTAMENTO | BT47: =Plancontratacion2019[[#This Row],[FECHA PRORROGA EJECUCIÓN (AAAA-MM-DD)]]-Plancontratacion2019[[#This Row],[FECHA ACTA DE INICIO]] -> 0 | CP47: =COUNT(BY47,CA47,CE47,CG47,CI47,CK47,CC47,CN47) -> 0 | DH47: =SUM(CS47:DD47) -> 0 | DI47: =BB47-DH47 -> 0 | DJ47: =IFERROR(DH47/BB47,0) -> 0 | EF47: =MAX(Plancontratacion2019[[#This Row],[FECHA VIGENCIA (AAAA-MM-DD)]],Plancontratacion2019[[#This Row],[FECHA VIGENCIA (AAAA-MM-DD)]],Plancontratacion2019[[#This Row],[FECHA_VIGENCIA (AAAA-MM-DD)]],Plancontratacion2019[[#This Row],[FECHA VIGENCIA_(AAAA-MM-DD)3]],Plancontratacion2019[[#This Row],[_FECHA VIGENCIA (AAAA-MM-DD)]],Plancontratacion2019[[#This Row],[FECHA VIGENCIA (AAAA-MM-DD).]],Plancontratacion2019[[#This Row],[FECHA VIGENCIA (AAAA-MM-DD)..]],Plancontratacion2019[[#This Row],[FECHA VIGENCIA (AAAA-MM-DD)'']],0) -> 0 | EG47: =IFERROR(VLOOKUP(MID(B47,8,1),NOMENCLATURA,2,FALSE),"-") -> -
D48: 37 | E48: 43838 | F48: 1502.0100.38.0-1502132.02-11 | G48: 28000000 | R48: =Plancontratacion2019[[#This Row],[RUBRO (SE DEBE REPORTARTAR EN SIGEP SERVICIOS PERSONAS NATURALES)]] -> 1502.0100.38.0-1502132.02-11 | S48: =Plancontratacion2019[[#This Row],[VALOR]] -> 28000000 | V48: =Plancontratacion2019[[#This Row],[RUBRO ]] -> 0 | W48: =Plancontratacion2019[[#This Row],[VALOR ]] -> 0 | X48: =SUM($S48+$W48+Plancontratacion2019[[#This Row],[VALOR TOTAL DEL APOYO]]) -> 28000000 | Z48: Servicios de profesional para el apoyo de la gestión acádemica del programa de Ciencias Militares Aeronáuticas | AA48: Minima Cuantia | AB48: CONTRATACION DIRECTA | AC48: Apoyo a la Gestión | AD48: Prestacion de Servicios | AE48: 43900 | AF48: 43921 | AG48: Correcion | BB48: =Plancontratacion2019[[#This Row],[VALOR INICIAL DEL CONTRATO]]+Plancontratacion2019[[#This Row],[VALOR ADICION AL CONTRATO]]-Plancontratacion2019[[#This Row],[VALOR REDUCCIÓN DEL CONTRATO]] -> 0 | BE48: =$BD48-$BC48 -> 0 | BH48: =IFERROR(VLOOKUP('Formato Único de Contratación'!$BG48,TABLADEPARTAMENTOS,2,0),"DIGITE DEPARTAMENTO") -> DIGITE DEPARTAMENTO | BT48: =Plancontratacion2019[[#This Row],[FECHA PRORROGA EJECUCIÓN (AAAA-MM-DD)]]-Plancontratacion2019[[#This Row],[FECHA ACTA DE INICIO]] -> 0 | CP48: =COUNT(BY48,CA48,CE48,CG48,CI48,CK48,CC48,CN48) -> 0 | DH48: =SUM(CS48:DD48) -> 0 | DI48: =BB48-DH48 -> 0 | DJ48: =IFERROR(DH48/BB48,0) -> 0 | EF48: =MAX(Plancontratacion2019[[#This Row],[FECHA VIGENCIA (AAAA-MM-DD)]],Plancontratacion2019[[#This Row],[FECHA VIGENCIA (AAAA-MM-DD)]],Plancontratacion2019[[#This Row],[FECHA_VIGENCIA (AAAA-MM-DD)]],Plancontratacion2019[[#This Row],[FECHA VIGENCIA_(AAAA-MM-DD)3]],Plancontratacion2019[[#This Row],[_FECHA VIGENCIA (AAAA-MM-DD)]],Plancontratacion2019[[#This Row],[FECHA VIGENCIA (AAAA-MM-DD).]],Plancontratacion2019[[#This Row],[FECHA VIGENCIA (AAAA-MM-DD)..]],Plancontratacion2019[[#This Row],[FECHA VIGENCIA (AAAA-MM-DD)'']],0) -> 0 | EG48: =IFERROR(VLOOKUP(MID(B48,8,1),NOMENCLATURA,2,FALSE),"-") -> -
D49: 40 | E49: 43838 | F49: 1502.0100.38.0-1502132.02-11 | G49: 28000000 | R49: =Plancontratacion2019[[#This Row],[RUBRO (SE DEBE REPORTARTAR EN SIGEP SERVICIOS PERSONAS NATURALES)]] -> 1502.0100.38.0-1502132.02-11 | V49: =Plancontratacion2019[[#This Row],[RUBRO ]] -> 0 | W49: =Plancontratacion2019[[#This Row],[VALOR ]] -> 0 | X49: =SUM($S49+$W49+Plancontratacion2019[[#This Row],[VALOR TOTAL DEL APOYO]]) -> 0 | Z49: Servicios de profesional para el apoyo de la gestión acádemica del programa Maestría en Dirección y Gestión de la Seguridad Integral | AA49: Minima Cuantia | AB49: CONTRATACION DIRECTA | AC49: Apoyo a la Gestión | AD49: Prestacion de Servicios | AE49: 43900 | AF49: 43921 | AG49: Correcion | BB49: =Plancontratacion2019[[#This Row],[VALOR INICIAL DEL CONTRATO]]+Plancontratacion2019[[#This Row],[VALOR ADICION AL CONTRATO]]-Plancontratacion2019[[#This Row],[VALOR REDUCCIÓN DEL CONTRATO]] -> 0 | BE49: =$BD49-$BC49 -> 0 | BH49: =IFERROR(VLOOKUP('Formato Único de Contratación'!$BG49,TABLADEPARTAMENTOS,2,0),"DIGITE DEPARTAMENTO") -> DIGITE DEPARTAMENTO | BT49: =Plancontratacion2019[[#This Row],[FECHA PRORROGA EJECUCIÓN (AAAA-MM-DD)]]-Plancontratacion2019[[#This Row],[FECHA ACTA DE INICIO]] -> 0 | CP49: =COUNT(BY49,CA49,CE49,CG49,CI49,CK49,CC49,CN49) -> 0 | DH49: =SUM(CS49:DD49) -> 0 | DI49: =BB49-DH49 -> 0 | DJ49: =IFERROR(DH49/BB49,0) -> 0 | EF49: =MAX(Plancontratacion2019[[#This Row],[FECHA VIGENCIA (AAAA-MM-DD)]],Plancontratacion2019[[#This Row],[FECHA VIGENCIA (AAAA-MM-DD)]],Plancontratacion2019[[#This Row],[FECHA_VIGENCIA (AAAA-MM-DD)]],Plancontratacion2019[[#This Row],[FECHA VIGENCIA_(AAAA-MM-DD)3]],Plancontratacion2019[[#This Row],[_FECHA VIGENCIA (AAAA-MM-DD)]],Plancontratacion2019[[#This Row],[FECHA VIGENCIA (AAAA-MM-DD).]],Plancontratacion2019[[#This Row],[FECHA VIGENCIA (AAAA-MM-DD)..]],Plancontratacion2019[[#This Row],[FECHA VIGENCIA (AAAA-MM-DD)'']],0) -> 0 | EG49: =IFERROR(VLOOKUP(MID(B49,8,1),NOMENCLATURA,2,FALSE),"-") -> -
D50: 39 | E50: 43838 | F50: 1502.0100.38.0-1502132.02-11 | G50: 28000000 | R50: =Plancontratacion2019[[#This Row],[RUBRO (SE DEBE REPORTARTAR EN SIGEP SERVICIOS PERSONAS NATURALES)]] -> 1502.0100.38.0-1502132.02-11 | S50: =Plancontratacion2019[[#This Row],[VALOR]] -> 28000000 | V50: =Plancontratacion2019[[#This Row],[RUBRO ]] -> 0 | W50: =Plancontratacion2019[[#This Row],[VALOR ]] -> 0 | X50: =SUM($S50+$W50+Plancontratacion2019[[#This Row],[VALOR TOTAL DEL APOYO]]) -> 28000000 | Z50: Servicios de profesional para el apoyo de la gestión acádemica del programa Maestría en Seguridad Operacional | AA50: Minima Cuantia | AB50: CONTRATACION DIRECTA | AC50: Apoyo a la Gestión | AD50: Prestacion de Servicios | AE50: 43900 | AF50: 43921 | AG50: Correcion | BB50: =Plancontratacion2019[[#This Row],[VALOR INICIAL DEL CONTRATO]]+Plancontratacion2019[[#This Row],[VALOR ADICION AL CONTRATO]]-Plancontratacion2019[[#This Row],[VALOR REDUCCIÓN DEL CONTRATO]] -> 0 | BE50: =$BD50-$BC50 -> 0 | BH50: =IFERROR(VLOOKUP('Formato Único de Contratación'!$BG50,TABLADEPARTAMENTOS,2,0),"DIGITE DEPARTAMENTO") -> DIGITE DEPARTAMENTO | BT50: =Plancontratacion2019[[#This Row],[FECHA PRORROGA EJECUCIÓN (AAAA-MM-DD)]]-Plancontratacion2019[[#This Row],[FECHA ACTA DE INICIO]] -> 0 | CP50: =COUNT(BY50,CA50,CE50,CG50,CI50,CK50,CC50,CN50) -> 0 | DH50: =SUM(CS50:DD50) -> 0 | DI50: =BB50-DH50 -> 0 | DJ50: =IFERROR(DH50/BB50,0) -> 0 | EF50: =MAX(Plancontratacion2019[[#This Row],[FECHA VIGENCIA (AAAA-MM-DD)]],Plancontratacion2019[[#This Row],[FECHA VIGENCIA (AAAA-MM-DD)]],Plancontratacion2019[[#This Row],[FECHA_VIGENCIA (AAAA-MM-DD)]],Plancontratacion2019[[#This Row],[FECHA VIGENCIA_(AAAA-MM-DD)3]],Plancontratacion2019[[#This Row],[_FECHA VIGENCIA (AAAA-MM-DD)]],Plancontratacion2019[[#This Row],[FECHA VIGENCIA (AAAA-MM-DD).]],Plancontratacion2019[[#This Row],[FECHA VIGENCIA (AAAA-MM-DD)..]],Plancontratacion2019[[#This Row],[FECHA VIGENCIA (AAAA-MM-DD)'']],0) -> 0 | EG50: =IFERROR(VLOOKUP(MID(B50,8,1),NOMENCLATURA,2,FALSE),"-") -> -
D51: 45 | E51: 43838 | F51: 1502.0100.38.0-1502132.02-11 | G51: 25600000 | R51: =Plancontratacion2019[[#This Row],[RUBRO (SE DEBE REPORTARTAR EN SIGEP SERVICIOS PERSONAS NATURALES)]] -> 1502.0100.38.0-1502132.02-11 | S51: =Plancontratacion2019[[#This Row],[VALOR]] -> 25600000 | V51: =Plancontratacion2019[[#This Row],[RUBRO ]] -> 0 | W51: =Plancontratacion2019[[#This Row],[VALOR ]] -> 0 | X51: =SUM($S51+$W51+Plancontratacion2019[[#This Row],[VALOR TOTAL DEL APOYO]]) -> 25600000 | Z51: Servicios de profesional para el apoyo a la Gestión de la cominidad de egresados de la EPFAC | AA51: Minima Cuantia | AB51: CONTRATACION DIRECTA | AC51: Apoyo a la Gestión | AD51: Prestacion de Servicios | AE51: 43899 | AF51: 43921 | AG51: Correcion | BB51: =Plancontratacion2019[[#This Row],[VALOR INICIAL DEL CONTRATO]]+Plancontratacion2019[[#This Row],[VALOR ADICION AL CONTRATO]]-Plancontratacion2019[[#This Row],[VALOR REDUCCIÓN DEL CONTRATO]] -> 0 | BE51: =$BD51-$BC51 -> 0 | BH51: =IFERROR(VLOOKUP('Formato Único de Contratación'!$BG51,TABLADEPARTAMENTOS,2,0),"DIGITE DEPARTAMENTO") -> DIGITE DEPARTAMENTO | BT51: =Plancontratacion2019[[#This Row],[FECHA PRORROGA EJECUCIÓN (AAAA-MM-DD)]]-Plancontratacion2019[[#This Row],[FECHA ACTA DE INICIO]] -> 0 | CP51: =COUNT(BY51,CA51,CE51,CG51,CI51,CK51,CC51,CN51) -> 0 | DH51: =SUM(CS51:DD51) -> 0 | DI51: =BB51-DH51 -> 0 | DJ51: =IFERROR(DH51/BB51,0) -> 0 | EF51: =MAX(Plancontratacion2019[[#This Row],[FECHA VIGENCIA (AAAA-MM-DD)]],Plancontratacion2019[[#This Row],[FECHA VIGENCIA (AAAA-MM-DD)]],Plancontratacion2019[[#This Row],[FECHA_VIGENCIA (AAAA-MM-DD)]],Plancontratacion2019[[#This Row],[FECHA VIGENCIA_(AAAA-MM-DD)3]],Plancontratacion2019[[#This Row],[_FECHA VIGENCIA (AAAA-MM-DD)]],Plancontratacion2019[[#This Row],[FECHA VIGENCIA (AAAA-MM-DD).]],Plancontratacion2019[[#This Row],[FECHA VIGENCIA (AAAA-MM-DD)..]],Plancontratacion2019[[#This Row],[FECHA VIGENCIA (AAAA-MM-DD)'']],0) -> 0 | EG51: =IFERROR(VLOOKUP(MID(B51,8,1),NOMENCLATURA,2,FALSE),"-") -> -
D52: 46 | E52: 43853 | F52: 1502.0100.38.0-1502132.02-11 | G52: 25600000 | R52: =Plancontratacion2019[[#This Row],[RUBRO (SE DEBE REPORTARTAR EN SIGEP SERVICIOS PERSONAS NATURALES)]] -> 1502.0100.38.0-1502132.02-11 | S52: =Plancontratacion2019[[#This Row],[VALOR]] -> 25600000 | V52: =Plancontratacion2019[[#This Row],[RUBRO ]] -> 0 | W52: =Plancontratacion2019[[#This Row],[VALOR ]] -> 0 | X52: =SUM($S52+$W52+Plancontratacion2019[[#This Row],[VALOR TOTAL DEL APOYO]]) -> 25600000 | Z52: Servicios de profesional para el apoyo a la gestión de las relaciones interinstitucionales de la EPFAC | AA52: Minima Cuantia | AB52: CONTRATACION DIRECTA | AC52: Apoyo a la Gestión | AD52: Prestacion de Servicios | AE52: 43899 | AF52: 43921 | AG52: Correcion | BB52: =Plancontratacion2019[[#This Row],[VALOR INICIAL DEL CONTRATO]]+Plancontratacion2019[[#This Row],[VALOR ADICION AL CONTRATO]]-Plancontratacion2019[[#This Row],[VALOR REDUCCIÓN DEL CONTRATO]] -> 0 | BE52: =$BD52-$BC52 -> 0 | BH52: =IFERROR(VLOOKUP('Formato Único de Contratación'!$BG52,TABLADEPARTAMENTOS,2,0),"DIGITE DEPARTAMENTO") -> DIGITE DEPARTAMENTO | BT52: =Plancontratacion2019[[#This Row],[FECHA PRORROGA EJECUCIÓN (AAAA-MM-DD)]]-Plancontratacion2019[[#This Row],[FECHA ACTA DE INICIO]] -> 0 | CP52: =COUNT(BY52,CA52,CE52,CG52,CI52,CK52,CC52,CN52) -> 0 | DH52: =SUM(CS52:DD52) -> 0 | DI52: =BB52-DH52 -> 0 | DJ52: =IFERROR(DH52/BB52,0) -> 0 | EF52: =MAX(Plancontratacion2019[[#This Row],[FECHA VIGENCIA (AAAA-MM-DD)]],Plancontratacion2019[[#This Row],[FECHA VIGENCIA (AAAA-MM-DD)]],Plancontratacion2019[[#This Row],[FECHA_VIGENCIA (AAAA-MM-DD)]],Plancontratacion2019[[#This Row],[FECHA VIGENCIA_(AAAA-MM-DD)3]],Plancontratacion2019[[#This Row],[_FECHA VIGENCIA (AAAA-MM-DD)]],Plancontratacion2019[[#This Row],[FECHA VIGENCIA (AAAA-MM-DD).]],Plancontratacion2019[[#This Row],[FECHA VIGENCIA (AAAA-MM-DD)..]],Plancontratacion2019[[#This Row],[FECHA VIGENCIA (AAAA-MM-DD)'']],0) -> 0 | EG52: =IFERROR(VLOOKUP(MID(B52,8,1),NOMENCLATURA,2,FALSE),"-") -> -
D53: 47 | E53: 43838 | F53: 1502.0100.38.0-1502132.02-11 | G53: 18000000 | R53: =Plancontratacion2019[[#This Row],[RUBRO (SE DEBE REPORTARTAR EN SIGEP SERVICIOS PERSONAS NATURALES)]] -> 1502.0100.38.0-1502132.02-11 | S53: =Plancontratacion2019[[#This Row],[VALOR]] -> 18000000 | V53: =Plancontratacion2019[[#This Row],[RUBRO ]] -> 0 | W53: =Plancontratacion2019[[#This Row],[VALOR ]] -> 0 | X53: =SUM($S53+$W53+Plancontratacion2019[[#This Row],[VALOR TOTAL DEL APOYO]]) -> 18000000 | Z53: Servicio profesional para el apoyo de la gestión de la visibilidad académica de la EPFAC | AB53: CONTRATACION DIRECTA | AC53: Apoyo a la Gestión | AD53: Prestacion de Servicios | AE53: 43929 | AF53: 43945 | AG53: Correcion | BB53: =Plancontratacion2019[[#This Row],[VALOR INICIAL DEL CONTRATO]]+Plancontratacion2019[[#This Row],[VALOR ADICION AL CONTRATO]]-Plancontratacion2019[[#This Row],[VALOR REDUCCIÓN DEL CONTRATO]] -> 0 | BE53: =$BD53-$BC53 -> 0 | BH53: =IFERROR(VLOOKUP('Formato Único de Contratación'!$BG53,TABLADEPARTAMENTOS,2,0),"DIGITE DEPARTAMENTO") -> DIGITE DEPARTAMENTO | BT53: =Plancontratacion2019[[#This Row],[FECHA PRORROGA EJECUCIÓN (AAAA-MM-DD)]]-Plancontratacion2019[[#This Row],[FECHA ACTA DE INICIO]] -> 0 | CP53: =COUNT(BY53,CA53,CE53,CG53,CI53,CK53,CC53,CN53) -> 0 | DH53: =SUM(CS53:DD53) -> 0 | DI53: =BB53-DH53 -> 0 | DJ53: =IFERROR(DH53/BB53,0) -> 0 | EF53: =MAX(Plancontratacion2019[[#This Row],[FECHA VIGENCIA (AAAA-MM-DD)]],Plancontratacion2019[[#This Row],[FECHA VIGENCIA (AAAA-MM-DD)]],Plancontratacion2019[[#This Row],[FECHA_VIGENCIA (AAAA-MM-DD)]],Plancontratacion2019[[#This Row],[FECHA VIGENCIA_(AAAA-MM-DD)3]],Plancontratacion2019[[#This Row],[_FECHA VIGENCIA (AAAA-MM-DD)]],Plancontratacion2019[[#This Row],[FECHA VIGENCIA (AAAA-MM-DD).]],Plancontratacion2019[[#This Row],[FECHA VIGENCIA (AAAA-MM-DD)..]],Plancontratacion2019[[#This Row],[FECHA VIGENCIA (AAAA-MM-DD)'']],0) -> 0 | EG53: =IFERROR(VLOOKUP(MID(B53,8,1),NOMENCLATURA,2,FALSE),"-") -> -
D54: 30 | E54: 43838 | F54: 1502.0100.38.0-1502132.02-11 | G54: 800000000 | R54: =Plancontratacion2019[[#This Row],[RUBRO (SE DEBE REPORTARTAR EN SIGEP SERVICIOS PERSONAS NATURALES)]] -> 1502.0100.38.0-1502132.02-11 | S54: =Plancontratacion2019[[#This Row],[VALOR]] -> 800000000 | V54: =Plancontratacion2019[[#This Row],[RUBRO ]] -> 0 | W54: =Plancontratacion2019[[#This Row],[VALOR ]] -> 0 | X54: =SUM($S54+$W54+Plancontratacion2019[[#This Row],[VALOR TOTAL DEL APOYO]]) -> 800000000 | Z54: Capacitación en los idiomas inglés, frances y portugues para un personal de la Fuerza Aérea Colombiana bajo la metodología de inmersión presencial. | AA54: Menor cuantia | AD54: Prestacion de Servicios | AE54: 43914 | AF54: 43938 | AG54: Correcion | BB54: =Plancontratacion2019[[#This Row],[VALOR INICIAL DEL CONTRATO]]+Plancontratacion2019[[#This Row],[VALOR ADICION AL CONTRATO]]-Plancontratacion2019[[#This Row],[VALOR REDUCCIÓN DEL CONTRATO]] -> 0 | BE54: =$BD54-$BC54 -> 0 | BH54: =IFERROR(VLOOKUP('Formato Único de Contratación'!$BG54,TABLADEPARTAMENTOS,2,0),"DIGITE DEPARTAMENTO") -> DIGITE DEPARTAMENTO | BT54: =Plancontratacion2019[[#This Row],[FECHA PRORROGA EJECUCIÓN (AAAA-MM-DD)]]-Plancontratacion2019[[#This Row],[FECHA ACTA DE INICIO]] -> 0 | CP54: =COUNT(BY54,CA54,CE54,CG54,CI54,CK54,CC54,CN54) -> 0 | DH54: =SUM(CS54:DD54) -> 0 | DI54: =BB54-DH54 -> 0 | DJ54: =IFERROR(DH54/BB54,0) -> 0 | EF54: =MAX(Plancontratacion2019[[#This Row],[FECHA VIGENCIA (AAAA-MM-DD)]],Plancontratacion2019[[#This Row],[FECHA VIGENCIA (AAAA-MM-DD)]],Plancontratacion2019[[#This Row],[FECHA_VIGENCIA (AAAA-MM-DD)]],Plancontratacion2019[[#This Row],[FECHA VIGENCIA_(AAAA-MM-DD)3]],Plancontratacion2019[[#This Row],[_FECHA VIGENCIA (AAAA-MM-DD)]],Plancontratacion2019[[#This Row],[FECHA VIGENCIA (AAAA-MM-DD).]],Plancontratacion2019[[#This Row],[FECHA VIGENCIA (AAAA-MM-DD)..]],Plancontratacion2019[[#This Row],[FECHA VIGENCIA (AAAA-MM-DD)'']],0) -> 0 | EG54: =IFERROR(VLOOKUP(MID(B54,8,1),NOMENCLATURA,2,FALSE),"-") -> -
D55: 49 | E55: 43850 | F55: 02.02.02.08.02.01 | G55: 800000 | R55: =Plancontratacion2019[[#This Row],[RUBRO (SE DEBE REPORTARTAR EN SIGEP SERVICIOS PERSONAS NATURALES)]] -> 02.02.02.08.02.01 | S55: =Plancontratacion2019[[#This Row],[VALOR]] -> 800000 | V55: =Plancontratacion2019[[#This Row],[RUBRO ]] -> 0 | W55: =Plancontratacion2019[[#This Row],[VALOR ]] -> 0 | X55: =SUM($S55+$W55+Plancontratacion2019[[#This Row],[VALOR TOTAL DEL APOYO]]) -> 800000 | Z55: Servicio profesional a la gestión contractual y legal de los procesos de la Escuela de Postgrados | AA55: Minima Cuantia | AD55: Arrendamiento | AE55: 43927 | AF55: 43951 | AG55: Correcion | BB55: =Plancontratacion2019[[#This Row],[VALOR INICIAL DEL CONTRATO]]+Plancontratacion2019[[#This Row],[VALOR ADICION AL CONTRATO]]-Plancontratacion2019[[#This Row],[VALOR REDUCCIÓN DEL CONTRATO]] -> 0 | BE55: =$BD55-$BC55 -> 0 | BH55: =IFERROR(VLOOKUP('Formato Único de Contratación'!$BG55,TABLADEPARTAMENTOS,2,0),"DIGITE DEPARTAMENTO") -> DIGITE DEPARTAMENTO | BT55: =Plancontratacion2019[[#This Row],[FECHA PRORROGA EJECUCIÓN (AAAA-MM-DD)]]-Plancontratacion2019[[#This Row],[FECHA ACTA DE INICIO]] -> 0 | CP55: =COUNT(BY55,CA55,CE55,CG55,CI55,CK55,CC55,CN55) -> 0 | DH55: =SUM(CS55:DD55) -> 0 | DI55: =BB55-DH55 -> 0 | DJ55: =IFERROR(DH55/BB55,0) -> 0 | EF55: =MAX(Plancontratacion2019[[#This Row],[FECHA VIGENCIA (AAAA-MM-DD)]],Plancontratacion2019[[#This Row],[FECHA VIGENCIA (AAAA-MM-DD)]],Plancontratacion2019[[#This Row],[FECHA_VIGENCIA (AAAA-MM-DD)]],Plancontratacion2019[[#This Row],[FECHA VIGENCIA_(AAAA-MM-DD)3]],Plancontratacion2019[[#This Row],[_FECHA VIGENCIA (AAAA-MM-DD)]],Plancontratacion2019[[#This Row],[FECHA VIGENCIA (AAAA-MM-DD).]],Plancontratacion2019[[#This Row],[FECHA VIGENCIA (AAAA-MM-DD)..]],Plancontratacion2019[[#This Row],[FECHA VIGENCIA (AAAA-MM-DD)'']],0) -> 0 | EG55: COFAC
R56: =Plancontratacion2019[[#This Row],[RUBRO (SE DEBE REPORTARTAR EN SIGEP SERVICIOS PERSONAS NATURALES)]] -> 0 | S56: =Plancontratacion2019[[#This Row],[VALOR]] -> 0 | V56: =Plancontratacion2019[[#This Row],[RUBRO ]] -> 0 | W56: =Plancontratacion2019[[#This Row],[VALOR ]] -> 0 | X56: =SUM($S56+$W56+Plancontratacion2019[[#This Row],[VALOR TOTAL DEL APOYO]]) -> 0 | BB56: =Plancontratacion2019[[#This Row],[VALOR INICIAL DEL CONTRATO]]+Plancontratacion2019[[#This Row],[VALOR ADICION AL CONTRATO]]-Plancontratacion2019[[#This Row],[VALOR REDUCCIÓN DEL CONTRATO]] -> 0 | BE56: =$BD56-$BC56 -> 0 | BH56: =IFERROR(VLOOKUP('Formato Único de Contratación'!$BG56,TABLADEPARTAMENTOS,2,0),"DIGITE DEPARTAMENTO") -> DIGITE DEPARTAMENTO | BT56: =Plancontratacion2019[[#This Row],[FECHA PRORROGA EJECUCIÓN (AAAA-MM-DD)]]-Plancontratacion2019[[#This Row],[FECHA ACTA DE INICIO]] -> 0 | CP56: =COUNT(BY56,CA56,CE56,CG56,CI56,CK56,CC56,CN56) -> 0 | DH56: =SUM(CS56:DD56) -> 0 | DI56: =BB56-DH56 -> 0 | DJ56: =IFERROR(DH56/BB56,0) -> 0 | EF56: =MAX(Plancontratacion2019[[#This Row],[FECHA VIGENCIA (AAAA-MM-DD)]],Plancontratacion2019[[#This Row],[FECHA VIGENCIA (AAAA-MM-DD)]],Plancontratacion2019[[#This Row],[FECHA_VIGENCIA (AAAA-MM-DD)]],Plancontratacion2019[[#This Row],[FECHA VIGENCIA_(AAAA-MM-DD)3]],Plancontratacion2019[[#This Row],[_FECHA VIGENCIA (AAAA-MM-DD)]],Plancontratacion2019[[#This Row],[FECHA VIGENCIA (AAAA-MM-DD).]],Plancontratacion2019[[#This Row],[FECHA VIGENCIA (AAAA-MM-DD)..]],Plancontratacion2019[[#This Row],[FECHA VIGENCIA (AAAA-MM-DD)'']],0) -> 0 | EG56: =IFERROR(VLOOKUP(MID(B56,8,1),NOMENCLATURA,2,FALSE),"-") -> -
R57: =Plancontratacion2019[[#This Row],[RUBRO (SE DEBE REPORTARTAR EN SIGEP SERVICIOS PERSONAS NATURALES)]] -> 0 | S57: =Plancontratacion2019[[#This Row],[VALOR]] -> 0 | V57: =Plancontratacion2019[[#This Row],[RUBRO ]] -> 0 | W57: =Plancontratacion2019[[#This Row],[VALOR ]] -> 0 | X57: =SUM($S57+$W57+Plancontratacion2019[[#This Row],[VALOR TOTAL DEL APOYO]]) -> 0 | BB57: =Plancontratacion2019[[#This Row],[VALOR INICIAL DEL CONTRATO]]+Plancontratacion2019[[#This Row],[VALOR ADICION AL CONTRATO]]-Plancontratacion2019[[#This Row],[VALOR REDUCCIÓN DEL CONTRATO]] -> 0 | BE57: =$BD57-$BC57 -> 0 | BH57: =IFERROR(VLOOKUP('Formato Único de Contratación'!$BG57,TABLADEPARTAMENTOS,2,0),"DIGITE DEPARTAMENTO") -> DIGITE DEPARTAMENTO | BT57: =Plancontratacion2019[[#This Row],[FECHA PRORROGA EJECUCIÓN (AAAA-MM-DD)]]-Plancontratacion2019[[#This Row],[FECHA ACTA DE INICIO]] -> 0 | CP57: =COUNT(BY57,CA57,CE57,CG57,CI57,CK57,CC57,CN57) -> 0 | DH57: =SUM(CS57:DD57) -> 0 | DI57: =BB57-DH57 -> 0 | DJ57: =IFERROR(DH57/BB57,0) -> 0 | EF57: =MAX(Plancontratacion2019[[#This Row],[FECHA VIGENCIA (AAAA-MM-DD)]],Plancontratacion2019[[#This Row],[FECHA VIGENCIA (AAAA-MM-DD)]],Plancontratacion2019[[#This Row],[FECHA_VIGENCIA (AAAA-MM-DD)]],Plancontratacion2019[[#This Row],[FECHA VIGENCIA_(AAAA-MM-DD)3]],Plancontratacion2019[[#This Row],[_FECHA VIGENCIA (AAAA-MM-DD)]],Plancontratacion2019[[#This Row],[FECHA VIGENCIA (AAAA-MM-DD).]],Plancontratacion2019[[#This Row],[FECHA VIGENCIA (AAAA-MM-DD)..]],Plancontratacion2019[[#This Row],[FECHA VIGENCIA (AAAA-MM-DD)'']],0) -> 0 | EG57: =IFERROR(VLOOKUP(MID(B57,8,1),NOMENCLATURA,2,FALSE),"-") -> -
R58: =Plancontratacion2019[[#This Row],[RUBRO (SE DEBE REPORTARTAR EN SIGEP SERVICIOS PERSONAS NATURALES)]] -> 0 | S58: =Plancontratacion2019[[#This Row],[VALOR]] -> 0 | V58: =Plancontratacion2019[[#This Row],[RUBRO ]] -> 0 | W58: =Plancontratacion2019[[#This Row],[VALOR ]] -> 0 | X58: =SUM($S58+$W58+Plancontratacion2019[[#This Row],[VALOR TOTAL DEL APOYO]]) -> 0 | BB58: =Plancontratacion2019[[#This Row],[VALOR INICIAL DEL CONTRATO]]+Plancontratacion2019[[#This Row],[VALOR ADICION AL CONTRATO]]-Plancontratacion2019[[#This Row],[VALOR REDUCCIÓN DEL CONTRATO]] -> 0 | BE58: =$BD58-$BC58 -> 0 | BH58: =IFERROR(VLOOKUP('Formato Único de Contratación'!$BG58,TABLADEPARTAMENTOS,2,0),"DIGITE DEPARTAMENTO") -> DIGITE DEPARTAMENTO | BT58: =Plancontratacion2019[[#This Row],[FECHA PRORROGA EJECUCIÓN (AAAA-MM-DD)]]-Plancontratacion2019[[#This Row],[FECHA ACTA DE INICIO]] -> 0 | CP58: =COUNT(BY58,CA58,CE58,CG58,CI58,CK58,CC58,CN58) -> 0 | DH58: =SUM(CS58:DD58) -> 0 | DI58: =BB58-DH58 -> 0 | DJ58: =IFERROR(DH58/BB58,0) -> 0 | EF58: =MAX(Plancontratacion2019[[#This Row],[FECHA VIGENCIA (AAAA-MM-DD)]],Plancontratacion2019[[#This Row],[FECHA VIGENCIA (AAAA-MM-DD)]],Plancontratacion2019[[#This Row],[FECHA_VIGENCIA (AAAA-MM-DD)]],Plancontratacion2019[[#This Row],[FECHA VIGENCIA_(AAAA-MM-DD)3]],Plancontratacion2019[[#This Row],[_FECHA VIGENCIA (AAAA-MM-DD)]],Plancontratacion2019[[#This Row],[FECHA VIGENCIA (AAAA-MM-DD).]],Plancontratacion2019[[#This Row],[FECHA VIGENCIA (AAAA-MM-DD)..]],Plancontratacion2019[[#This Row],[FECHA VIGENCIA (AAAA-MM-DD)'']],0) -> 0 | EG58: =IFERROR(VLOOKUP(MID(B58,8,1),NOMENCLATURA,2,FALSE),"-") -> -
R59: =Plancontratacion2019[[#This Row],[RUBRO (SE DEBE REPORTARTAR EN SIGEP SERVICIOS PERSONAS NATURALES)]] -> 0 | S59: =Plancontratacion2019[[#This Row],[VALOR]] -> 0 | V59: =Plancontratacion2019[[#This Row],[RUBRO ]] -> 0 | W59: =Plancontratacion2019[[#This Row],[VALOR ]] -> 0 | X59: =SUM($S59+$W59+Plancontratacion2019[[#This Row],[VALOR TOTAL DEL APOYO]]) -> 0 | BB59: =Plancontratacion2019[[#This Row],[VALOR INICIAL DEL CONTRATO]]+Plancontratacion2019[[#This Row],[VALOR ADICION AL CONTRATO]]-Plancontratacion2019[[#This Row],[VALOR REDUCCIÓN DEL CONTRATO]] -> 0 | BE59: =$BD59-$BC59 -> 0 | BH59: =IFERROR(VLOOKUP('Formato Único de Contratación'!$BG59,TABLADEPARTAMENTOS,2,0),"DIGITE DEPARTAMENTO") -> DIGITE DEPARTAMENTO | BT59: =Plancontratacion2019[[#This Row],[FECHA PRORROGA EJECUCIÓN (AAAA-MM-DD)]]-Plancontratacion2019[[#This Row],[FECHA ACTA DE INICIO]] -> 0 | CP59: =COUNT(BY59,CA59,CE59,CG59,CI59,CK59,CC59,CN59) -> 0 | DH59: =SUM(CS59:DD59) -> 0 | DI59: =BB59-DH59 -> 0 | DJ59: =IFERROR(DH59/BB59,0) -> 0 | EF59: =MAX(Plancontratacion2019[[#This Row],[FECHA VIGENCIA (AAAA-MM-DD)]],Plancontratacion2019[[#This Row],[FECHA VIGENCIA (AAAA-MM-DD)]],Plancontratacion2019[[#This Row],[FECHA_VIGENCIA (AAAA-MM-DD)]],Plancontratacion2019[[#This Row],[FECHA VIGENCIA_(AAAA-MM-DD)3]],Plancontratacion2019[[#This Row],[_FECHA VIGENCIA (AAAA-MM-DD)]],Plancontratacion2019[[#This Row],[FECHA VIGENCIA (AAAA-MM-DD).]],Plancontratacion2019[[#This Row],[FECHA VIGENCIA (AAAA-MM-DD)..]],Plancontratacion2019[[#This Row],[FECHA VIGENCIA (AAAA-MM-DD)'']],0) -> 0 | EG59: =IFERROR(VLOOKUP(MID(B59,8,1),NOMENCLATURA,2,FALSE),"-") -> -
R60: =Plancontratacion2019[[#This Row],[RUBRO (SE DEBE REPORTARTAR EN SIGEP SERVICIOS PERSONAS NATURALES)]] -> 0 | S60: =Plancontratacion2019[[#This Row],[VALOR]] -> 0 | V60: =Plancontratacion2019[[#This Row],[RUBRO ]] -> 0 | W60: =Plancontratacion2019[[#This Row],[VALOR ]] -> 0 | X60: =SUM($S60+$W60+Plancontratacion2019[[#This Row],[VALOR TOTAL DEL APOYO]]) -> 0 | BB60: =Plancontratacion2019[[#This Row],[VALOR INICIAL DEL CONTRATO]]+Plancontratacion2019[[#This Row],[VALOR ADICION AL CONTRATO]]-Plancontratacion2019[[#This Row],[VALOR REDUCCIÓN DEL CONTRATO]] -> 0 | BE60: =$BD60-$BC60 -> 0 | BH60: =IFERROR(VLOOKUP('Formato Único de Contratación'!$BG60,TABLADEPARTAMENTOS,2,0),"DIGITE DEPARTAMENTO") -> DIGITE DEPARTAMENTO | BT60: =Plancontratacion2019[[#This Row],[FECHA PRORROGA EJECUCIÓN (AAAA-MM-DD)]]-Plancontratacion2019[[#This Row],[FECHA ACTA DE INICIO]] -> 0 | CP60: =COUNT(BY60,CA60,CE60,CG60,CI60,CK60,CC60,CN60) -> 0 | DH60: =SUM(CS60:DD60) -> 0 | DI60: =BB60-DH60 -> 0 | DJ60: =IFERROR(DH60/BB60,0) -> 0 | EF60: =MAX(Plancontratacion2019[[#This Row],[FECHA VIGENCIA (AAAA-MM-DD)]],Plancontratacion2019[[#This Row],[FECHA VIGENCIA (AAAA-MM-DD)]],Plancontratacion2019[[#This Row],[FECHA_VIGENCIA (AAAA-MM-DD)]],Plancontratacion2019[[#This Row],[FECHA VIGENCIA_(AAAA-MM-DD)3]],Plancontratacion2019[[#This Row],[_FECHA VIGENCIA (AAAA-MM-DD)]],Plancontratacion2019[[#This Row],[FECHA VIGENCIA (AAAA-MM-DD).]],Plancontratacion2019[[#This Row],[FECHA VIGENCIA (AAAA-MM-DD)..]],Plancontratacion2019[[#This Row],[FECHA VIGENCIA (AAAA-MM-DD)'']],0) -> 0 | EG60: =IFERROR(VLOOKUP(MID(B60,8,1),NOMENCLATURA,2,FALSE),"-") -> -
R61: =Plancontratacion2019[[#This Row],[RUBRO (SE DEBE REPORTARTAR EN SIGEP SERVICIOS PERSONAS NATURALES)]] -> 0 | S61: =Plancontratacion2019[[#This Row],[VALOR]] -> 0 | V61: =Plancontratacion2019[[#This Row],[RUBRO ]] -> 0 | W61: =Plancontratacion2019[[#This Row],[VALOR ]] -> 0 | X61: =SUM($S61+$W61+Plancontratacion2019[[#This Row],[VALOR TOTAL DEL APOYO]]) -> 0 | BB61: =Plancontratacion2019[[#This Row],[VALOR INICIAL DEL CONTRATO]]+Plancontratacion2019[[#This Row],[VALOR ADICION AL CONTRATO]]-Plancontratacion2019[[#This Row],[VALOR REDUCCIÓN DEL CONTRATO]] -> 0 | BE61: =$BD61-$BC61 -> 0 | BH61: =IFERROR(VLOOKUP('Formato Único de Contratación'!$BG61,TABLADEPARTAMENTOS,2,0),"DIGITE DEPARTAMENTO") -> DIGITE DEPARTAMENTO | BT61: =Plancontratacion2019[[#This Row],[FECHA PRORROGA EJECUCIÓN (AAAA-MM-DD)]]-Plancontratacion2019[[#This Row],[FECHA ACTA DE INICIO]] -> 0 | CP61: =COUNT(BY61,CA61,CE61,CG61,CI61,CK61,CC61,CN61) -> 0 | DH61: =SUM(CS61:DD61) -> 0 | DI61: =BB61-DH61 -> 0 | DJ61: =IFERROR(DH61/BB61,0) -> 0 | EF61: =MAX(Plancontratacion2019[[#This Row],[FECHA VIGENCIA (AAAA-MM-DD)]],Plancontratacion2019[[#This Row],[FECHA VIGENCIA (AAAA-MM-DD)]],Plancontratacion2019[[#This Row],[FECHA_VIGENCIA (AAAA-MM-DD)]],Plancontratacion2019[[#This Row],[FECHA VIGENCIA_(AAAA-MM-DD)3]],Plancontratacion2019[[#This Row],[_FECHA VIGENCIA (AAAA-MM-DD)]],Plancontratacion2019[[#This Row],[FECHA VIGENCIA (AAAA-MM-DD).]],Plancontratacion2019[[#This Row],[FECHA VIGENCIA (AAAA-MM-DD)..]],Plancontratacion2019[[#This Row],[FECHA VIGENCIA (AAAA-MM-DD)'']],0) -> 0 | EG61: =IFERROR(VLOOKUP(MID(B61,8,1),NOMENCLATURA,2,FALSE),"-") -> -
R62: =Plancontratacion2019[[#This Row],[RUBRO (SE DEBE REPORTARTAR EN SIGEP SERVICIOS PERSONAS NATURALES)]] -> 0 | S62: =Plancontratacion2019[[#This Row],[VALOR]] -> 0 | V62: =Plancontratacion2019[[#This Row],[RUBRO ]] -> 0 | W62: =Plancontratacion2019[[#This Row],[VALOR ]] -> 0 | X62: =SUM($S62+$W62+Plancontratacion2019[[#This Row],[VALOR TOTAL DEL APOYO]]) -> 0 | BB62: =Plancontratacion2019[[#This Row],[VALOR INICIAL DEL CONTRATO]]+Plancontratacion2019[[#This Row],[VALOR ADICION AL CONTRATO]]-Plancontratacion2019[[#This Row],[VALOR REDUCCIÓN DEL CONTRATO]] -> 0 | BE62: =$BD62-$BC62 -> 0 | BH62: =IFERROR(VLOOKUP('Formato Único de Contratación'!$BG62,TABLADEPARTAMENTOS,2,0),"DIGITE DEPARTAMENTO") -> DIGITE DEPARTAMENTO | BT62: =Plancontratacion2019[[#This Row],[FECHA PRORROGA EJECUCIÓN (AAAA-MM-DD)]]-Plancontratacion2019[[#This Row],[FECHA ACTA DE INICIO]] -> 0 | CP62: =COUNT(BY62,CA62,CE62,CG62,CI62,CK62,CC62,CN62) -> 0 | DH62: =SUM(CS62:DD62) -> 0 | DI62: =BB62-DH62 -> 0 | DJ62: =IFERROR(DH62/BB62,0) -> 0 | EF62: =MAX(Plancontratacion2019[[#This Row],[FECHA VIGENCIA (AAAA-MM-DD)]],Plancontratacion2019[[#This Row],[FECHA VIGENCIA (AAAA-MM-DD)]],Plancontratacion2019[[#This Row],[FECHA_VIGENCIA (AAAA-MM-DD)]],Plancontratacion2019[[#This Row],[FECHA VIGENCIA_(AAAA-MM-DD)3]],Plancontratacion2019[[#This Row],[_FECHA VIGENCIA (AAAA-MM-DD)]],Plancontratacion2019[[#This Row],[FECHA VIGENCIA (AAAA-MM-DD).]],Plancontratacion2019[[#This Row],[FECHA VIGENCIA (AAAA-MM-DD)..]],Plancontratacion2019[[#This Row],[FECHA VIGENCIA (AAAA-MM-DD)'']],0) -> 0 | EG62: =IFERROR(VLOOKUP(MID(B62,8,1),NOMENCLATURA,2,FALSE),"-") -> -
R63: =Plancontratacion2019[[#This Row],[RUBRO (SE DEBE REPORTARTAR EN SIGEP SERVICIOS PERSONAS NATURALES)]] -> 0 | S63: =Plancontratacion2019[[#This Row],[VALOR]] -> 0 | V63: =Plancontratacion2019[[#This Row],[RUBRO ]] -> 0 | W63: =Plancontratacion2019[[#This Row],[VALOR ]] -> 0 | X63: =SUM($S63+$W63+Plancontratacion2019[[#This Row],[VALOR TOTAL DEL APOYO]]) -> 0 | BB63: =Plancontratacion2019[[#This Row],[VALOR INICIAL DEL CONTRATO]]+Plancontratacion2019[[#This Row],[VALOR ADICION AL CONTRATO]]-Plancontratacion2019[[#This Row],[VALOR REDUCCIÓN DEL CONTRATO]] -> 0 | BE63: =$BD63-$BC63 -> 0 | BH63: =IFERROR(VLOOKUP('Formato Único de Contratación'!$BG63,TABLADEPARTAMENTOS,2,0),"DIGITE DEPARTAMENTO") -> DIGITE DEPARTAMENTO | BT63: =Plancontratacion2019[[#This Row],[FECHA PRORROGA EJECUCIÓN (AAAA-MM-DD)]]-Plancontratacion2019[[#This Row],[FECHA ACTA DE INICIO]] -> 0 | CP63: =COUNT(BY63,CA63,CE63,CG63,CI63,CK63,CC63,CN63) -> 0 | DH63: =SUM(CS63:DD63) -> 0 | DI63: =BB63-DH63 -> 0 | DJ63: =IFERROR(DH63/BB63,0) -> 0 | EF63: =MAX(Plancontratacion2019[[#This Row],[FECHA VIGENCIA (AAAA-MM-DD)]],Plancontratacion2019[[#This Row],[FECHA VIGENCIA (AAAA-MM-DD)]],Plancontratacion2019[[#This Row],[FECHA_VIGENCIA (AAAA-MM-DD)]],Plancontratacion2019[[#This Row],[FECHA VIGENCIA_(AAAA-MM-DD)3]],Plancontratacion2019[[#This Row],[_FECHA VIGENCIA (AAAA-MM-DD)]],Plancontratacion2019[[#This Row],[FECHA VIGENCIA (AAAA-MM-DD).]],Plancontratacion2019[[#This Row],[FECHA VIGENCIA (AAAA-MM-DD)..]],Plancontratacion2019[[#This Row],[FECHA VIGENCIA (AAAA-MM-DD)'']],0) -> 0 | EG63: =IFERROR(VLOOKUP(MID(B63,8,1),NOMENCLATURA,2,FALSE),"-") -> -
R64: =Plancontratacion2019[[#This Row],[RUBRO (SE DEBE REPORTARTAR EN SIGEP SERVICIOS PERSONAS NATURALES)]] -> 0 | S64: =Plancontratacion2019[[#This Row],[VALOR]] -> 0 | V64: =Plancontratacion2019[[#This Row],[RUBRO ]] -> 0 | W64: =Plancontratacion2019[[#This Row],[VALOR ]] -> 0 | X64: =SUM($S64+$W64+Plancontratacion2019[[#This Row],[VALOR TOTAL DEL APOYO]]) -> 0 | BB64: =Plancontratacion2019[[#This Row],[VALOR INICIAL DEL CONTRATO]]+Plancontratacion2019[[#This Row],[VALOR ADICION AL CONTRATO]]-Plancontratacion2019[[#This Row],[VALOR REDUCCIÓN DEL CONTRATO]] -> 0 | BE64: =$BD64-$BC64 -> 0 | BH64: =IFERROR(VLOOKUP('Formato Único de Contratación'!$BG64,TABLADEPARTAMENTOS,2,0),"DIGITE DEPARTAMENTO") -> DIGITE DEPARTAMENTO | BT64: =Plancontratacion2019[[#This Row],[FECHA PRORROGA EJECUCIÓN (AAAA-MM-DD)]]-Plancontratacion2019[[#This Row],[FECHA ACTA DE INICIO]] -> 0 | CP64: =COUNT(BY64,CA64,CE64,CG64,CI64,CK64,CC64,CN64) -> 0 | DH64: =SUM(CS64:DD64) -> 0 | DI64: =BB64-DH64 -> 0 | DJ64: =IFERROR(DH64/BB64,0) -> 0 | EF64: =MAX(Plancontratacion2019[[#This Row],[FECHA VIGENCIA (AAAA-MM-DD)]],Plancontratacion2019[[#This Row],[FECHA VIGENCIA (AAAA-MM-DD)]],Plancontratacion2019[[#This Row],[FECHA_VIGENCIA (AAAA-MM-DD)]],Plancontratacion2019[[#This Row],[FECHA VIGENCIA_(AAAA-MM-DD)3]],Plancontratacion2019[[#This Row],[_FECHA VIGENCIA (AAAA-MM-DD)]],Plancontratacion2019[[#This Row],[FECHA VIGENCIA (AAAA-MM-DD).]],Plancontratacion2019[[#This Row],[FECHA VIGENCIA (AAAA-MM-DD)..]],Plancontratacion2019[[#This Row],[FECHA VIGENCIA (AAAA-MM-DD)'']],0) -> 0 | EG64: =IFERROR(VLOOKUP(MID(B64,8,1),NOMENCLATURA,2,FALSE),"-") -> -
R65: =Plancontratacion2019[[#This Row],[RUBRO (SE DEBE REPORTARTAR EN SIGEP SERVICIOS PERSONAS NATURALES)]] -> 0 | S65: =Plancontratacion2019[[#This Row],[VALOR]] -> 0 | V65: =Plancontratacion2019[[#This Row],[RUBRO ]] -> 0 | W65: =Plancontratacion2019[[#This Row],[VALOR ]] -> 0 | X65: =SUM($S65+$W65+Plancontratacion2019[[#This Row],[VALOR TOTAL DEL APOYO]]) -> 0 | BB65: =Plancontratacion2019[[#This Row],[VALOR INICIAL DEL CONTRATO]]+Plancontratacion2019[[#This Row],[VALOR ADICION AL CONTRATO]]-Plancontratacion2019[[#This Row],[VALOR REDUCCIÓN DEL CONTRATO]] -> 0 | BE65: =$BD65-$BC65 -> 0 | BH65: =IFERROR(VLOOKUP('Formato Único de Contratación'!$BG65,TABLADEPARTAMENTOS,2,0),"DIGITE DEPARTAMENTO") -> DIGITE DEPARTAMENTO | BT65: =Plancontratacion2019[[#This Row],[FECHA PRORROGA EJECUCIÓN (AAAA-MM-DD)]]-Plancontratacion2019[[#This Row],[FECHA ACTA DE INICIO]] -> 0 | CP65: =COUNT(BY65,CA65,CE65,CG65,CI65,CK65,CC65,CN65) -> 0 | DH65: =SUM(CS65:DD65) -> 0 | DI65: =BB65-DH65 -> 0 | DJ65: =IFERROR(DH65/BB65,0) -> 0 | EF65: =MAX(Plancontratacion2019[[#This Row],[FECHA VIGENCIA (AAAA-MM-DD)]],Plancontratacion2019[[#This Row],[FECHA VIGENCIA (AAAA-MM-DD)]],Plancontratacion2019[[#This Row],[FECHA_VIGENCIA (AAAA-MM-DD)]],Plancontratacion2019[[#This Row],[FECHA VIGENCIA_(AAAA-MM-DD)3]],Plancontratacion2019[[#This Row],[_FECHA VIGENCIA (AAAA-MM-DD)]],Plancontratacion2019[[#This Row],[FECHA VIGENCIA (AAAA-MM-DD).]],Plancontratacion2019[[#This Row],[FECHA VIGENCIA (AAAA-MM-DD)..]],Plancontratacion2019[[#This Row],[FECHA VIGENCIA (AAAA-MM-DD)'']],0) -> 0 | EG65: =IFERROR(VLOOKUP(MID(B65,8,1),NOMENCLATURA,2,FALSE),"-") -> -
R66: =Plancontratacion2019[[#This Row],[RUBRO (SE DEBE REPORTARTAR EN SIGEP SERVICIOS PERSONAS NATURALES)]] -> 0 | S66: =Plancontratacion2019[[#This Row],[VALOR]] -> 0 | V66: =Plancontratacion2019[[#This Row],[RUBRO ]] -> 0 | W66: =Plancontratacion2019[[#This Row],[VALOR ]] -> 0 | X66: =SUM($S66+$W66+Plancontratacion2019[[#This Row],[VALOR TOTAL DEL APOYO]]) -> 0 | BB66: =Plancontratacion2019[[#This Row],[VALOR INICIAL DEL CONTRATO]]+Plancontratacion2019[[#This Row],[VALOR ADICION AL CONTRATO]]-Plancontratacion2019[[#This Row],[VALOR REDUCCIÓN DEL CONTRATO]] -> 0 | BE66: =$BD66-$BC66 -> 0 | BH66: =IFERROR(VLOOKUP('Formato Único de Contratación'!$BG66,TABLADEPARTAMENTOS,2,0),"DIGITE DEPARTAMENTO") -> DIGITE DEPARTAMENTO | BT66: =Plancontratacion2019[[#This Row],[FECHA PRORROGA EJECUCIÓN (AAAA-MM-DD)]]-Plancontratacion2019[[#This Row],[FECHA ACTA DE INICIO]] -> 0 | CP66: =COUNT(BY66,CA66,CE66,CG66,CI66,CK66,CC66,CN66) -> 0 | DH66: =SUM(CS66:DD66) -> 0 | DI66: =BB66-DH66 -> 0 | DJ66: =IFERROR(DH66/BB66,0) -> 0 | EF66: =MAX(Plancontratacion2019[[#This Row],[FECHA VIGENCIA (AAAA-MM-DD)]],Plancontratacion2019[[#This Row],[FECHA VIGENCIA (AAAA-MM-DD)]],Plancontratacion2019[[#This Row],[FECHA_VIGENCIA (AAAA-MM-DD)]],Plancontratacion2019[[#This Row],[FECHA VIGENCIA_(AAAA-MM-DD)3]],Plancontratacion2019[[#This Row],[_FECHA VIGENCIA (AAAA-MM-DD)]],Plancontratacion2019[[#This Row],[FECHA VIGENCIA (AAAA-MM-DD).]],Plancontratacion2019[[#This Row],[FECHA VIGENCIA (AAAA-MM-DD)..]],Plancontratacion2019[[#This Row],[FECHA VIGENCIA (AAAA-MM-DD)'']],0) -> 0 | EG66: =IFERROR(VLOOKUP(MID(B66,8,1),NOMENCLATURA,2,FALSE),"-") -> -
R67: =Plancontratacion2019[[#This Row],[RUBRO (SE DEBE REPORTARTAR EN SIGEP SERVICIOS PERSONAS NATURALES)]] -> 0 | S67: =Plancontratacion2019[[#This Row],[VALOR]] -> 0 | V67: =Plancontratacion2019[[#This Row],[RUBRO ]] -> 0 | W67: =Plancontratacion2019[[#This Row],[VALOR ]] -> 0 | X67: =SUM($S67+$W67+Plancontratacion2019[[#This Row],[VALOR TOTAL DEL APOYO]]) -> 0 | BB67: =Plancontratacion2019[[#This Row],[VALOR INICIAL DEL CONTRATO]]+Plancontratacion2019[[#This Row],[VALOR ADICION AL CONTRATO]]-Plancontratacion2019[[#This Row],[VALOR REDUCCIÓN DEL CONTRATO]] -> 0 | BE67: =$BD67-$BC67 -> 0 | BH67: =IFERROR(VLOOKUP('Formato Único de Contratación'!$BG67,TABLADEPARTAMENTOS,2,0),"DIGITE DEPARTAMENTO") -> DIGITE DEPARTAMENTO | BT67: =Plancontratacion2019[[#This Row],[FECHA PRORROGA EJECUCIÓN (AAAA-MM-DD)]]-Plancontratacion2019[[#This Row],[FECHA ACTA DE INICIO]] -> 0 | CP67: =COUNT(BY67,CA67,CE67,CG67,CI67,CK67,CC67,CN67) -> 0 | DH67: =SUM(CS67:DD67) -> 0 | DI67: =BB67-DH67 -> 0 | DJ67: =IFERROR(DH67/BB67,0) -> 0 | EF67: =MAX(Plancontratacion2019[[#This Row],[FECHA VIGENCIA (AAAA-MM-DD)]],Plancontratacion2019[[#This Row],[FECHA VIGENCIA (AAAA-MM-DD)]],Plancontratacion2019[[#This Row],[FECHA_VIGENCIA (AAAA-MM-DD)]],Plancontratacion2019[[#This Row],[FECHA VIGENCIA_(AAAA-MM-DD)3]],Plancontratacion2019[[#This Row],[_FECHA VIGENCIA (AAAA-MM-DD)]],Plancontratacion2019[[#This Row],[FECHA VIGENCIA (AAAA-MM-DD).]],Plancontratacion2019[[#This Row],[FECHA VIGENCIA (AAAA-MM-DD)..]],Plancontratacion2019[[#This Row],[FECHA VIGENCIA (AAAA-MM-DD)'']],0) -> 0 | EG67: =IFERROR(VLOOKUP(MID(B67,8,1),NOMENCLATURA,2,FALSE),"-") -> -
R68: =Plancontratacion2019[[#This Row],[RUBRO (SE DEBE REPORTARTAR EN SIGEP SERVICIOS PERSONAS NATURALES)]] -> 0 | S68: =Plancontratacion2019[[#This Row],[VALOR]] -> 0 | V68: =Plancontratacion2019[[#This Row],[RUBRO ]] -> 0 | W68: =Plancontratacion2019[[#This Row],[VALOR ]] -> 0 | X68: =SUM($S68+$W68+Plancontratacion2019[[#This Row],[VALOR TOTAL DEL APOYO]]) -> 0 | BB68: =Plancontratacion2019[[#This Row],[VALOR INICIAL DEL CONTRATO]]+Plancontratacion2019[[#This Row],[VALOR ADICION AL CONTRATO]]-Plancontratacion2019[[#This Row],[VALOR REDUCCIÓN DEL CONTRATO]] -> 0 | BE68: =$BD68-$BC68 -> 0 | BH68: =IFERROR(VLOOKUP('Formato Único de Contratación'!$BG68,TABLADEPARTAMENTOS,2,0),"DIGITE DEPARTAMENTO") -> DIGITE DEPARTAMENTO | BT68: =Plancontratacion2019[[#This Row],[FECHA PRORROGA EJECUCIÓN (AAAA-MM-DD)]]-Plancontratacion2019[[#This Row],[FECHA ACTA DE INICIO]] -> 0 | CP68: =COUNT(BY68,CA68,CE68,CG68,CI68,CK68,CC68,CN68) -> 0 | DH68: =SUM(CS68:DD68) -> 0 | DI68: =BB68-DH68 -> 0 | DJ68: =IFERROR(DH68/BB68,0) -> 0 | EF68: =MAX(Plancontratacion2019[[#This Row],[FECHA VIGENCIA (AAAA-MM-DD)]],Plancontratacion2019[[#This Row],[FECHA VIGENCIA (AAAA-MM-DD)]],Plancontratacion2019[[#This Row],[FECHA_VIGENCIA (AAAA-MM-DD)]],Plancontratacion2019[[#This Row],[FECHA VIGENCIA_(AAAA-MM-DD)3]],Plancontratacion2019[[#This Row],[_FECHA VIGENCIA (AAAA-MM-DD)]],Plancontratacion2019[[#This Row],[FECHA VIGENCIA (AAAA-MM-DD).]],Plancontratacion2019[[#This Row],[FECHA VIGENCIA (AAAA-MM-DD)..]],Plancontratacion2019[[#This Row],[FECHA VIGENCIA (AAAA-MM-DD)'']],0) -> 0 | EG68: =IFERROR(VLOOKUP(MID(B68,8,1),NOMENCLATURA,2,FALSE),"-") -> -
R69: =Plancontratacion2019[[#This Row],[RUBRO (SE DEBE REPORTARTAR EN SIGEP SERVICIOS PERSONAS NATURALES)]] -> 0 | S69: =Plancontratacion2019[[#This Row],[VALOR]] -> 0 | V69: =Plancontratacion2019[[#This Row],[RUBRO ]] -> 0 | W69: =Plancontratacion2019[[#This Row],[VALOR ]] -> 0 | X69: =SUM($S69+$W69+Plancontratacion2019[[#This Row],[VALOR TOTAL DEL APOYO]]) -> 0 | BB69: =Plancontratacion2019[[#This Row],[VALOR INICIAL DEL CONTRATO]]+Plancontratacion2019[[#This Row],[VALOR ADICION AL CONTRATO]]-Plancontratacion2019[[#This Row],[VALOR REDUCCIÓN DEL CONTRATO]] -> 0 | BE69: =$BD69-$BC69 -> 0 | BH69: =IFERROR(VLOOKUP('Formato Único de Contratación'!$BG69,TABLADEPARTAMENTOS,2,0),"DIGITE DEPARTAMENTO") -> DIGITE DEPARTAMENTO | BT69: =Plancontratacion2019[[#This Row],[FECHA PRORROGA EJECUCIÓN (AAAA-MM-DD)]]-Plancontratacion2019[[#This Row],[FECHA ACTA DE INICIO]] -> 0 | CP69: =COUNT(BY69,CA69,CE69,CG69,CI69,CK69,CC69,CN69) -> 0 | DH69: =SUM(CS69:DD69) -> 0 | DI69: =BB69-DH69 -> 0 | DJ69: =IFERROR(DH69/BB69,0) -> 0 | EF69: =MAX(Plancontratacion2019[[#This Row],[FECHA VIGENCIA (AAAA-MM-DD)]],Plancontratacion2019[[#This Row],[FECHA VIGENCIA (AAAA-MM-DD)]],Plancontratacion2019[[#This Row],[FECHA_VIGENCIA (AAAA-MM-DD)]],Plancontratacion2019[[#This Row],[FECHA VIGENCIA_(AAAA-MM-DD)3]],Plancontratacion2019[[#This Row],[_FECHA VIGENCIA (AAAA-MM-DD)]],Plancontratacion2019[[#This Row],[FECHA VIGENCIA (AAAA-MM-DD).]],Plancontratacion2019[[#This Row],[FECHA VIGENCIA (AAAA-MM-DD)..]],Plancontratacion2019[[#This Row],[FECHA VIGENCIA (AAAA-MM-DD)'']],0) -> 0 | EG69: COFAC
R70: =Plancontratacion2019[[#This Row],[RUBRO (SE DEBE REPORTARTAR EN SIGEP SERVICIOS PERSONAS NATURALES)]] -> 0 | S70: =Plancontratacion2019[[#This Row],[VALOR]] -> 0 | V70: =Plancontratacion2019[[#This Row],[RUBRO ]] -> 0 | W70: =Plancontratacion2019[[#This Row],[VALOR ]] -> 0 | X70: =SUM($S70+$W70+Plancontratacion2019[[#This Row],[VALOR TOTAL DEL APOYO]]) -> 0 | BB70: =Plancontratacion2019[[#This Row],[VALOR INICIAL DEL CONTRATO]]+Plancontratacion2019[[#This Row],[VALOR ADICION AL CONTRATO]]-Plancontratacion2019[[#This Row],[VALOR REDUCCIÓN DEL CONTRATO]] -> 0 | BE70: =$BD70-$BC70 -> 0 | BH70: =IFERROR(VLOOKUP('Formato Único de Contratación'!$BG70,TABLADEPARTAMENTOS,2,0),"DIGITE DEPARTAMENTO") -> DIGITE DEPARTAMENTO | BT70: =Plancontratacion2019[[#This Row],[FECHA PRORROGA EJECUCIÓN (AAAA-MM-DD)]]-Plancontratacion2019[[#This Row],[FECHA ACTA DE INICIO]] -> 0 | CP70: =COUNT(BY70,CA70,CE70,CG70,CI70,CK70,CC70,CN70) -> 0 | DH70: =SUM(CS70:DD70) -> 0 | DI70: =BB70-DH70 -> 0 | DJ70: =IFERROR(DH70/BB70,0) -> 0 | EF70: =MAX(Plancontratacion2019[[#This Row],[FECHA VIGENCIA (AAAA-MM-DD)]],Plancontratacion2019[[#This Row],[FECHA VIGENCIA (AAAA-MM-DD)]],Plancontratacion2019[[#This Row],[FECHA_VIGENCIA (AAAA-MM-DD)]],Plancontratacion2019[[#This Row],[FECHA VIGENCIA_(AAAA-MM-DD)3]],Plancontratacion2019[[#This Row],[_FECHA VIGENCIA (AAAA-MM-DD)]],Plancontratacion2019[[#This Row],[FECHA VIGENCIA (AAAA-MM-DD).]],Plancontratacion2019[[#This Row],[FECHA VIGENCIA (AAAA-MM-DD)..]],Plancontratacion2019[[#This Row],[FECHA VIGENCIA (AAAA-MM-DD)'']],0) -> 0 | EG70: COFAC
R71: =Plancontratacion2019[[#This Row],[RUBRO (SE DEBE REPORTARTAR EN SIGEP SERVICIOS PERSONAS NATURALES)]] -> 0 | S71: =Plancontratacion2019[[#This Row],[VALOR]] -> 0 | V71: =Plancontratacion2019[[#This Row],[RUBRO ]] -> 0 | W71: =Plancontratacion2019[[#This Row],[VALOR ]] -> 0 | X71: =SUM($S71+$W71+Plancontratacion2019[[#This Row],[VALOR TOTAL DEL APOYO]]) -> 0 | BB71: =Plancontratacion2019[[#This Row],[VALOR INICIAL DEL CONTRATO]]+Plancontratacion2019[[#This Row],[VALOR ADICION AL CONTRATO]]-Plancontratacion2019[[#This Row],[VALOR REDUCCIÓN DEL CONTRATO]] -> 0 | BE71: =$BD71-$BC71 -> 0 | BH71: =IFERROR(VLOOKUP('Formato Único de Contratación'!$BG71,TABLADEPARTAMENTOS,2,0),"DIGITE DEPARTAMENTO") -> DIGITE DEPARTAMENTO | BT71: =Plancontratacion2019[[#This Row],[FECHA PRORROGA EJECUCIÓN (AAAA-MM-DD)]]-Plancontratacion2019[[#This Row],[FECHA ACTA DE INICIO]] -> 0 | CP71: =COUNT(BY71,CA71,CE71,CG71,CI71,CK71,CC71,CN71) -> 0 | DH71: =SUM(CS71:DD71) -> 0 | DI71: =BB71-DH71 -> 0 | DJ71: =IFERROR(DH71/BB71,0) -> 0 | EF71: =MAX(Plancontratacion2019[[#This Row],[FECHA VIGENCIA (AAAA-MM-DD)]],Plancontratacion2019[[#This Row],[FECHA VIGENCIA (AAAA-MM-DD)]],Plancontratacion2019[[#This Row],[FECHA_VIGENCIA (AAAA-MM-DD)]],Plancontratacion2019[[#This Row],[FECHA VIGENCIA_(AAAA-MM-DD)3]],Plancontratacion2019[[#This Row],[_FECHA VIGENCIA (AAAA-MM-DD)]],Plancontratacion2019[[#This Row],[FECHA VIGENCIA (AAAA-MM-DD).]],Plancontratacion2019[[#This Row],[FECHA VIGENCIA (AAAA-MM-DD)..]],Plancontratacion2019[[#This Row],[FECHA VIGENCIA (AAAA-MM-DD)'']],0) -> 0 | EG71: COFAC
R72: =Plancontratacion2019[[#This Row],[RUBRO (SE DEBE REPORTARTAR EN SIGEP SERVICIOS PERSONAS NATURALES)]] -> 0 | S72: =Plancontratacion2019[[#This Row],[VALOR]] -> 0 | V72: =Plancontratacion2019[[#This Row],[RUBRO ]] -> 0 | W72: =Plancontratacion2019[[#This Row],[VALOR ]] -> 0 | X72: =SUM($S72+$W72+Plancontratacion2019[[#This Row],[VALOR TOTAL DEL APOYO]]) -> 0 | BB72: =Plancontratacion2019[[#This Row],[VALOR INICIAL DEL CONTRATO]]+Plancontratacion2019[[#This Row],[VALOR ADICION AL CONTRATO]]-Plancontratacion2019[[#This Row],[VALOR REDUCCIÓN DEL CONTRATO]] -> 0 | BE72: =$BD72-$BC72 -> 0 | BH72: =IFERROR(VLOOKUP('Formato Único de Contratación'!$BG72,TABLADEPARTAMENTOS,2,0),"DIGITE DEPARTAMENTO") -> DIGITE DEPARTAMENTO | BT72: =Plancontratacion2019[[#This Row],[FECHA PRORROGA EJECUCIÓN (AAAA-MM-DD)]]-Plancontratacion2019[[#This Row],[FECHA ACTA DE INICIO]] -> 0 | CP72: =COUNT(BY72,CA72,CE72,CG72,CI72,CK72,CC72,CN72) -> 0 | DH72: =SUM(CS72:DD72) -> 0 | DI72: =BB72-DH72 -> 0 | DJ72: =IFERROR(DH72/BB72,0) -> 0 | EF72: =MAX(Plancontratacion2019[[#This Row],[FECHA VIGENCIA (AAAA-MM-DD)]],Plancontratacion2019[[#This Row],[FECHA VIGENCIA (AAAA-MM-DD)]],Plancontratacion2019[[#This Row],[FECHA_VIGENCIA (AAAA-MM-DD)]],Plancontratacion2019[[#This Row],[FECHA VIGENCIA_(AAAA-MM-DD)3]],Plancontratacion2019[[#This Row],[_FECHA VIGENCIA (AAAA-MM-DD)]],Plancontratacion2019[[#This Row],[FECHA VIGENCIA (AAAA-MM-DD).]],Plancontratacion2019[[#This Row],[FECHA VIGENCIA (AAAA-MM-DD)..]],Plancontratacion2019[[#This Row],[FECHA VIGENCIA (AAAA-MM-DD)'']],0) -> 0 | EG72: COFAC
R73: =Plancontratacion2019[[#This Row],[RUBRO (SE DEBE REPORTARTAR EN SIGEP SERVICIOS PERSONAS NATURALES)]] -> 0 | S73: =Plancontratacion2019[[#This Row],[VALOR]] -> 0 | V73: =Plancontratacion2019[[#This Row],[RUBRO ]] -> 0 | W73: =Plancontratacion2019[[#This Row],[VALOR ]] -> 0 | X73: =SUM($S73+$W73+Plancontratacion2019[[#This Row],[VALOR TOTAL DEL APOYO]]) -> 0 | BB73: =Plancontratacion2019[[#This Row],[VALOR INICIAL DEL CONTRATO]]+Plancontratacion2019[[#This Row],[VALOR ADICION AL CONTRATO]]-Plancontratacion2019[[#This Row],[VALOR REDUCCIÓN DEL CONTRATO]] -> 0 | BE73: =$BD73-$BC73 -> 0 | BH73: =IFERROR(VLOOKUP('Formato Único de Contratación'!$BG73,TABLADEPARTAMENTOS,2,0),"DIGITE DEPARTAMENTO") -> DIGITE DEPARTAMENTO | BT73: =Plancontratacion2019[[#This Row],[FECHA PRORROGA EJECUCIÓN (AAAA-MM-DD)]]-Plancontratacion2019[[#This Row],[FECHA ACTA DE INICIO]] -> 0 | CP73: =COUNT(BY73,CA73,CE73,CG73,CI73,CK73,CC73,CN73) -> 0 | DH73: =SUM(CS73:DD73) -> 0 | DI73: =BB73-DH73 -> 0 | DJ73: =IFERROR(DH73/BB73,0) -> 0 | EF73: =MAX(Plancontratacion2019[[#This Row],[FECHA VIGENCIA (AAAA-MM-DD)]],Plancontratacion2019[[#This Row],[FECHA VIGENCIA (AAAA-MM-DD)]],Plancontratacion2019[[#This Row],[FECHA_VIGENCIA (AAAA-MM-DD)]],Plancontratacion2019[[#This Row],[FECHA VIGENCIA_(AAAA-MM-DD)3]],Plancontratacion2019[[#This Row],[_FECHA VIGENCIA (AAAA-MM-DD)]],Plancontratacion2019[[#This Row],[FECHA VIGENCIA (AAAA-MM-DD).]],Plancontratacion2019[[#This Row],[FECHA VIGENCIA (AAAA-MM-DD)..]],Plancontratacion2019[[#This Row],[FECHA VIGENCIA (AAAA-MM-DD)'']],0) -> 0 | EG73: =IFERROR(VLOOKUP(MID(B74,8,1),NOMENCLATURA,2,FALSE),"-") -> -
R74: =Plancontratacion2019[[#This Row],[RUBRO (SE DEBE REPORTARTAR EN SIGEP SERVICIOS PERSONAS NATURALES)]] -> 0 | S74: =Plancontratacion2019[[#This Row],[VALOR]] -> 0 | V74: =Plancontratacion2019[[#This Row],[RUBRO ]] -> 0 | W74: =Plancontratacion2019[[#This Row],[VALOR ]] -> 0 | X74: =SUM($S74+$W74+Plancontratacion2019[[#This Row],[VALOR TOTAL DEL APOYO]]) -> 0 | BB74: =Plancontratacion2019[[#This Row],[VALOR INICIAL DEL CONTRATO]]+Plancontratacion2019[[#This Row],[VALOR ADICION AL CONTRATO]]-Plancontratacion2019[[#This Row],[VALOR REDUCCIÓN DEL CONTRATO]] -> 0 | BE74: =$BD74-$BC74 -> 0 | BH74: =IFERROR(VLOOKUP('Formato Único de Contratación'!$BG74,TABLADEPARTAMENTOS,2,0),"DIGITE DEPARTAMENTO") -> DIGITE DEPARTAMENTO | BT74: =Plancontratacion2019[[#This Row],[FECHA PRORROGA EJECUCIÓN (AAAA-MM-DD)]]-Plancontratacion2019[[#This Row],[FECHA ACTA DE INICIO]] -> 0 | CP74: =COUNT(BY74,CA74,CE74,CG74,CI74,CK74,CC74,CN74) -> 0 | DH74: =SUM(CS74:DD74) -> 0 | DI74: =BB74-DH74 -> 0 | DJ74: =IFERROR(DH74/BB74,0) -> 0 | EF74: =MAX(Plancontratacion2019[[#This Row],[FECHA VIGENCIA (AAAA-MM-DD)]],Plancontratacion2019[[#This Row],[FECHA VIGENCIA (AAAA-MM-DD)]],Plancontratacion2019[[#This Row],[FECHA_VIGENCIA (AAAA-MM-DD)]],Plancontratacion2019[[#This Row],[FECHA VIGENCIA_(AAAA-MM-DD)3]],Plancontratacion2019[[#This Row],[_FECHA VIGENCIA (AAAA-MM-DD)]],Plancontratacion2019[[#This Row],[FECHA VIGENCIA (AAAA-MM-DD).]],Plancontratacion2019[[#This Row],[FECHA VIGENCIA (AAAA-MM-DD)..]],Plancontratacion2019[[#This Row],[FECHA VIGENCIA (AAAA-MM-DD)'']],0) -> 0 | EG74: =IFERROR(VLOOKUP(MID(B75,8,1),NOMENCLATURA,2,FALSE),"-") -> -
R75: =Plancontratacion2019[[#This Row],[RUBRO (SE DEBE REPORTARTAR EN SIGEP SERVICIOS PERSONAS NATURALES)]] -> 0 | S75: =Plancontratacion2019[[#This Row],[VALOR]] -> 0 | V75: =Plancontratacion2019[[#This Row],[RUBRO ]] -> 0 | W75: =Plancontratacion2019[[#This Row],[VALOR ]] -> 0 | X75: =SUM($S75+$W75+Plancontratacion2019[[#This Row],[VALOR TOTAL DEL APOYO]]) -> 0 | BB75: =Plancontratacion2019[[#This Row],[VALOR INICIAL DEL CONTRATO]]+Plancontratacion2019[[#This Row],[VALOR ADICION AL CONTRATO]]-Plancontratacion2019[[#This Row],[VALOR REDUCCIÓN DEL CONTRATO]] -> 0 | BE75: =$BD75-$BC75 -> 0 | BH75: =IFERROR(VLOOKUP('Formato Único de Contratación'!$BG75,TABLADEPARTAMENTOS,2,0),"DIGITE DEPARTAMENTO") -> DIGITE DEPARTAMENTO | BT75: =Plancontratacion2019[[#This Row],[FECHA PRORROGA EJECUCIÓN (AAAA-MM-DD)]]-Plancontratacion2019[[#This Row],[FECHA ACTA DE INICIO]] -> 0 | CP75: =COUNT(BY75,CA75,CE75,CG75,CI75,CK75,CC75,CN75) -> 0 | DH75: =SUM(CS75:DD75) -> 0 | DI75: =BB75-DH75 -> 0 | DJ75: =IFERROR(DH75/BB75,0) -> 0 | EF75: =MAX(Plancontratacion2019[[#This Row],[FECHA VIGENCIA (AAAA-MM-DD)]],Plancontratacion2019[[#This Row],[FECHA VIGENCIA (AAAA-MM-DD)]],Plancontratacion2019[[#This Row],[FECHA_VIGENCIA (AAAA-MM-DD)]],Plancontratacion2019[[#This Row],[FECHA VIGENCIA_(AAAA-MM-DD)3]],Plancontratacion2019[[#This Row],[_FECHA VIGENCIA (AAAA-MM-DD)]],Plancontratacion2019[[#This Row],[FECHA VIGENCIA (AAAA-MM-DD).]],Plancontratacion2019[[#This Row],[FECHA VIGENCIA (AAAA-MM-DD)..]],Plancontratacion2019[[#This Row],[FECHA VIGENCIA (AAAA-MM-DD)'']],0) -> 0 | EG75: =IFERROR(VLOOKUP(MID(B76,8,1),NOMENCLATURA,2,FALSE),"-") -> -
R76: =Plancontratacion2019[[#This Row],[RUBRO (SE DEBE REPORTARTAR EN SIGEP SERVICIOS PERSONAS NATURALES)]] -> 0 | V76: =Plancontratacion2019[[#This Row],[RUBRO ]] -> 0 | W76: =Plancontratacion2019[[#This Row],[VALOR ]] -> 0 | X76: =SUM($S76+$W76+Plancontratacion2019[[#This Row],[VALOR TOTAL DEL APOYO]]) -> 0 | BB76: =Plancontratacion2019[[#This Row],[VALOR INICIAL DEL CONTRATO]]+Plancontratacion2019[[#This Row],[VALOR ADICION AL CONTRATO]]-Plancontratacion2019[[#This Row],[VALOR REDUCCIÓN DEL CONTRATO]] -> 0 | BE76: =$BD76-$BC76 -> 0 | BH76: =IFERROR(VLOOKUP('Formato Único de Contratación'!$BG76,TABLADEPARTAMENTOS,2,0),"DIGITE DEPARTAMENTO") -> DIGITE DEPARTAMENTO | BT76: =Plancontratacion2019[[#This Row],[FECHA PRORROGA EJECUCIÓN (AAAA-MM-DD)]]-Plancontratacion2019[[#This Row],[FECHA ACTA DE INICIO]] -> 0 | CP76: =COUNT(BY76,CA76,CE76,CG76,CI76,CK76,CC76,CN76) -> 0 | DH76: =SUM(CS76:DD76) -> 0 | DI76: =BB76-DH76 -> 0 | DJ76: =IFERROR(DH76/BB76,0) -> 0 | EF76: =MAX(Plancontratacion2019[[#This Row],[FECHA VIGENCIA (AAAA-MM-DD)]],Plancontratacion2019[[#This Row],[FECHA VIGENCIA (AAAA-MM-DD)]],Plancontratacion2019[[#This Row],[FECHA_VIGENCIA (AAAA-MM-DD)]],Plancontratacion2019[[#This Row],[FECHA VIGENCIA_(AAAA-MM-DD)3]],Plancontratacion2019[[#This Row],[_FECHA VIGENCIA (AAAA-MM-DD)]],Plancontratacion2019[[#This Row],[FECHA VIGENCIA (AAAA-MM-DD).]],Plancontratacion2019[[#This Row],[FECHA VIGENCIA (AAAA-MM-DD)..]],Plancontratacion2019[[#This Row],[FECHA VIGENCIA (AAAA-MM-DD)'']],0) -> 0 | EG76: =IFERROR(VLOOKUP(MID(B77,8,1),NOMENCLATURA,2,FALSE),"-") -> -
R77: =Plancontratacion2019[[#This Row],[RUBRO (SE DEBE REPORTARTAR EN SIGEP SERVICIOS PERSONAS NATURALES)]] -> 0 | S77: =Plancontratacion2019[[#This Row],[VALOR]] -> 0 | V77: =Plancontratacion2019[[#This Row],[RUBRO ]] -> 0 | W77: =Plancontratacion2019[[#This Row],[VALOR ]] -> 0 | X77: =SUM($S77+$W77+Plancontratacion2019[[#This Row],[VALOR TOTAL DEL APOYO]]) -> 0 | BB77: =Plancontratacion2019[[#This Row],[VALOR INICIAL DEL CONTRATO]]+Plancontratacion2019[[#This Row],[VALOR ADICION AL CONTRATO]]-Plancontratacion2019[[#This Row],[VALOR REDUCCIÓN DEL CONTRATO]] -> 0 | BE77: =$BD77-$BC77 -> 0 | BH77: =IFERROR(VLOOKUP('Formato Único de Contratación'!$BG77,TABLADEPARTAMENTOS,2,0),"DIGITE DEPARTAMENTO") -> DIGITE DEPARTAMENTO | BT77: =Plancontratacion2019[[#This Row],[FECHA PRORROGA EJECUCIÓN (AAAA-MM-DD)]]-Plancontratacion2019[[#This Row],[FECHA ACTA DE INICIO]] -> 0 | CP77: =COUNT(BY77,CA77,CE77,CG77,CI77,CK77,CC77,CN77) -> 0 | DH77: =SUM(CS77:DD77) -> 0 | DI77: =BB77-DH77 -> 0 | DJ77: =IFERROR(DH77/BB77,0) -> 0 | EF77: =MAX(Plancontratacion2019[[#This Row],[FECHA VIGENCIA (AAAA-MM-DD)]],Plancontratacion2019[[#This Row],[FECHA VIGENCIA (AAAA-MM-DD)]],Plancontratacion2019[[#This Row],[FECHA_VIGENCIA (AAAA-MM-DD)]],Plancontratacion2019[[#This Row],[FECHA VIGENCIA_(AAAA-MM-DD)3]],Plancontratacion2019[[#This Row],[_FECHA VIGENCIA (AAAA-MM-DD)]],Plancontratacion2019[[#This Row],[FECHA VIGENCIA (AAAA-MM-DD).]],Plancontratacion2019[[#This Row],[FECHA VIGENCIA (AAAA-MM-DD)..]],Plancontratacion2019[[#This Row],[FECHA VIGENCIA (AAAA-MM-DD)'']],0) -> 0 | EG77: =IFERROR(VLOOKUP(MID(B78,8,1),NOMENCLATURA,2,FALSE),"-") -> -
R78: =Plancontratacion2019[[#This Row],[RUBRO (SE DEBE REPORTARTAR EN SIGEP SERVICIOS PERSONAS NATURALES)]] -> 0 | S78: =Plancontratacion2019[[#This Row],[VALOR]] -> 0 | V78: =Plancontratacion2019[[#This Row],[RUBRO ]] -> 0 | W78: =Plancontratacion2019[[#This Row],[VALOR ]] -> 0 | X78: =SUM($S78+$W78+Plancontratacion2019[[#This Row],[VALOR TOTAL DEL APOYO]]) -> 0 | BB78: =Plancontratacion2019[[#This Row],[VALOR INICIAL DEL CONTRATO]]+Plancontratacion2019[[#This Row],[VALOR ADICION AL CONTRATO]]-Plancontratacion2019[[#This Row],[VALOR REDUCCIÓN DEL CONTRATO]] -> 0 | BE78: =$BD78-$BC78 -> 0 | BH78: =IFERROR(VLOOKUP('Formato Único de Contratación'!$BG78,TABLADEPARTAMENTOS,2,0),"DIGITE DEPARTAMENTO") -> DIGITE DEPARTAMENTO | BT78: =Plancontratacion2019[[#This Row],[FECHA PRORROGA EJECUCIÓN (AAAA-MM-DD)]]-Plancontratacion2019[[#This Row],[FECHA ACTA DE INICIO]] -> 0 | CP78: =COUNT(BY78,CA78,CE78,CG78,CI78,CK78,CC78,CN78) -> 0 | DH78: =SUM(CS78:DD78) -> 0 | DI78: =BB78-DH78 -> 0 | DJ78: =IFERROR(DH78/BB78,0) -> 0 | EF78: =MAX(Plancontratacion2019[[#This Row],[FECHA VIGENCIA (AAAA-MM-DD)]],Plancontratacion2019[[#This Row],[FECHA VIGENCIA (AAAA-MM-DD)]],Plancontratacion2019[[#This Row],[FECHA_VIGENCIA (AAAA-MM-DD)]],Plancontratacion2019[[#This Row],[FECHA VIGENCIA_(AAAA-MM-DD)3]],Plancontratacion2019[[#This Row],[_FECHA VIGENCIA (AAAA-MM-DD)]],Plancontratacion2019[[#This Row],[FECHA VIGENCIA (AAAA-MM-DD).]],Plancontratacion2019[[#This Row],[FECHA VIGENCIA (AAAA-MM-DD)..]],Plancontratacion2019[[#This Row],[FECHA VIGENCIA (AAAA-MM-DD)'']],0) -> 0 | EG78: =IFERROR(VLOOKUP(MID(B79,8,1),NOMENCLATURA,2,FALSE),"-") -> -
R79: =Plancontratacion2019[[#This Row],[RUBRO (SE DEBE REPORTARTAR EN SIGEP SERVICIOS PERSONAS NATURALES)]] -> 0 | S79: =Plancontratacion2019[[#This Row],[VALOR]] -> 0 | V79: =Plancontratacion2019[[#This Row],[RUBRO ]] -> 0 | W79: =Plancontratacion2019[[#This Row],[VALOR ]] -> 0 | X79: =SUM($S79+$W79+Plancontratacion2019[[#This Row],[VALOR TOTAL DEL APOYO]]) -> 0 | BB79: =Plancontratacion2019[[#This Row],[VALOR INICIAL DEL CONTRATO]]+Plancontratacion2019[[#This Row],[VALOR ADICION AL CONTRATO]]-Plancontratacion2019[[#This Row],[VALOR REDUCCIÓN DEL CONTRATO]] -> 0 | BE79: =$BD79-$BC79 -> 0 | BH79: =IFERROR(VLOOKUP('Formato Único de Contratación'!$BG79,TABLADEPARTAMENTOS,2,0),"DIGITE DEPARTAMENTO") -> DIGITE DEPARTAMENTO | BT79: =Plancontratacion2019[[#This Row],[FECHA PRORROGA EJECUCIÓN (AAAA-MM-DD)]]-Plancontratacion2019[[#This Row],[FECHA ACTA DE INICIO]] -> 0 | CP79: =COUNT(BY79,CA79,CE79,CG79,CI79,CK79,CC79,CN79) -> 0 | DH79: =SUM(CS79:DD79) -> 0 | DI79: =BB79-DH79 -> 0 | DJ79: =IFERROR(DH79/BB79,0) -> 0 | EF79: =MAX(Plancontratacion2019[[#This Row],[FECHA VIGENCIA (AAAA-MM-DD)]],Plancontratacion2019[[#This Row],[FECHA VIGENCIA (AAAA-MM-DD)]],Plancontratacion2019[[#This Row],[FECHA_VIGENCIA (AAAA-MM-DD)]],Plancontratacion2019[[#This Row],[FECHA VIGENCIA_(AAAA-MM-DD)3]],Plancontratacion2019[[#This Row],[_FECHA VIGENCIA (AAAA-MM-DD)]],Plancontratacion2019[[#This Row],[FECHA VIGENCIA (AAAA-MM-DD).]],Plancontratacion2019[[#This Row],[FECHA VIGENCIA (AAAA-MM-DD)..]],Plancontratacion2019[[#This Row],[FECHA VIGENCIA (AAAA-MM-DD)'']],0) -> 0 | EG79: COFAC
R80: =Plancontratacion2019[[#This Row],[RUBRO (SE DEBE REPORTARTAR EN SIGEP SERVICIOS PERSONAS NATURALES)]] -> 0 | S80: =Plancontratacion2019[[#This Row],[VALOR]] -> 0 | V80: =Plancontratacion2019[[#This Row],[RUBRO ]] -> 0 | W80: =Plancontratacion2019[[#This Row],[VALOR ]] -> 0 | X80: =SUM($S80+$W80+Plancontratacion2019[[#This Row],[VALOR TOTAL DEL APOYO]]) -> 0 | BB80: =Plancontratacion2019[[#This Row],[VALOR INICIAL DEL CONTRATO]]+Plancontratacion2019[[#This Row],[VALOR ADICION AL CONTRATO]]-Plancontratacion2019[[#This Row],[VALOR REDUCCIÓN DEL CONTRATO]] -> 0 | BE80: =$BD80-$BC80 -> 0 | BH80: =IFERROR(VLOOKUP('Formato Único de Contratación'!$BG80,TABLADEPARTAMENTOS,2,0),"DIGITE DEPARTAMENTO") -> DIGITE DEPARTAMENTO | BT80: =Plancontratacion2019[[#This Row],[FECHA PRORROGA EJECUCIÓN (AAAA-MM-DD)]]-Plancontratacion2019[[#This Row],[FECHA ACTA DE INICIO]] -> 0 | CP80: =COUNT(BY80,CA80,CE80,CG80,CI80,CK80,CC80,CN80) -> 0 | DH80: =SUM(CS80:DD80) -> 0 | DI80: =BB80-DH80 -> 0 | DJ80: =IFERROR(DH80/BB80,0) -> 0 | EF80: =MAX(Plancontratacion2019[[#This Row],[FECHA VIGENCIA (AAAA-MM-DD)]],Plancontratacion2019[[#This Row],[FECHA VIGENCIA (AAAA-MM-DD)]],Plancontratacion2019[[#This Row],[FECHA_VIGENCIA (AAAA-MM-DD)]],Plancontratacion2019[[#This Row],[FECHA VIGENCIA_(AAAA-MM-DD)3]],Plancontratacion2019[[#This Row],[_FECHA VIGENCIA (AAAA-MM-DD)]],Plancontratacion2019[[#This Row],[FECHA VIGENCIA (AAAA-MM-DD).]],Plancontratacion2019[[#This Row],[FECHA VIGENCIA (AAAA-MM-DD)..]],Plancontratacion2019[[#This Row],[FECHA VIGENCIA (AAAA-MM-DD)'']],0) -> 0 | EG80: COFAC
R81: =Plancontratacion2019[[#This Row],[RUBRO (SE DEBE REPORTARTAR EN SIGEP SERVICIOS PERSONAS NATURALES)]] -> 0 | S81: =Plancontratacion2019[[#This Row],[VALOR]] -> 0 | V81: =Plancontratacion2019[[#This Row],[RUBRO ]] -> 0 | W81: =Plancontratacion2019[[#This Row],[VALOR ]] -> 0 | X81: =SUM($S81+$W81+Plancontratacion2019[[#This Row],[VALOR TOTAL DEL APOYO]]) -> 0 | BB81: =Plancontratacion2019[[#This Row],[VALOR INICIAL DEL CONTRATO]]+Plancontratacion2019[[#This Row],[VALOR ADICION AL CONTRATO]]-Plancontratacion2019[[#This Row],[VALOR REDUCCIÓN DEL CONTRATO]] -> 0 | BE81: =$BD81-$BC81 -> 0 | BH81: =IFERROR(VLOOKUP('Formato Único de Contratación'!$BG81,TABLADEPARTAMENTOS,2,0),"DIGITE DEPARTAMENTO") -> DIGITE DEPARTAMENTO | BT81: =Plancontratacion2019[[#This Row],[FECHA PRORROGA EJECUCIÓN (AAAA-MM-DD)]]-Plancontratacion2019[[#This Row],[FECHA ACTA DE INICIO]] -> 0 | CP81: =COUNT(BY81,CA81,CE81,CG81,CI81,CK81,CC81,CN81) -> 0 | DH81: =SUM(CS81:DD81) -> 0 | DI81: =BB81-DH81 -> 0 | DJ81: =IFERROR(DH81/BB81,0) -> 0 | EF81: =MAX(Plancontratacion2019[[#This Row],[FECHA VIGENCIA (AAAA-MM-DD)]],Plancontratacion2019[[#This Row],[FECHA VIGENCIA (AAAA-MM-DD)]],Plancontratacion2019[[#This Row],[FECHA_VIGENCIA (AAAA-MM-DD)]],Plancontratacion2019[[#This Row],[FECHA VIGENCIA_(AAAA-MM-DD)3]],Plancontratacion2019[[#This Row],[_FECHA VIGENCIA (AAAA-MM-DD)]],Plancontratacion2019[[#This Row],[FECHA VIGENCIA (AAAA-MM-DD).]],Plancontratacion2019[[#This Row],[FECHA VIGENCIA (AAAA-MM-DD)..]],Plancontratacion2019[[#This Row],[FECHA VIGENCIA (AAAA-MM-DD)'']],0) -> 0 | EG81: COFAC
R82: =Plancontratacion2019[[#This Row],[RUBRO (SE DEBE REPORTARTAR EN SIGEP SERVICIOS PERSONAS NATURALES)]] -> 0 | S82: =Plancontratacion2019[[#This Row],[VALOR]] -> 0 | V82: =Plancontratacion2019[[#This Row],[RUBRO ]] -> 0 | W82: =Plancontratacion2019[[#This Row],[VALOR ]] -> 0 | X82: =SUM($S82+$W82+Plancontratacion2019[[#This Row],[VALOR TOTAL DEL APOYO]]) -> 0 | BB82: =Plancontratacion2019[[#This Row],[VALOR INICIAL DEL CONTRATO]]+Plancontratacion2019[[#This Row],[VALOR ADICION AL CONTRATO]]-Plancontratacion2019[[#This Row],[VALOR REDUCCIÓN DEL CONTRATO]] -> 0 | BE82: =$BD82-$BC82 -> 0 | BH82: =IFERROR(VLOOKUP('Formato Único de Contratación'!$BG82,TABLADEPARTAMENTOS,2,0),"DIGITE DEPARTAMENTO") -> DIGITE DEPARTAMENTO | BT82: =Plancontratacion2019[[#This Row],[FECHA PRORROGA EJECUCIÓN (AAAA-MM-DD)]]-Plancontratacion2019[[#This Row],[FECHA ACTA DE INICIO]] -> 0 | CP82: =COUNT(BY82,CA82,CE82,CG82,CI82,CK82,CC82,CN82) -> 0 | DH82: =SUM(CS82:DD82) -> 0 | DI82: =BB82-DH82 -> 0 | DJ82: =IFERROR(DH82/BB82,0) -> 0 | EF82: =MAX(Plancontratacion2019[[#This Row],[FECHA VIGENCIA (AAAA-MM-DD)]],Plancontratacion2019[[#This Row],[FECHA VIGENCIA (AAAA-MM-DD)]],Plancontratacion2019[[#This Row],[FECHA_VIGENCIA (AAAA-MM-DD)]],Plancontratacion2019[[#This Row],[FECHA VIGENCIA_(AAAA-MM-DD)3]],Plancontratacion2019[[#This Row],[_FECHA VIGENCIA (AAAA-MM-DD)]],Plancontratacion2019[[#This Row],[FECHA VIGENCIA (AAAA-MM-DD).]],Plancontratacion2019[[#This Row],[FECHA VIGENCIA (AAAA-MM-DD)..]],Plancontratacion2019[[#This Row],[FECHA VIGENCIA (AAAA-MM-DD)'']],0) -> 0 | EG82: COFAC
R83: =Plancontratacion2019[[#This Row],[RUBRO (SE DEBE REPORTARTAR EN SIGEP SERVICIOS PERSONAS NATURALES)]] -> 0 | S83: =Plancontratacion2019[[#This Row],[VALOR]] -> 0 | V83: =Plancontratacion2019[[#This Row],[RUBRO ]] -> 0 | W83: =Plancontratacion2019[[#This Row],[VALOR ]] -> 0 | X83: =SUM($S83+$W83+Plancontratacion2019[[#This Row],[VALOR TOTAL DEL APOYO]]) -> 0 | BB83: =Plancontratacion2019[[#This Row],[VALOR INICIAL DEL CONTRATO]]+Plancontratacion2019[[#This Row],[VALOR ADICION AL CONTRATO]]-Plancontratacion2019[[#This Row],[VALOR REDUCCIÓN DEL CONTRATO]] -> 0 | BE83: =$BD83-$BC83 -> 0 | BH83: =IFERROR(VLOOKUP('Formato Único de Contratación'!$BG83,TABLADEPARTAMENTOS,2,0),"DIGITE DEPARTAMENTO") -> DIGITE DEPARTAMENTO | BT83: =Plancontratacion2019[[#This Row],[FECHA PRORROGA EJECUCIÓN (AAAA-MM-DD)]]-Plancontratacion2019[[#This Row],[FECHA ACTA DE INICIO]] -> 0 | CP83: =COUNT(BY83,CA83,CE83,CG83,CI83,CK83,CC83,CN83) -> 0 | DH83: =SUM(CS83:DD83) -> 0 | DI83: =BB83-DH83 -> 0 | DJ83: =IFERROR(DH83/BB83,0) -> 0 | EF83: =MAX(Plancontratacion2019[[#This Row],[FECHA VIGENCIA (AAAA-MM-DD)]],Plancontratacion2019[[#This Row],[FECHA VIGENCIA (AAAA-MM-DD)]],Plancontratacion2019[[#This Row],[FECHA_VIGENCIA (AAAA-MM-DD)]],Plancontratacion2019[[#This Row],[FECHA VIGENCIA_(AAAA-MM-DD)3]],Plancontratacion2019[[#This Row],[_FECHA VIGENCIA (AAAA-MM-DD)]],Plancontratacion2019[[#This Row],[FECHA VIGENCIA (AAAA-MM-DD).]],Plancontratacion2019[[#This Row],[FECHA VIGENCIA (AAAA-MM-DD)..]],Plancontratacion2019[[#This Row],[FECHA VIGENCIA (AAAA-MM-DD)'']],0) -> 0 | EG83: COFAC
R84: =Plancontratacion2019[[#This Row],[RUBRO (SE DEBE REPORTARTAR EN SIGEP SERVICIOS PERSONAS NATURALES)]] -> 0 | S84: =Plancontratacion2019[[#This Row],[VALOR]] -> 0 | V84: =Plancontratacion2019[[#This Row],[RUBRO ]] -> 0 | W84: =Plancontratacion2019[[#This Row],[VALOR ]] -> 0 | X84: =SUM($S84+$W84+Plancontratacion2019[[#This Row],[VALOR TOTAL DEL APOYO]]) -> 0 | BB84: =Plancontratacion2019[[#This Row],[VALOR INICIAL DEL CONTRATO]]+Plancontratacion2019[[#This Row],[VALOR ADICION AL CONTRATO]]-Plancontratacion2019[[#This Row],[VALOR REDUCCIÓN DEL CONTRATO]] -> 0 | BE84: =$BD84-$BC84 -> 0 | BH84: =IFERROR(VLOOKUP('Formato Único de Contratación'!$BG84,TABLADEPARTAMENTOS,2,0),"DIGITE DEPARTAMENTO") -> DIGITE DEPARTAMENTO | BT84: =Plancontratacion2019[[#This Row],[FECHA PRORROGA EJECUCIÓN (AAAA-MM-DD)]]-Plancontratacion2019[[#This Row],[FECHA ACTA DE INICIO]] -> 0 | CP84: =COUNT(BY84,CA84,CE84,CG84,CI84,CK84,CC84,CN84) -> 0 | DH84: =SUM(CS84:DD84) -> 0 | DI84: =BB84-DH84 -> 0 | DJ84: =IFERROR(DH84/BB84,0) -> 0 | EF84: =MAX(Plancontratacion2019[[#This Row],[FECHA VIGENCIA (AAAA-MM-DD)]],Plancontratacion2019[[#This Row],[FECHA VIGENCIA (AAAA-MM-DD)]],Plancontratacion2019[[#This Row],[FECHA_VIGENCIA (AAAA-MM-DD)]],Plancontratacion2019[[#This Row],[FECHA VIGENCIA_(AAAA-MM-DD)3]],Plancontratacion2019[[#This Row],[_FECHA VIGENCIA (AAAA-MM-DD)]],Plancontratacion2019[[#This Row],[FECHA VIGENCIA (AAAA-MM-DD).]],Plancontratacion2019[[#This Row],[FECHA VIGENCIA (AAAA-MM-DD)..]],Plancontratacion2019[[#This Row],[FECHA VIGENCIA (AAAA-MM-DD)'']],0) -> 0 | EG84: COFAC
R85: =Plancontratacion2019[[#This Row],[RUBRO (SE DEBE REPORTARTAR EN SIGEP SERVICIOS PERSONAS NATURALES)]] -> 0 | S85: =Plancontratacion2019[[#This Row],[VALOR]] -> 0 | V85: =Plancontratacion2019[[#This Row],[RUBRO ]] -> 0 | W85: =Plancontratacion2019[[#This Row],[VALOR ]] -> 0 | X85: =SUM($S85+$W85+Plancontratacion2019[[#This Row],[VALOR TOTAL DEL APOYO]]) -> 0 | BB85: =Plancontratacion2019[[#This Row],[VALOR INICIAL DEL CONTRATO]]+Plancontratacion2019[[#This Row],[VALOR ADICION AL CONTRATO]]-Plancontratacion2019[[#This Row],[VALOR REDUCCIÓN DEL CONTRATO]] -> 0 | BE85: =$BD85-$BC85 -> 0 | BH85: =IFERROR(VLOOKUP('Formato Único de Contratación'!$BG85,TABLADEPARTAMENTOS,2,0),"DIGITE DEPARTAMENTO") -> DIGITE DEPARTAMENTO | BT85: =Plancontratacion2019[[#This Row],[FECHA PRORROGA EJECUCIÓN (AAAA-MM-DD)]]-Plancontratacion2019[[#This Row],[FECHA ACTA DE INICIO]] -> 0 | CP85: =COUNT(BY85,CA85,CE85,CG85,CI85,CK85,CC85,CN85) -> 0 | DH85: =SUM(CS85:DD85) -> 0 | DI85: =BB85-DH85 -> 0 | DJ85: =IFERROR(DH85/BB85,0) -> 0 | EF85: =MAX(Plancontratacion2019[[#This Row],[FECHA VIGENCIA (AAAA-MM-DD)]],Plancontratacion2019[[#This Row],[FECHA VIGENCIA (AAAA-MM-DD)]],Plancontratacion2019[[#This Row],[FECHA_VIGENCIA (AAAA-MM-DD)]],Plancontratacion2019[[#This Row],[FECHA VIGENCIA_(AAAA-MM-DD)3]],Plancontratacion2019[[#This Row],[_FECHA VIGENCIA (AAAA-MM-DD)]],Plancontratacion2019[[#This Row],[FECHA VIGENCIA (AAAA-MM-DD).]],Plancontratacion2019[[#This Row],[FECHA VIGENCIA (AAAA-MM-DD)..]],Plancontratacion2019[[#This Row],[FECHA VIGENCIA (AAAA-MM-DD)'']],0) -> 0 | EG85: COFAC
R86: =Plancontratacion2019[[#This Row],[RUBRO (SE DEBE REPORTARTAR EN SIGEP SERVICIOS PERSONAS NATURALES)]] -> 0 | S86: =Plancontratacion2019[[#This Row],[VALOR]] -> 0 | V86: =Plancontratacion2019[[#This Row],[RUBRO ]] -> 0 | W86: =Plancontratacion2019[[#This Row],[VALOR ]] -> 0 | X86: =SUM($S86+$W86+Plancontratacion2019[[#This Row],[VALOR TOTAL DEL APOYO]]) -> 0 | BB86: =Plancontratacion2019[[#This Row],[VALOR INICIAL DEL CONTRATO]]+Plancontratacion2019[[#This Row],[VALOR ADICION AL CONTRATO]]-Plancontratacion2019[[#This Row],[VALOR REDUCCIÓN DEL CONTRATO]] -> 0 | BE86: =$BD86-$BC86 -> 0 | BH86: =IFERROR(VLOOKUP('Formato Único de Contratación'!$BG86,TABLADEPARTAMENTOS,2,0),"DIGITE DEPARTAMENTO") -> DIGITE DEPARTAMENTO | BT86: =Plancontratacion2019[[#This Row],[FECHA PRORROGA EJECUCIÓN (AAAA-MM-DD)]]-Plancontratacion2019[[#This Row],[FECHA ACTA DE INICIO]] -> 0 | CP86: =COUNT(BY86,CA86,CE86,CG86,CI86,CK86,CC86,CN86) -> 0 | DH86: =SUM(CS86:DD86) -> 0 | DI86: =BB86-DH86 -> 0 | DJ86: =IFERROR(DH86/BB86,0) -> 0 | EF86: =MAX(Plancontratacion2019[[#This Row],[FECHA VIGENCIA (AAAA-MM-DD)]],Plancontratacion2019[[#This Row],[FECHA VIGENCIA (AAAA-MM-DD)]],Plancontratacion2019[[#This Row],[FECHA_VIGENCIA (AAAA-MM-DD)]],Plancontratacion2019[[#This Row],[FECHA VIGENCIA_(AAAA-MM-DD)3]],Plancontratacion2019[[#This Row],[_FECHA VIGENCIA (AAAA-MM-DD)]],Plancontratacion2019[[#This Row],[FECHA VIGENCIA (AAAA-MM-DD).]],Plancontratacion2019[[#This Row],[FECHA VIGENCIA (AAAA-MM-DD)..]],Plancontratacion2019[[#This Row],[FECHA VIGENCIA (AAAA-MM-DD)'']],0) -> 0 | EG86: COFAC
R87: =Plancontratacion2019[[#This Row],[RUBRO (SE DEBE REPORTARTAR EN SIGEP SERVICIOS PERSONAS NATURALES)]] -> 0 | S87: =Plancontratacion2019[[#This Row],[VALOR]] -> 0 | V87: =Plancontratacion2019[[#This Row],[RUBRO ]] -> 0 | W87: =Plancontratacion2019[[#This Row],[VALOR ]] -> 0 | X87: =SUM($S87+$W87+Plancontratacion2019[[#This Row],[VALOR TOTAL DEL APOYO]]) -> 0 | BB87: =Plancontratacion2019[[#This Row],[VALOR INICIAL DEL CONTRATO]]+Plancontratacion2019[[#This Row],[VALOR ADICION AL CONTRATO]]-Plancontratacion2019[[#This Row],[VALOR REDUCCIÓN DEL CONTRATO]] -> 0 | BE87: =$BD87-$BC87 -> 0 | BH87: =IFERROR(VLOOKUP('Formato Único de Contratación'!$BG87,TABLADEPARTAMENTOS,2,0),"DIGITE DEPARTAMENTO") -> DIGITE DEPARTAMENTO | BT87: =Plancontratacion2019[[#This Row],[FECHA PRORROGA EJECUCIÓN (AAAA-MM-DD)]]-Plancontratacion2019[[#This Row],[FECHA ACTA DE INICIO]] -> 0 | CP87: =COUNT(BY87,CA87,CE87,CG87,CI87,CK87,CC87,CN87) -> 0 | DH87: =SUM(CS87:DD87) -> 0 | DI87: =BB87-DH87 -> 0 | DJ87: =IFERROR(DH87/BB87,0) -> 0 | EF87: =MAX(Plancontratacion2019[[#This Row],[FECHA VIGENCIA (AAAA-MM-DD)]],Plancontratacion2019[[#This Row],[FECHA VIGENCIA (AAAA-MM-DD)]],Plancontratacion2019[[#This Row],[FECHA_VIGENCIA (AAAA-MM-DD)]],Plancontratacion2019[[#This Row],[FECHA VIGENCIA_(AAAA-MM-DD)3]],Plancontratacion2019[[#This Row],[_FECHA VIGENCIA (AAAA-MM-DD)]],Plancontratacion2019[[#This Row],[FECHA VIGENCIA (AAAA-MM-DD).]],Plancontratacion2019[[#This Row],[FECHA VIGENCIA (AAAA-MM-DD)..]],Plancontratacion2019[[#This Row],[FECHA VIGENCIA (AAAA-MM-DD)'']],0) -> 0 | EG87: =IFERROR(VLOOKUP(MID(B87,8,1),NOMENCLATURA,2,FALSE),"-") -> -
R88: =Plancontratacion2019[[#This Row],[RUBRO (SE DEBE REPORTARTAR EN SIGEP SERVICIOS PERSONAS NATURALES)]] -> 0 | S88: =Plancontratacion2019[[#This Row],[VALOR]] -> 0 | V88: =Plancontratacion2019[[#This Row],[RUBRO ]] -> 0 | W88: =Plancontratacion2019[[#This Row],[VALOR ]] -> 0 | X88: =SUM($S88+$W88+Plancontratacion2019[[#This Row],[VALOR TOTAL DEL APOYO]]) -> 0 | BB88: =Plancontratacion2019[[#This Row],[VALOR INICIAL DEL CONTRATO]]+Plancontratacion2019[[#This Row],[VALOR ADICION AL CONTRATO]]-Plancontratacion2019[[#This Row],[VALOR REDUCCIÓN DEL CONTRATO]] -> 0 | BE88: =$BD88-$BC88 -> 0 | BH88: =IFERROR(VLOOKUP('Formato Único de Contratación'!$BG88,TABLADEPARTAMENTOS,2,0),"DIGITE DEPARTAMENTO") -> DIGITE DEPARTAMENTO | BT88: =Plancontratacion2019[[#This Row],[FECHA PRORROGA EJECUCIÓN (AAAA-MM-DD)]]-Plancontratacion2019[[#This Row],[FECHA ACTA DE INICIO]] -> 0 | CP88: =COUNT(BY88,CA88,CE88,CG88,CI88,CK88,CC88,CN88) -> 0 | DH88: =SUM(CS88:DD88) -> 0 | DI88: =BB88-DH88 -> 0 | DJ88: =IFERROR(DH88/BB88,0) -> 0 | EF88: =MAX(Plancontratacion2019[[#This Row],[FECHA VIGENCIA (AAAA-MM-DD)]],Plancontratacion2019[[#This Row],[FECHA VIGENCIA (AAAA-MM-DD)]],Plancontratacion2019[[#This Row],[FECHA_VIGENCIA (AAAA-MM-DD)]],Plancontratacion2019[[#This Row],[FECHA VIGENCIA_(AAAA-MM-DD)3]],Plancontratacion2019[[#This Row],[_FECHA VIGENCIA (AAAA-MM-DD)]],Plancontratacion2019[[#This Row],[FECHA VIGENCIA (AAAA-MM-DD).]],Plancontratacion2019[[#This Row],[FECHA VIGENCIA (AAAA-MM-DD)..]],Plancontratacion2019[[#This Row],[FECHA VIGENCIA (AAAA-MM-DD)'']],0) -> 0 | EG88: =IFERROR(VLOOKUP(MID(B88,8,1),NOMENCLATURA,2,FALSE),"-") -> -
R89: =Plancontratacion2019[[#This Row],[RUBRO (SE DEBE REPORTARTAR EN SIGEP SERVICIOS PERSONAS NATURALES)]] -> 0 | S89: =Plancontratacion2019[[#This Row],[VALOR]] -> 0 | V89: =Plancontratacion2019[[#This Row],[RUBRO ]] -> 0 | W89: =Plancontratacion2019[[#This Row],[VALOR ]] -> 0 | X89: =SUM($S89+$W89+Plancontratacion2019[[#This Row],[VALOR TOTAL DEL APOYO]]) -> 0 | BB89: =Plancontratacion2019[[#This Row],[VALOR INICIAL DEL CONTRATO]]+Plancontratacion2019[[#This Row],[VALOR ADICION AL CONTRATO]]-Plancontratacion2019[[#This Row],[VALOR REDUCCIÓN DEL CONTRATO]] -> 0 | BE89: =$BD89-$BC89 -> 0 | BH89: =IFERROR(VLOOKUP('Formato Único de Contratación'!$BG89,TABLADEPARTAMENTOS,2,0),"DIGITE DEPARTAMENTO") -> DIGITE DEPARTAMENTO | BT89: =Plancontratacion2019[[#This Row],[FECHA PRORROGA EJECUCIÓN (AAAA-MM-DD)]]-Plancontratacion2019[[#This Row],[FECHA ACTA DE INICIO]] -> 0 | CP89: =COUNT(BY89,CA89,CE89,CG89,CI89,CK89,CC89,CN89) -> 0 | DH89: =SUM(CS89:DD89) -> 0 | DI89: =BB89-DH89 -> 0 | DJ89: =IFERROR(DH89/BB89,0) -> 0 | EF89: =MAX(Plancontratacion2019[[#This Row],[FECHA VIGENCIA (AAAA-MM-DD)]],Plancontratacion2019[[#This Row],[FECHA VIGENCIA (AAAA-MM-DD)]],Plancontratacion2019[[#This Row],[FECHA_VIGENCIA (AAAA-MM-DD)]],Plancontratacion2019[[#This Row],[FECHA VIGENCIA_(AAAA-MM-DD)3]],Plancontratacion2019[[#This Row],[_FECHA VIGENCIA (AAAA-MM-DD)]],Plancontratacion2019[[#This Row],[FECHA VIGENCIA (AAAA-MM-DD).]],Plancontratacion2019[[#This Row],[FECHA VIGENCIA (AAAA-MM-DD)..]],Plancontratacion2019[[#This Row],[FECHA VIGENCIA (AAAA-MM-DD)'']],0) -> 0 | EG89: =IFERROR(VLOOKUP(MID(B89,8,1),NOMENCLATURA,2,FALSE),"-") -> -
R90: =Plancontratacion2019[[#This Row],[RUBRO (SE DEBE REPORTARTAR EN SIGEP SERVICIOS PERSONAS NATURALES)]] -> 0 | V90: =Plancontratacion2019[[#This Row],[RUBRO ]] -> 0 | W90: =Plancontratacion2019[[#This Row],[VALOR ]] -> 0 | X90: =SUM($S90+$W90+Plancontratacion2019[[#This Row],[VALOR TOTAL DEL APOYO]]) -> 0 | BB90: =Plancontratacion2019[[#This Row],[VALOR INICIAL DEL CONTRATO]]+Plancontratacion2019[[#This Row],[VALOR ADICION AL CONTRATO]]-Plancontratacion2019[[#This Row],[VALOR REDUCCIÓN DEL CONTRATO]] -> 0 | BE90: =$BD90-$BC90 -> 0 | BH90: =IFERROR(VLOOKUP('Formato Único de Contratación'!$BG90,TABLADEPARTAMENTOS,2,0),"DIGITE DEPARTAMENTO") -> DIGITE DEPARTAMENTO | BT90: =Plancontratacion2019[[#This Row],[FECHA PRORROGA EJECUCIÓN (AAAA-MM-DD)]]-Plancontratacion2019[[#This Row],[FECHA ACTA DE INICIO]] -> 0 | CP90: =COUNT(BY90,CA90,CE90,CG90,CI90,CK90,CC90,CN90) -> 0 | DH90: =SUM(CS90:DD90) -> 0 | DI90: =BB90-DH90 -> 0 | DJ90: =IFERROR(DH90/BB90,0) -> 0 | EF90: =MAX(Plancontratacion2019[[#This Row],[FECHA VIGENCIA (AAAA-MM-DD)]],Plancontratacion2019[[#This Row],[FECHA VIGENCIA (AAAA-MM-DD)]],Plancontratacion2019[[#This Row],[FECHA_VIGENCIA (AAAA-MM-DD)]],Plancontratacion2019[[#This Row],[FECHA VIGENCIA_(AAAA-MM-DD)3]],Plancontratacion2019[[#This Row],[_FECHA VIGENCIA (AAAA-MM-DD)]],Plancontratacion2019[[#This Row],[FECHA VIGENCIA (AAAA-MM-DD).]],Plancontratacion2019[[#This Row],[FECHA VIGENCIA (AAAA-MM-DD)..]],Plancontratacion2019[[#This Row],[FECHA VIGENCIA (AAAA-MM-DD)'']],0) -> 0 | EG90: =IFERROR(VLOOKUP(MID(B90,8,1),NOMENCLATURA,2,FALSE),"-") -> -
R91: =Plancontratacion2019[[#This Row],[RUBRO (SE DEBE REPORTARTAR EN SIGEP SERVICIOS PERSONAS NATURALES)]] -> 0 | S91: =Plancontratacion2019[[#This Row],[VALOR]] -> 0 | V91: =Plancontratacion2019[[#This Row],[RUBRO ]] -> 0 | W91: =Plancontratacion2019[[#This Row],[VALOR ]] -> 0 | X91: =SUM($S91+$W91+Plancontratacion2019[[#This Row],[VALOR TOTAL DEL APOYO]]) -> 0 | BB91: =Plancontratacion2019[[#This Row],[VALOR INICIAL DEL CONTRATO]]+Plancontratacion2019[[#This Row],[VALOR ADICION AL CONTRATO]]-Plancontratacion2019[[#This Row],[VALOR REDUCCIÓN DEL CONTRATO]] -> 0 | BE91: =$BD91-$BC91 -> 0 | BH91: =IFERROR(VLOOKUP('Formato Único de Contratación'!$BG91,TABLADEPARTAMENTOS,2,0),"DIGITE DEPARTAMENTO") -> DIGITE DEPARTAMENTO | BT91: =Plancontratacion2019[[#This Row],[FECHA PRORROGA EJECUCIÓN (AAAA-MM-DD)]]-Plancontratacion2019[[#This Row],[FECHA ACTA DE INICIO]] -> 0 | CP91: =COUNT(BY91,CA91,CE91,CG91,CI91,CK91,CC91,CN91) -> 0 | DH91: =SUM(CS91:DD91) -> 0 | DI91: =BB91-DH91 -> 0 | DJ91: =IFERROR(DH91/BB91,0) -> 0 | EF91: =MAX(Plancontratacion2019[[#This Row],[FECHA VIGENCIA (AAAA-MM-DD)]],Plancontratacion2019[[#This Row],[FECHA VIGENCIA (AAAA-MM-DD)]],Plancontratacion2019[[#This Row],[FECHA_VIGENCIA (AAAA-MM-DD)]],Plancontratacion2019[[#This Row],[FECHA VIGENCIA_(AAAA-MM-DD)3]],Plancontratacion2019[[#This Row],[_FECHA VIGENCIA (AAAA-MM-DD)]],Plancontratacion2019[[#This Row],[FECHA VIGENCIA (AAAA-MM-DD).]],Plancontratacion2019[[#This Row],[FECHA VIGENCIA (AAAA-MM-DD)..]],Plancontratacion2019[[#This Row],[FECHA VIGENCIA (AAAA-MM-DD)'']],0) -> 0 | EG91: =IFERROR(VLOOKUP(MID(B91,8,1),NOMENCLATURA,2,FALSE),"-") -> -
R92: =Plancontratacion2019[[#This Row],[RUBRO (SE DEBE REPORTARTAR EN SIGEP SERVICIOS PERSONAS NATURALES)]] -> 0 | S92: =Plancontratacion2019[[#This Row],[VALOR]] -> 0 | V92: =Plancontratacion2019[[#This Row],[RUBRO ]] -> 0 | W92: =Plancontratacion2019[[#This Row],[VALOR ]] -> 0 | X92: =SUM($S92+$W92+Plancontratacion2019[[#This Row],[VALOR TOTAL DEL APOYO]]) -> 0 | BB92: =Plancontratacion2019[[#This Row],[VALOR INICIAL DEL CONTRATO]]+Plancontratacion2019[[#This Row],[VALOR ADICION AL CONTRATO]]-Plancontratacion2019[[#This Row],[VALOR REDUCCIÓN DEL CONTRATO]] -> 0 | BE92: =$BD92-$BC92 -> 0 | BH92: =IFERROR(VLOOKUP('Formato Único de Contratación'!$BG92,TABLADEPARTAMENTOS,2,0),"DIGITE DEPARTAMENTO") -> DIGITE DEPARTAMENTO | BT92: =Plancontratacion2019[[#This Row],[FECHA PRORROGA EJECUCIÓN (AAAA-MM-DD)]]-Plancontratacion2019[[#This Row],[FECHA ACTA DE INICIO]] -> 0 | CP92: =COUNT(BY92,CA92,CE92,CG92,CI92,CK92,CC92,CN92) -> 0 | DH92: =SUM(CS92:DD92) -> 0 | DI92: =BB92-DH92 -> 0 | DJ92: =IFERROR(DH92/BB92,0) -> 0 | EF92: =MAX(Plancontratacion2019[[#This Row],[FECHA VIGENCIA (AAAA-MM-DD)]],Plancontratacion2019[[#This Row],[FECHA VIGENCIA (AAAA-MM-DD)]],Plancontratacion2019[[#This Row],[FECHA_VIGENCIA (AAAA-MM-DD)]],Plancontratacion2019[[#This Row],[FECHA VIGENCIA_(AAAA-MM-DD)3]],Plancontratacion2019[[#This Row],[_FECHA VIGENCIA (AAAA-MM-DD)]],Plancontratacion2019[[#This Row],[FECHA VIGENCIA (AAAA-MM-DD).]],Plancontratacion2019[[#This Row],[FECHA VIGENCIA (AAAA-MM-DD)..]],Plancontratacion2019[[#This Row],[FECHA VIGENCIA (AAAA-MM-DD)'']],0) -> 0 | EG92: =IFERROR(VLOOKUP(MID(B92,8,1),NOMENCLATURA,2,FALSE),"-") -> -
R93: =Plancontratacion2019[[#This Row],[RUBRO (SE DEBE REPORTARTAR EN SIGEP SERVICIOS PERSONAS NATURALES)]] -> 0 | S93: =Plancontratacion2019[[#This Row],[VALOR]] -> 0 | V93: =Plancontratacion2019[[#This Row],[RUBRO ]] -> 0 | W93: =Plancontratacion2019[[#This Row],[VALOR ]] -> 0 | X93: =SUM($S93+$W93+Plancontratacion2019[[#This Row],[VALOR TOTAL DEL APOYO]]) -> 0 | BB93: =Plancontratacion2019[[#This Row],[VALOR INICIAL DEL CONTRATO]]+Plancontratacion2019[[#This Row],[VALOR ADICION AL CONTRATO]]-Plancontratacion2019[[#This Row],[VALOR REDUCCIÓN DEL CONTRATO]] -> 0 | BE93: =$BD93-$BC93 -> 0 | BH93: =IFERROR(VLOOKUP('Formato Único de Contratación'!$BG93,TABLADEPARTAMENTOS,2,0),"DIGITE DEPARTAMENTO") -> DIGITE DEPARTAMENTO | BT93: =Plancontratacion2019[[#This Row],[FECHA PRORROGA EJECUCIÓN (AAAA-MM-DD)]]-Plancontratacion2019[[#This Row],[FECHA ACTA DE INICIO]] -> 0 | CP93: =COUNT(BY93,CA93,CE93,CG93,CI93,CK93,CC93,CN93) -> 0 | DH93: =SUM(CS93:DD93) -> 0 | DI93: =BB93-DH93 -> 0 | DJ93: =IFERROR(DH93/BB93,0) -> 0 | EF93: =MAX(Plancontratacion2019[[#This Row],[FECHA VIGENCIA (AAAA-MM-DD)]],Plancontratacion2019[[#This Row],[FECHA VIGENCIA (AAAA-MM-DD)]],Plancontratacion2019[[#This Row],[FECHA_VIGENCIA (AAAA-MM-DD)]],Plancontratacion2019[[#This Row],[FECHA VIGENCIA_(AAAA-MM-DD)3]],Plancontratacion2019[[#This Row],[_FECHA VIGENCIA (AAAA-MM-DD)]],Plancontratacion2019[[#This Row],[FECHA VIGENCIA (AAAA-MM-DD).]],Plancontratacion2019[[#This Row],[FECHA VIGENCIA (AAAA-MM-DD)..]],Plancontratacion2019[[#This Row],[FECHA VIGENCIA (AAAA-MM-DD)'']],0) -> 0 | EG93: =IFERROR(VLOOKUP(MID(B93,8,1),NOMENCLATURA,2,FALSE),"-") -> -
R94: =Plancontratacion2019[[#This Row],[RUBRO (SE DEBE REPORTARTAR EN SIGEP SERVICIOS PERSONAS NATURALES)]] -> 0 | S94: =Plancontratacion2019[[#This Row],[VALOR]] -> 0 | V94: =Plancontratacion2019[[#This Row],[RUBRO ]] -> 0 | W94: =Plancontratacion2019[[#This Row],[VALOR ]] -> 0 | X94: =SUM($S94+$W94+Plancontratacion2019[[#This Row],[VALOR TOTAL DEL APOYO]]) -> 0 | BB94: =Plancontratacion2019[[#This Row],[VALOR INICIAL DEL CONTRATO]]+Plancontratacion2019[[#This Row],[VALOR ADICION AL CONTRATO]]-Plancontratacion2019[[#This Row],[VALOR REDUCCIÓN DEL CONTRATO]] -> 0 | BE94: =$BD94-$BC94 -> 0 | BH94: =IFERROR(VLOOKUP('Formato Único de Contratación'!$BG94,TABLADEPARTAMENTOS,2,0),"DIGITE DEPARTAMENTO") -> DIGITE DEPARTAMENTO | BT94: =Plancontratacion2019[[#This Row],[FECHA PRORROGA EJECUCIÓN (AAAA-MM-DD)]]-Plancontratacion2019[[#This Row],[FECHA ACTA DE INICIO]] -> 0 | CP94: =COUNT(BY94,CA94,CE94,CG94,CI94,CK94,CC94,CN94) -> 0 | DH94: =SUM(CS94:DD94) -> 0 | DI94: =BB94-DH94 -> 0 | DJ94: =IFERROR(DH94/BB94,0) -> 0 | EF94: =MAX(Plancontratacion2019[[#This Row],[FECHA VIGENCIA (AAAA-MM-DD)]],Plancontratacion2019[[#This Row],[FECHA VIGENCIA (AAAA-MM-DD)]],Plancontratacion2019[[#This Row],[FECHA_VIGENCIA (AAAA-MM-DD)]],Plancontratacion2019[[#This Row],[FECHA VIGENCIA_(AAAA-MM-DD)3]],Plancontratacion2019[[#This Row],[_FECHA VIGENCIA (AAAA-MM-DD)]],Plancontratacion2019[[#This Row],[FECHA VIGENCIA (AAAA-MM-DD).]],Plancontratacion2019[[#This Row],[FECHA VIGENCIA (AAAA-MM-DD)..]],Plancontratacion2019[[#This Row],[FECHA VIGENCIA (AAAA-MM-DD)'']],0) -> 0 | EG94: =IFERROR(VLOOKUP(MID(B94,8,1),NOMENCLATURA,2,FALSE),"-") -> -
R95: =Plancontratacion2019[[#This Row],[RUBRO (SE DEBE REPORTARTAR EN SIGEP SERVICIOS PERSONAS NATURALES)]] -> 0 | S95: =Plancontratacion2019[[#This Row],[VALOR]] -> 0 | V95: =Plancontratacion2019[[#This Row],[RUBRO ]] -> 0 | W95: =Plancontratacion2019[[#This Row],[VALOR ]] -> 0 | X95: =SUM($S95+$W95+Plancontratacion2019[[#This Row],[VALOR TOTAL DEL APOYO]]) -> 0 | BB95: =Plancontratacion2019[[#This Row],[VALOR INICIAL DEL CONTRATO]]+Plancontratacion2019[[#This Row],[VALOR ADICION AL CONTRATO]]-Plancontratacion2019[[#This Row],[VALOR REDUCCIÓN DEL CONTRATO]] -> 0 | BE95: =$BD95-$BC95 -> 0 | BH95: =IFERROR(VLOOKUP('Formato Único de Contratación'!$BG95,TABLADEPARTAMENTOS,2,0),"DIGITE DEPARTAMENTO") -> DIGITE DEPARTAMENTO | BT95: =Plancontratacion2019[[#This Row],[FECHA PRORROGA EJECUCIÓN (AAAA-MM-DD)]]-Plancontratacion2019[[#This Row],[FECHA ACTA DE INICIO]] -> 0 | CP95: =COUNT(BY95,CA95,CE95,CG95,CI95,CK95,CC95,CN95) -> 0 | DH95: =SUM(CS95:DD95) -> 0 | DI95: =BB95-DH95 -> 0 | DJ95: =IFERROR(DH95/BB95,0) -> 0 | EF95: =MAX(Plancontratacion2019[[#This Row],[FECHA VIGENCIA (AAAA-MM-DD)]],Plancontratacion2019[[#This Row],[FECHA VIGENCIA (AAAA-MM-DD)]],Plancontratacion2019[[#This Row],[FECHA_VIGENCIA (AAAA-MM-DD)]],Plancontratacion2019[[#This Row],[FECHA VIGENCIA_(AAAA-MM-DD)3]],Plancontratacion2019[[#This Row],[_FECHA VIGENCIA (AAAA-MM-DD)]],Plancontratacion2019[[#This Row],[FECHA VIGENCIA (AAAA-MM-DD).]],Plancontratacion2019[[#This Row],[FECHA VIGENCIA (AAAA-MM-DD)..]],Plancontratacion2019[[#This Row],[FECHA VIGENCIA (AAAA-MM-DD)'']],0) -> 0 | EG95: =IFERROR(VLOOKUP(MID(B95,8,1),NOMENCLATURA,2,FALSE),"-") -> -
R96: =Plancontratacion2019[[#This Row],[RUBRO (SE DEBE REPORTARTAR EN SIGEP SERVICIOS PERSONAS NATURALES)]] -> 0 | S96: =Plancontratacion2019[[#This Row],[VALOR]] -> 0 | V96: =Plancontratacion2019[[#This Row],[RUBRO ]] -> 0 | W96: =Plancontratacion2019[[#This Row],[VALOR ]] -> 0 | X96: =SUM($S96+$W96+Plancontratacion2019[[#This Row],[VALOR TOTAL DEL APOYO]]) -> 0 | BB96: =Plancontratacion2019[[#This Row],[VALOR INICIAL DEL CONTRATO]]+Plancontratacion2019[[#This Row],[VALOR ADICION AL CONTRATO]]-Plancontratacion2019[[#This Row],[VALOR REDUCCIÓN DEL CONTRATO]] -> 0 | BE96: =$BD96-$BC96 -> 0 | BH96: =IFERROR(VLOOKUP('Formato Único de Contratación'!$BG96,TABLADEPARTAMENTOS,2,0),"DIGITE DEPARTAMENTO") -> DIGITE DEPARTAMENTO | BT96: =Plancontratacion2019[[#This Row],[FECHA PRORROGA EJECUCIÓN (AAAA-MM-DD)]]-Plancontratacion2019[[#This Row],[FECHA ACTA DE INICIO]] -> 0 | CP96: =COUNT(BY96,CA96,CE96,CG96,CI96,CK96,CC96,CN96) -> 0 | DH96: =SUM(CS96:DD96) -> 0 | DI96: =BB96-DH96 -> 0 | DJ96: =IFERROR(DH96/BB96,0) -> 0 | EF96: =MAX(Plancontratacion2019[[#This Row],[FECHA VIGENCIA (AAAA-MM-DD)]],Plancontratacion2019[[#This Row],[FECHA VIGENCIA (AAAA-MM-DD)]],Plancontratacion2019[[#This Row],[FECHA_VIGENCIA (AAAA-MM-DD)]],Plancontratacion2019[[#This Row],[FECHA VIGENCIA_(AAAA-MM-DD)3]],Plancontratacion2019[[#This Row],[_FECHA VIGENCIA (AAAA-MM-DD)]],Plancontratacion2019[[#This Row],[FECHA VIGENCIA (AAAA-MM-DD).]],Plancontratacion2019[[#This Row],[FECHA VIGENCIA (AAAA-MM-DD)..]],Plancontratacion2019[[#This Row],[FECHA VIGENCIA (AAAA-MM-DD)'']],0) -> 0 | EG96: =IFERROR(VLOOKUP(MID(B96,8,1),NOMENCLATURA,2,FALSE),"-") -> -
R97: =Plancontratacion2019[[#This Row],[RUBRO (SE DEBE REPORTARTAR EN SIGEP SERVICIOS PERSONAS NATURALES)]] -> 0 | S97: =Plancontratacion2019[[#This Row],[VALOR]] -> 0 | V97: =Plancontratacion2019[[#This Row],[RUBRO ]] -> 0 | W97: =Plancontratacion2019[[#This Row],[VALOR ]] -> 0 | X97: =SUM($S97+$W97+Plancontratacion2019[[#This Row],[VALOR TOTAL DEL APOYO]]) -> 0 | BB97: =Plancontratacion2019[[#This Row],[VALOR INICIAL DEL CONTRATO]]+Plancontratacion2019[[#This Row],[VALOR ADICION AL CONTRATO]]-Plancontratacion2019[[#This Row],[VALOR REDUCCIÓN DEL CONTRATO]] -> 0 | BE97: =$BD97-$BC97 -> 0 | BH97: =IFERROR(VLOOKUP('Formato Único de Contratación'!$BG97,TABLADEPARTAMENTOS,2,0),"DIGITE DEPARTAMENTO") -> DIGITE DEPARTAMENTO | BT97: =Plancontratacion2019[[#This Row],[FECHA PRORROGA EJECUCIÓN (AAAA-MM-DD)]]-Plancontratacion2019[[#This Row],[FECHA ACTA DE INICIO]] -> 0 | CP97: =COUNT(BY97,CA97,CE97,CG97,CI97,CK97,CC97,CN97) -> 0 | DH97: =SUM(CS97:DD97) -> 0 | DI97: =BB97-DH97 -> 0 | DJ97: =IFERROR(DH97/BB97,0) -> 0 | EF97: =MAX(Plancontratacion2019[[#This Row],[FECHA VIGENCIA (AAAA-MM-DD)]],Plancontratacion2019[[#This Row],[FECHA VIGENCIA (AAAA-MM-DD)]],Plancontratacion2019[[#This Row],[FECHA_VIGENCIA (AAAA-MM-DD)]],Plancontratacion2019[[#This Row],[FECHA VIGENCIA_(AAAA-MM-DD)3]],Plancontratacion2019[[#This Row],[_FECHA VIGENCIA (AAAA-MM-DD)]],Plancontratacion2019[[#This Row],[FECHA VIGENCIA (AAAA-MM-DD).]],Plancontratacion2019[[#This Row],[FECHA VIGENCIA (AAAA-MM-DD)..]],Plancontratacion2019[[#This Row],[FECHA VIGENCIA (AAAA-MM-DD)'']],0) -> 0 | EG97: =IFERROR(VLOOKUP(MID(B97,8,1),NOMENCLATURA,2,FALSE),"-") -> -
R98: =Plancontratacion2019[[#This Row],[RUBRO (SE DEBE REPORTARTAR EN SIGEP SERVICIOS PERSONAS NATURALES)]] -> 0 | S98: =Plancontratacion2019[[#This Row],[VALOR]] -> 0 | V98: =Plancontratacion2019[[#This Row],[RUBRO ]] -> 0 | W98: =Plancontratacion2019[[#This Row],[VALOR ]] -> 0 | X98: =SUM($S98+$W98+Plancontratacion2019[[#This Row],[VALOR TOTAL DEL APOYO]]) -> 0 | BB98: =Plancontratacion2019[[#This Row],[VALOR INICIAL DEL CONTRATO]]+Plancontratacion2019[[#This Row],[VALOR ADICION AL CONTRATO]]-Plancontratacion2019[[#This Row],[VALOR REDUCCIÓN DEL CONTRATO]] -> 0 | BE98: =$BD98-$BC98 -> 0 | BH98: =IFERROR(VLOOKUP('Formato Único de Contratación'!$BG98,TABLADEPARTAMENTOS,2,0),"DIGITE DEPARTAMENTO") -> DIGITE DEPARTAMENTO | BT98: =Plancontratacion2019[[#This Row],[FECHA PRORROGA EJECUCIÓN (AAAA-MM-DD)]]-Plancontratacion2019[[#This Row],[FECHA ACTA DE INICIO]] -> 0 | CP98: =COUNT(#REF!,CA98,CE98,CG98,CI98,CK98,CC98,CN98) -> 0 | DH98: =SUM(CS98:DD98) -> 0 | DI98: =BB98-DH98 -> 0 | DJ98: =IFERROR(DH98/BB98,0) -> 0 | EF98: =MAX(Plancontratacion2019[[#This Row],[FECHA VIGENCIA (AAAA-MM-DD)]],Plancontratacion2019[[#This Row],[FECHA VIGENCIA (AAAA-MM-DD)]],Plancontratacion2019[[#This Row],[FECHA_VIGENCIA (AAAA-MM-DD)]],Plancontratacion2019[[#This Row],[FECHA VIGENCIA_(AAAA-MM-DD)3]],Plancontratacion2019[[#This Row],[_FECHA VIGENCIA (AAAA-MM-DD)]],Plancontratacion2019[[#This Row],[FECHA VIGENCIA (AAAA-MM-DD).]],Plancontratacion2019[[#This Row],[FECHA VIGENCIA (AAAA-MM-DD)..]],Plancontratacion2019[[#This Row],[FECHA VIGENCIA (AAAA-MM-DD)'']],0) -> 0 | EG98: =IFERROR(VLOOKUP(MID(B98,8,1),NOMENCLATURA,2,FALSE),"-") -> -
R99: =Plancontratacion2019[[#This Row],[RUBRO (SE DEBE REPORTARTAR EN SIGEP SERVICIOS PERSONAS NATURALES)]] -> 0 | S99: =Plancontratacion2019[[#This Row],[VALOR]] -> 0 | V99: =Plancontratacion2019[[#This Row],[RUBRO ]] -> 0 | W99: =Plancontratacion2019[[#This Row],[VALOR ]] -> 0 | X99: =SUM($S99+$W99+Plancontratacion2019[[#This Row],[VALOR TOTAL DEL APOYO]]) -> 0 | BB99: =Plancontratacion2019[[#This Row],[VALOR INICIAL DEL CONTRATO]]+Plancontratacion2019[[#This Row],[VALOR ADICION AL CONTRATO]]-Plancontratacion2019[[#This Row],[VALOR REDUCCIÓN DEL CONTRATO]] -> 0 | BE99: =$BD99-$BC99 -> 0 | BH99: =IFERROR(VLOOKUP('Formato Único de Contratación'!$BG99,TABLADEPARTAMENTOS,2,0),"DIGITE DEPARTAMENTO") -> DIGITE DEPARTAMENTO | BT99: =Plancontratacion2019[[#This Row],[FECHA PRORROGA EJECUCIÓN (AAAA-MM-DD)]]-Plancontratacion2019[[#This Row],[FECHA ACTA DE INICIO]] -> 0 | CP99: =COUNT(BY99,CA99,CE99,CG99,CI99,CK99,CC99,CN99) -> 0 | DH99: =SUM(CS99:DD99) -> 0 | DI99: =BB99-DH99 -> 0 | DJ99: =IFERROR(DH99/BB99,0) -> 0 | EF99: =MAX(Plancontratacion2019[[#This Row],[FECHA VIGENCIA (AAAA-MM-DD)]],Plancontratacion2019[[#This Row],[FECHA VIGENCIA (AAAA-MM-DD)]],Plancontratacion2019[[#This Row],[FECHA_VIGENCIA (AAAA-MM-DD)]],Plancontratacion2019[[#This Row],[FECHA VIGENCIA_(AAAA-MM-DD)3]],Plancontratacion2019[[#This Row],[_FECHA VIGENCIA (AAAA-MM-DD)]],Plancontratacion2019[[#This Row],[FECHA VIGENCIA (AAAA-MM-DD).]],Plancontratacion2019[[#This Row],[FECHA VIGENCIA (AAAA-MM-DD)..]],Plancontratacion2019[[#This Row],[FECHA VIGENCIA (AAAA-MM-DD)'']],0) -> 0 | EG99: =IFERROR(VLOOKUP(MID(B99,8,1),NOMENCLATURA,2,FALSE),"-") -> -
R100: =Plancontratacion2019[[#This Row],[RUBRO (SE DEBE REPORTARTAR EN SIGEP SERVICIOS PERSONAS NATURALES)]] -> 0 | S100: =Plancontratacion2019[[#This Row],[VALOR]] -> 0 | V100: =Plancontratacion2019[[#This Row],[RUBRO ]] -> 0 | W100: =Plancontratacion2019[[#This Row],[VALOR ]] -> 0 | X100: =SUM($S100+$W100+Plancontratacion2019[[#This Row],[VALOR TOTAL DEL APOYO]]) -> 0 | BB100: =Plancontratacion2019[[#This Row],[VALOR INICIAL DEL CONTRATO]]+Plancontratacion2019[[#This Row],[VALOR ADICION AL CONTRATO]]-Plancontratacion2019[[#This Row],[VALOR REDUCCIÓN DEL CONTRATO]] -> 0 | BE100: =$BD100-$BC100 -> 0 | BH100: =IFERROR(VLOOKUP('Formato Único de Contratación'!$BG100,TABLADEPARTAMENTOS,2,0),"DIGITE DEPARTAMENTO") -> DIGITE DEPARTAMENTO | BT100: =Plancontratacion2019[[#This Row],[FECHA PRORROGA EJECUCIÓN (AAAA-MM-DD)]]-Plancontratacion2019[[#This Row],[FECHA ACTA DE INICIO]] -> 0 | CP100: =COUNT(BY100,CA100,CE100,CG100,CI100,CK100,CC100,CN100) -> 0 | DH100: =SUM(CS100:DD100) -> 0 | DI100: =BB100-DH100 -> 0 | DJ100: =IFERROR(DH100/BB100,0) -> 0 | EF100: =MAX(Plancontratacion2019[[#This Row],[FECHA VIGENCIA (AAAA-MM-DD)]],Plancontratacion2019[[#This Row],[FECHA VIGENCIA (AAAA-MM-DD)]],Plancontratacion2019[[#This Row],[FECHA_VIGENCIA (AAAA-MM-DD)]],Plancontratacion2019[[#This Row],[FECHA VIGENCIA_(AAAA-MM-DD)3]],Plancontratacion2019[[#This Row],[_FECHA VIGENCIA (AAAA-MM-DD)]],Plancontratacion2019[[#This Row],[FECHA VIGENCIA (AAAA-MM-DD).]],Plancontratacion2019[[#This Row],[FECHA VIGENCIA (AAAA-MM-DD)..]],Plancontratacion2019[[#This Row],[FECHA VIGENCIA (AAAA-MM-DD)'']],0) -> 0 | EG100: =IFERROR(VLOOKUP(MID(B100,8,1),NOMENCLATURA,2,FALSE),"-") -> -
R101: =Plancontratacion2019[[#This Row],[RUBRO (SE DEBE REPORTARTAR EN SIGEP SERVICIOS PERSONAS NATURALES)]] -> 0 | S101: =Plancontratacion2019[[#This Row],[VALOR]] -> 0 | V101: =Plancontratacion2019[[#This Row],[RUBRO ]] -> 0 | W101: =Plancontratacion2019[[#This Row],[VALOR ]] -> 0 | X101: =SUM($S101+$W101+Plancontratacion2019[[#This Row],[VALOR TOTAL DEL APOYO]]) -> 0 | BB101: =Plancontratacion2019[[#This Row],[VALOR INICIAL DEL CONTRATO]]+Plancontratacion2019[[#This Row],[VALOR ADICION AL CONTRATO]]-Plancontratacion2019[[#This Row],[VALOR REDUCCIÓN DEL CONTRATO]] -> 0 | BE101: =$BD101-$BC101 -> 0 | BH101: =IFERROR(VLOOKUP('Formato Único de Contratación'!$BG101,TABLADEPARTAMENTOS,2,0),"DIGITE DEPARTAMENTO") -> DIGITE DEPARTAMENTO | BT101: =Plancontratacion2019[[#This Row],[FECHA PRORROGA EJECUCIÓN (AAAA-MM-DD)]]-Plancontratacion2019[[#This Row],[FECHA ACTA DE INICIO]] -> 0 | CP101: =COUNT(BY101,CA101,CE101,CG101,CI101,CK101,CC101,CN101) -> 0 | DH101: =SUM(CS101:DD101) -> 0 | DI101: =BB101-DH101 -> 0 | DJ101: =IFERROR(DH101/BB101,0) -> 0 | EF101: =MAX(Plancontratacion2019[[#This Row],[FECHA VIGENCIA (AAAA-MM-DD)]],Plancontratacion2019[[#This Row],[FECHA VIGENCIA (AAAA-MM-DD)]],Plancontratacion2019[[#This Row],[FECHA_VIGENCIA (AAAA-MM-DD)]],Plancontratacion2019[[#This Row],[FECHA VIGENCIA_(AAAA-MM-DD)3]],Plancontratacion2019[[#This Row],[_FECHA VIGENCIA (AAAA-MM-DD)]],Plancontratacion2019[[#This Row],[FECHA VIGENCIA (AAAA-MM-DD).]],Plancontratacion2019[[#This Row],[FECHA VIGENCIA (AAAA-MM-DD)..]],Plancontratacion2019[[#This Row],[FECHA VIGENCIA (AAAA-MM-DD)'']],0) -> 0 | EG101: =IFERROR(VLOOKUP(MID(B101,8,1),NOMENCLATURA,2,FALSE),"-") -> -
R102: =Plancontratacion2019[[#This Row],[RUBRO (SE DEBE REPORTARTAR EN SIGEP SERVICIOS PERSONAS NATURALES)]] -> 0 | S102: =Plancontratacion2019[[#This Row],[VALOR]] -> 0 | V102: =Plancontratacion2019[[#This Row],[RUBRO ]] -> 0 | W102: =Plancontratacion2019[[#This Row],[VALOR ]] -> 0 | X102: =SUM($S102+$W102+Plancontratacion2019[[#This Row],[VALOR TOTAL DEL APOYO]]) -> 0 | BB102: =Plancontratacion2019[[#This Row],[VALOR INICIAL DEL CONTRATO]]+Plancontratacion2019[[#This Row],[VALOR ADICION AL CONTRATO]]-Plancontratacion2019[[#This Row],[VALOR REDUCCIÓN DEL CONTRATO]] -> 0 | BE102: =$BD102-$BC102 -> 0 | BH102: =IFERROR(VLOOKUP('Formato Único de Contratación'!$BG102,TABLADEPARTAMENTOS,2,0),"DIGITE DEPARTAMENTO") -> DIGITE DEPARTAMENTO | BT102: =Plancontratacion2019[[#This Row],[FECHA PRORROGA EJECUCIÓN (AAAA-MM-DD)]]-Plancontratacion2019[[#This Row],[FECHA ACTA DE INICIO]] -> 0 | CP102: =COUNT(BY102,CA102,CE102,CG102,CI102,CK102,CC102,CN102) -> 0 | DH102: =SUM(CS102:DD102) -> 0 | DI102: =BB102-DH102 -> 0 | DJ102: =IFERROR(DH102/BB102,0) -> 0 | EF102: =MAX(Plancontratacion2019[[#This Row],[FECHA VIGENCIA (AAAA-MM-DD)]],Plancontratacion2019[[#This Row],[FECHA VIGENCIA (AAAA-MM-DD)]],Plancontratacion2019[[#This Row],[FECHA_VIGENCIA (AAAA-MM-DD)]],Plancontratacion2019[[#This Row],[FECHA VIGENCIA_(AAAA-MM-DD)3]],Plancontratacion2019[[#This Row],[_FECHA VIGENCIA (AAAA-MM-DD)]],Plancontratacion2019[[#This Row],[FECHA VIGENCIA (AAAA-MM-DD).]],Plancontratacion2019[[#This Row],[FECHA VIGENCIA (AAAA-MM-DD)..]],Plancontratacion2019[[#This Row],[FECHA VIGENCIA (AAAA-MM-DD)'']],0) -> 0 | EG102: =IFERROR(VLOOKUP(MID(B102,8,1),NOMENCLATURA,2,FALSE),"-") -> -
R103: =Plancontratacion2019[[#This Row],[RUBRO (SE DEBE REPORTARTAR EN SIGEP SERVICIOS PERSONAS NATURALES)]] -> 0 | S103: =Plancontratacion2019[[#This Row],[VALOR]] -> 0 | V103: =Plancontratacion2019[[#This Row],[RUBRO ]] -> 0 | W103: =Plancontratacion2019[[#This Row],[VALOR ]] -> 0 | X103: =SUM($S103+$W103+Plancontratacion2019[[#This Row],[VALOR TOTAL DEL APOYO]]) -> 0 | BB103: =Plancontratacion2019[[#This Row],[VALOR INICIAL DEL CONTRATO]]+Plancontratacion2019[[#This Row],[VALOR ADICION AL CONTRATO]]-Plancontratacion2019[[#This Row],[VALOR REDUCCIÓN DEL CONTRATO]] -> 0 | BE103: =$BD103-$BC103 -> 0 | BH103: =IFERROR(VLOOKUP('Formato Único de Contratación'!$BG103,TABLADEPARTAMENTOS,2,0),"DIGITE DEPARTAMENTO") -> DIGITE DEPARTAMENTO | BT103: =Plancontratacion2019[[#This Row],[FECHA PRORROGA EJECUCIÓN (AAAA-MM-DD)]]-Plancontratacion2019[[#This Row],[FECHA ACTA DE INICIO]] -> 0 | CP103: =COUNT(BY103,CA103,CE103,CG103,CI103,CK103,CC103,CN103) -> 0 | DH103: =SUM(CS103:DD103) -> 0 | DI103: =BB103-DH103 -> 0 | DJ103: =IFERROR(DH103/BB103,0) -> 0 | EF103: =MAX(Plancontratacion2019[[#This Row],[FECHA VIGENCIA (AAAA-MM-DD)]],Plancontratacion2019[[#This Row],[FECHA VIGENCIA (AAAA-MM-DD)]],Plancontratacion2019[[#This Row],[FECHA_VIGENCIA (AAAA-MM-DD)]],Plancontratacion2019[[#This Row],[FECHA VIGENCIA_(AAAA-MM-DD)3]],Plancontratacion2019[[#This Row],[_FECHA VIGENCIA (AAAA-MM-DD)]],Plancontratacion2019[[#This Row],[FECHA VIGENCIA (AAAA-MM-DD).]],Plancontratacion2019[[#This Row],[FECHA VIGENCIA (AAAA-MM-DD)..]],Plancontratacion2019[[#This Row],[FECHA VIGENCIA (AAAA-MM-DD)'']],0) -> 0 | EG103: =IFERROR(VLOOKUP(MID(B103,8,1),NOMENCLATURA,2,FALSE),"-") -> -
R104: =Plancontratacion2019[[#This Row],[RUBRO (SE DEBE REPORTARTAR EN SIGEP SERVICIOS PERSONAS NATURALES)]] -> 0 | S104: =Plancontratacion2019[[#This Row],[VALOR]] -> 0 | V104: =Plancontratacion2019[[#This Row],[RUBRO ]] -> 0 | W104: =Plancontratacion2019[[#This Row],[VALOR ]] -> 0 | X104: =SUM($S104+$W104+Plancontratacion2019[[#This Row],[VALOR TOTAL DEL APOYO]]) -> 0 | BB104: =Plancontratacion2019[[#This Row],[VALOR INICIAL DEL CONTRATO]]+Plancontratacion2019[[#This Row],[VALOR ADICION AL CONTRATO]]-Plancontratacion2019[[#This Row],[VALOR REDUCCIÓN DEL CONTRATO]] -> 0 | BE104: =$BD104-$BC104 -> 0 | BH104: =IFERROR(VLOOKUP('Formato Único de Contratación'!$BG104,TABLADEPARTAMENTOS,2,0),"DIGITE DEPARTAMENTO") -> DIGITE DEPARTAMENTO | BT104: =Plancontratacion2019[[#This Row],[FECHA PRORROGA EJECUCIÓN (AAAA-MM-DD)]]-Plancontratacion2019[[#This Row],[FECHA ACTA DE INICIO]] -> 0 | CP104: =COUNT(BY104,CA104,CE104,CG104,CI104,CK104,CC104,CN104) -> 0 | DH104: =SUM(CS104:DD104) -> 0 | DI104: =BB104-DH104 -> 0 | DJ104: =IFERROR(DH104/BB104,0) -> 0 | EF104: =MAX(Plancontratacion2019[[#This Row],[FECHA VIGENCIA (AAAA-MM-DD)]],Plancontratacion2019[[#This Row],[FECHA VIGENCIA (AAAA-MM-DD)]],Plancontratacion2019[[#This Row],[FECHA_VIGENCIA (AAAA-MM-DD)]],Plancontratacion2019[[#This Row],[FECHA VIGENCIA_(AAAA-MM-DD)3]],Plancontratacion2019[[#This Row],[_FECHA VIGENCIA (AAAA-MM-DD)]],Plancontratacion2019[[#This Row],[FECHA VIGENCIA (AAAA-MM-DD).]],Plancontratacion2019[[#This Row],[FECHA VIGENCIA (AAAA-MM-DD)..]],Plancontratacion2019[[#This Row],[FECHA VIGENCIA (AAAA-MM-DD)'']],0) -> 0 | EG104: =IFERROR(VLOOKUP(MID(B104,8,1),NOMENCLATURA,2,FALSE),"-") -> -
R105: =Plancontratacion2019[[#This Row],[RUBRO (SE DEBE REPORTARTAR EN SIGEP SERVICIOS PERSONAS NATURALES)]] -> 0 | S105: =Plancontratacion2019[[#This Row],[VALOR]] -> 0 | V105: =Plancontratacion2019[[#This Row],[RUBRO ]] -> 0 | W105: =Plancontratacion2019[[#This Row],[VALOR ]] -> 0 | X105: =SUM($S105+$W105+Plancontratacion2019[[#This Row],[VALOR TOTAL DEL APOYO]]) -> 0 | BB105: =Plancontratacion2019[[#This Row],[VALOR INICIAL DEL CONTRATO]]+Plancontratacion2019[[#This Row],[VALOR ADICION AL CONTRATO]]-Plancontratacion2019[[#This Row],[VALOR REDUCCIÓN DEL CONTRATO]] -> 0 | BE105: =$BD105-$BC105 -> 0 | BH105: =IFERROR(VLOOKUP('Formato Único de Contratación'!$BG105,TABLADEPARTAMENTOS,2,0),"DIGITE DEPARTAMENTO") -> DIGITE DEPARTAMENTO | BT105: =Plancontratacion2019[[#This Row],[FECHA PRORROGA EJECUCIÓN (AAAA-MM-DD)]]-Plancontratacion2019[[#This Row],[FECHA ACTA DE INICIO]] -> 0 | CP105: =COUNT(BY105,CA105,CE105,CG105,CI105,CK105,CC105,CN105) -> 0 | DH105: =SUM(CS105:DD105) -> 0 | DI105: =BB105-DH105 -> 0 | DJ105: =IFERROR(DH105/BB105,0) -> 0 | EF105: =MAX(Plancontratacion2019[[#This Row],[FECHA VIGENCIA (AAAA-MM-DD)]],Plancontratacion2019[[#This Row],[FECHA VIGENCIA (AAAA-MM-DD)]],Plancontratacion2019[[#This Row],[FECHA_VIGENCIA (AAAA-MM-DD)]],Plancontratacion2019[[#This Row],[FECHA VIGENCIA_(AAAA-MM-DD)3]],Plancontratacion2019[[#This Row],[_FECHA VIGENCIA (AAAA-MM-DD)]],Plancontratacion2019[[#This Row],[FECHA VIGENCIA (AAAA-MM-DD).]],Plancontratacion2019[[#This Row],[FECHA VIGENCIA (AAAA-MM-DD)..]],Plancontratacion2019[[#This Row],[FECHA VIGENCIA (AAAA-MM-DD)'']],0) -> 0 | EG105: =IFERROR(VLOOKUP(MID(B105,8,1),NOMENCLATURA,2,FALSE),"-") -> -
...

Sheet Informe MDN - Publicación
B2: No. Proceso | C2: Número de constancia de publicación (dado por el SECOP) | D2: FECHA DE PUBLICACIÓN APROBACIÓN DE POLIZAS | E2: FECHA DE PUBLICACIÓN INFORMES DE SUPERVISIÓN | F2: FECHA DE PUBLICACIÓN ACTAS | G2: FECHA DE PUBLICACIÓN MODIFICATORIOS | H2: FECHA DE PUBLICACIÓN PAGOS
B3: =IF('Formato Único de Contratación'!$B17="","",'Formato Único de Contratación'!$B17) | C3: =IF('Formato Único de Contratación'!$C17="","",'Formato Único de Contratación'!$C17)
B4: =IF('Formato Único de Contratación'!$B18="","",'Formato Único de Contratación'!$B18) | C4: =IF('Formato Único de Contratación'!$C18="","",'Formato Único de Contratación'!$C18)
B5: =IF('Formato Único de Contratación'!$B19="","",'Formato Único de Contratación'!$B19) | C5: =IF('Formato Único de Contratación'!$C19="","",'Formato Único de Contratación'!$C19)
B6: =IF('Formato Único de Contratación'!$B20="","",'Formato Único de Contratación'!$B20) | C6: =IF('Formato Único de Contratación'!$C20="","",'Formato Único de Contratación'!$C20)
B7: =IF('Formato Único de Contratación'!$B21="","",'Formato Único de Contratación'!$B21) | C7: =IF('Formato Único de Contratación'!$C21="","",'Formato Único de Contratación'!$C21)
B8: =IF('Formato Único de Contratación'!$B22="","",'Formato Único de Contratación'!$B22) | C8: =IF('Formato Único de Contratación'!$C22="","",'Formato Único de Contratación'!$C22)
B9: =IF('Formato Único de Contratación'!$B23="","",'Formato Único de Contratación'!$B23) | C9: =IF('Formato Único de Contratación'!$C23="","",'Formato Único de Contratación'!$C23)
B10: =IF('Formato Único de Contratación'!$B24="","",'Formato Único de Contratación'!$B24) | C10: =IF('Formato Único de Contratación'!$C24="","",'Formato Único de Contratación'!$C24)
B11: =IF('Formato Único de Contratación'!$B25="","",'Formato Único de Contratación'!$B25) | C11: =IF('Formato Único de Contratación'!$C25="","",'Formato Único de Contratación'!$C25)
B12: =IF('Formato Único de Contratación'!$B26="","",'Formato Único de Contratación'!$B26) | C12: =IF('Formato Único de Contratación'!$C26="","",'Formato Único de Contratación'!$C26)
B13: =IF('Formato Único de Contratación'!$B27="","",'Formato Único de Contratación'!$B27) | C13: =IF('Formato Único de Contratación'!$C27="","",'Formato Único de Contratación'!$C27)
B14: =IF('Formato Único de Contratación'!$B28="","",'Formato Único de Contratación'!$B28) | C14: =IF('Formato Único de Contratación'!$C28="","",'Formato Único de Contratación'!$C28)
... B300: =IF('Formato Único de Contratación'!$B314="","",'Formato Único de Contratación'!$B314) | C300: =IF('Formato Único de Contratación'!$C314="","",'Formato Único de Contratación'!$C314)

Sheet Informe Cámaras de Comercio
B2: CAMARA DE COMERCIO (se deben reportar a la Cámara de Comercio los proponentes que tengan RUP, sin importar la modalidad de contratación)
B3: DATOS CIRCULAR EXTERNA No.002 DEL 31 DE ENERO DE 2014 SUPERINTENDENCIA INDUSTRIA Y COMERCIO PARA CÁMARAS DE COMERCIO
B4: ¿EL PROPONENTE TIENE RUP? (Consultar en página RUES) | C4: No. CONTRATO | D4: No DEL CONTRATO EN EL SECOP | E4: NÚMERO DE IDENTIFICACIÓN | F4: NOMBRE DEL PROPONENTE | G4: FECHA DE ADJUDICACIÓN | H4: FECHA DE PERFECCIONAMIENTO | I4: FECHA INICIO DEL CONTRATO | J4: FECHA TERMINACIÓN CONTRATO | K4: FECHA LIQUIDACIÓN CONTRATO | L4: CLASIFICADOR DE BIENES Y SERVICIOS CÓDIGO UNSPSC | M4: DESCRIPCIÓN OBJETO DEL CONTRATO | N4: TIPO CONTRATISTA | O4: VALOR DEL CONTRATO | P4: VALOR PAGADO DEL CONTRATO | Q4: ESTADO DEL CONTRATO CÁMARA DE COMERCIO | R4: INDICADOR DE ENVIO | S4: CIUDAD CÁMARA DE COMERCIO | T4: INTEGRANTE # 1 CONSORCIOS Y/O UNIONES | U4: CÉDULAS O NIT INTEGRANTE # 1 | V4: % DE PARTICIPACIÓN INTEGRANTE # 1 | W4: VALOR DE ACUERDO AL PORCENTAJE | X4: INTEGRANTE # 2 CONSORCIOS Y/O UNIONES | Y4: CÉDULAS O NIT INTEGRANTE # 2 | Z4: % DE PARTICIPACIÓN INTEGRANTE # 2 | AA4: VALOR DE ACUERDO AL PORCENTAJE2 | AB4: CIUDAD CÁMARA DE COMERCIO2 | AC4: INTEGRANTE # 3 CONSORCIOS Y/O UNIONES2 | AD4: CÉDULAS O NIT INTEGRANTE # 3 | AE4: % DE PARTICIPACIÓN INTEGRANTE # 3 | AF4: VALOR DE ACUERDO AL PORCENTAJE22 | AG4: CIUDAD CÁMARA DE COMERCIO22 | AH4: INTEGRANTE # 4 CONSORCIOS Y/O UNIONES3 | AI4: CÉDULAS O NIT INTEGRANTE # 4 | AJ4: % DE PARTICIPACIÓN INTEGRANTE # 4 | AK4: VALOR DE ACUERDO AL PORCENTAJE23 | AL4: CIUDAD CÁMARA DE COMERCIO23 | AM4: INTEGRANTE # 5 CONSORCIOS Y/O UNIONES | AN4: CÉDULAS O NIT INTEGRANTE # 5 | AO4: % DE PARTICIPACIÓN INTEGRANTE # 5 | AP4: VALOR DE ACUERDO AL PORCENTAJE24 | AQ4: CIUDAD CÁMARA DE COMERCIO24 | AR4: FECHA ENVÍO REPORTE CAMARA DE COMERCIO (RUP) | AS4: FECHA ENVÍO POR SEGUNDA VEZ REPORTE CAMARA DE COMERCIO (RUP)2
B5: =IF('Formato Único de Contratación'!$AR17="","",'Formato Único de Contratación'!$AR17) | C5: =IF('Formato Único de Contratación'!$B17="","",'Formato Único de Contratación'!$B17) | D5: =IF('Formato Único de Contratación'!$C17="","",'Formato Único de Contratación'!$C17) | E5: =IF('Formato Único de Contratación'!AQ17="","",'Formato Único de Contratación'!AQ17) | F5: =IF('Formato Único de Contratación'!AP17="","",'Formato Único de Contratación'!$AP17) | G5: =IF('Formato Único de Contratación'!$AI17="","",'Formato Único de Contratación'!$AI17) | H5: =IF('Formato Único de Contratación'!$AO17="","",'Formato Único de Contratación'!$AO17) | I5: =IF('Formato Único de Contratación'!$BU17="","",'Formato Único de Contratación'!$BU17) | J5: =IF('Formato Único de Contratación'!$BD17="","",'Formato Único de Contratación'!$BD17) | K5: =IF('Formato Único de Contratación'!$EE17="","",'Formato Único de Contratación'!$EE17) | L5: =IF('Formato Único de Contratación'!$Y17="","",'Formato Único de Contratación'!$Y17) | M5: =IF('Formato Único de Contratación'!$Z17="","",'Formato Único de Contratación'!$Z17) -> Servicio gestión editorial y difusión cientifica de las publicaciones de la EPFAC | O5: =IF('Formato Único de Contratación'!$BB17=0,"",'Formato Único de Contratación'!$BB17) | P5: =IF('Formato Único de Contratación'!$DH17=0,"",'Formato Único de Contratación'!$DH17) | AF5: =IF(Tabla2[[#This Row],[% DE PARTICIPACIÓN INTEGRANTE '# 3]]="","",Tabla2[[#This Row],[VALOR DEL CONTRATO]]*Tabla2[[#This Row],[% DE PARTICIPACIÓN INTEGRANTE '# 3]]) | AK5: =IF(Tabla2[[#This Row],[% DE PARTICIPACIÓN INTEGRANTE '# 4]]="","",Tabla2[[#This Row],[VALOR DEL CONTRATO]]*Tabla2[[#This Row],[% DE PARTICIPACIÓN INTEGRANTE '# 4]]) | AP5: =IF(Tabla2[[#This Row],[% DE PARTICIPACIÓN INTEGRANTE '# 5]]="","",Tabla2[[#This Row],[VALOR DEL CONTRATO]]*Tabla2[[#This Row],[% DE PARTICIPACIÓN INTEGRANTE '# 5]])
B6: =IF('Formato Único de Contratación'!$AR18="","",'Formato Único de Contratación'!$AR18) | C6: =IF('Formato Único de Contratación'!$B18="","",'Formato Único de Contratación'!$B18) | D6: =IF('Formato Único de Contratación'!$C18="","",'Formato Único de Contratación'!$C18) | E6: =IF('Formato Único de Contratación'!AQ18="","",'Formato Único de Contratación'!AQ18) | F6: =IF('Formato Único de Contratación'!AP18="","",'Formato Único de Contratación'!$AP18) | G6: =IF('Formato Único de Contratación'!$AI18="","",'Formato Único de Contratación'!$AI18) | H6: =IF('Formato Único de Contratación'!$AO18="","",'Formato Único de Contratación'!$AO18) | I6: =IF('Formato Único de Contratación'!$BU18="","",'Formato Único de Contratación'!$BU18) | J6: =IF('Formato Único de Contratación'!$BD18="","",'Formato Único de Contratación'!$BD18) | K6: =IF('Formato Único de Contratación'!$EE18="","",'Formato Único de Contratación'!$EE18) | L6: =IF('Formato Único de Contratación'!$Y18="","",'Formato Único de Contratación'!$Y18) | M6: =IF('Formato Único de Contratación'!$Z18="","",'Formato Único de Contratación'!$Z18) -> Servicio profesional en psicopedagogía para el proceso de evaluación docente y seguimiento pedagogico para la EPFAC | O6: =IF('Formato Único de Contratación'!$BB18=0,"",'Formato Único de Contratación'!$BB18) | P6: =IF('Formato Único de Contratación'!$DH18=0,"",'Formato Único de Contratación'!$DH18) | AF6: =IF(Tabla2[[#This Row],[% DE PARTICIPACIÓN INTEGRANTE '# 3]]="","",Tabla2[[#This Row],[VALOR DEL CONTRATO]]*Tabla2[[#This Row],[% DE PARTICIPACIÓN INTEGRANTE '# 3]]) | AK6: =IF(Tabla2[[#This Row],[% DE PARTICIPACIÓN INTEGRANTE '# 4]]="","",Tabla2[[#This Row],[VALOR DEL CONTRATO]]*Tabla2[[#This Row],[% DE PARTICIPACIÓN INTEGRANTE '# 4]]) | AP6: =IF(Tabla2[[#This Row],[% DE PARTICIPACIÓN INTEGRANTE '# 5]]="","",Tabla2[[#This Row],[VALOR DEL CONTRATO]]*Tabla2[[#This Row],[% DE PARTICIPACIÓN INTEGRANTE '# 5]])
B7: =IF('Formato Único de Contratación'!$AR19="","",'Formato Único de Contratación'!$AR19) | C7: =IF('Formato Único de Contratación'!$B19="","",'Formato Único de Contratación'!$B19) | D7: =IF('Formato Único de Contratación'!$C19="","",'Formato Único de Contratación'!$C19) | E7: =IF('Formato Único de Contratación'!AQ19="","",'Formato Único de Contratación'!AQ19) | F7: =IF('Formato Único de Contratación'!AP19="","",'Formato Único de Contratación'!$AP19) | G7: =IF('Formato Único de Contratación'!$AI19="","",'Formato Único de Contratación'!$AI19) | H7: =IF('Formato Único de Contratación'!$AO19="","",'Formato Único de Contratación'!$AO19) | I7: =IF('Formato Único de Contratación'!$BU19="","",'Formato Único de Contratación'!$BU19) | J7: =IF('Formato Único de Contratación'!$BD19="","",'Formato Único de Contratación'!$BD19) | K7: =IF('Formato Único de Contratación'!$EE19="","",'Formato Único de Contratación'!$EE19) | L7: =IF('Formato Único de Contratación'!$Y19="","",'Formato Único de Contratación'!$Y19) | M7: =IF('Formato Único de Contratación'!$Z19="","",'Formato Único de Contratación'!$Z19) -> Mantenimiento preventivo Videobeam de la EPFAC | O7: =IF('Formato Único de Contratación'!$BB19=0,"",'Formato Único de Contratación'!$BB19) | P7: =IF('Formato Único de Contratación'!$DH19=0,"",'Formato Único de Contratación'!$DH19) | AF7: =IF(Tabla2[[#This Row],[% DE PARTICIPACIÓN INTEGRANTE '# 3]]="","",Tabla2[[#This Row],[VALOR DEL CONTRATO]]*Tabla2[[#This Row],[% DE PARTICIPACIÓN INTEGRANTE '# 3]]) | AK7: =IF(Tabla2[[#This Row],[% DE PARTICIPACIÓN INTEGRANTE '# 4]]="","",Tabla2[[#This Row],[VALOR DEL CONTRATO]]*Tabla2[[#This Row],[% DE PARTICIPACIÓN INTEGRANTE '# 4]]) | AP7: =IF(Tabla2[[#This Row],[% DE PARTICIPACIÓN INTEGRANTE '# 5]]="","",Tabla2[[#This Row],[VALOR DEL CONTRATO]]*Tabla2[[#This Row],[% DE PARTICIPACIÓN INTEGRANTE '# 5]])
B8: =IF('Formato Único de Contratación'!$AR20="","",'Formato Único de Contratación'!$AR20) | C8: =IF('Formato Único de Contratación'!$B20="","",'Formato Único de Contratación'!$B20) | D8: =IF('Formato Único de Contratación'!$C20="","",'Formato Único de Contratación'!$C20) | E8: =IF('Formato Único de Contratación'!AQ20="","",'Formato Único de Contratación'!AQ20) | F8: =IF('Formato Único de Contratación'!AP20="","",'Formato Único de Contratación'!$AP20) | G8: =IF('Formato Único de Contratación'!$AI20="","",'Formato Único de Contratación'!$AI20) | H8: =IF('Formato Único de Contratación'!$AO20="","",'Formato Único de Contratación'!$AO20) | I8: =IF('Formato Único de Contratación'!$BU20="","",'Formato Único de Contratación'!$BU20) | J8: =IF('Formato Único de Contratación'!$BD20="","",'Formato Único de Contratación'!$BD20) | K8: =IF('Formato Único de Contratación'!$EE20="","",'Formato Único de Contratación'!$EE20) | L8: =IF('Formato Único de Contratación'!$Y20="","",'Formato Único de Contratación'!$Y20) | M8: =IF('Formato Único de Contratación'!$Z20="","",'Formato Único de Contratación'!$Z20) -> Servicio de profesional especializado para el desarrollo de proyectos de investigación en el programa de Maestría en Seguridad Operacional | O8: =IF('Formato Único de Contratación'!$BB20=0,"",'Formato Único de Contratación'!$BB20) | P8: =IF('Formato Único de Contratación'!$DH20=0,"",'Formato Único de Contratación'!$DH20) | AF8: =IF(Tabla2[[#This Row],[% DE PARTICIPACIÓN INTEGRANTE '# 3]]="","",Tabla2[[#This Row],[VALOR DEL CONTRATO]]*Tabla2[[#This Row],[% DE PARTICIPACIÓN INTEGRANTE '# 3]]) | AK8: =IF(Tabla2[[#This Row],[% DE PARTICIPACIÓN INTEGRANTE '# 4]]="","",Tabla2[[#This Row],[VALOR DEL CONTRATO]]*Tabla2[[#This Row],[% DE PARTICIPACIÓN INTEGRANTE '# 4]]) | AP8: =IF(Tabla2[[#This Row],[% DE PARTICIPACIÓN INTEGRANTE '# 5]]="","",Tabla2[[#This Row],[VALOR DEL CONTRATO]]*Tabla2[[#This Row],[% DE PARTICIPACIÓN INTEGRANTE '# 5]])
B9: =IF('Formato Único de Contratación'!$AR21="","",'Formato Único de Contratación'!$AR21) | C9: =IF('Formato Único de Contratación'!$B21="","",'Formato Único de Contratación'!$B21) | D9: =IF('Formato Único de Contratación'!$C21="","",'Formato Único de Contratación'!$C21) | E9: =IF('Formato Único de Contratación'!AQ21="","",'Formato Único de Contratación'!AQ21) | F9: =IF('Formato Único de Contratación'!AP21="","",'Formato Único de Contratación'!$AP21) | G9: =IF('Formato Único de Contratación'!$AI21="","",'Formato Único de Contratación'!$AI21) | H9: =IF('Formato Único de Contratación'!$AO21="","",'Formato Único de Contratación'!$AO21) | I9: =IF('Formato Único de Contratación'!$BU21="","",'Formato Único de Contratación'!$BU21) | J9: =IF('Formato Único de Contratación'!$BD21="","",'Formato Único de Contratación'!$BD21) | K9: =IF('Formato Único de Contratación'!$EE21="","",'Formato Único de Contratación'!$EE21) | L9: =IF('Formato Único de Contratación'!$Y21="","",'Formato Único de Contratación'!$Y21) | M9: =IF('Formato Único de Contratación'!$Z21="","",'Formato Único de Contratación'!$Z21) -> Servicio de profesional especializado para el desarrollo de proyectos de investigación en el programa de Maestría Ciencias Militares Aeronáuticas | O9: =IF('Formato Único de Contratación'!$BB21=0,"",'Formato Único de Contratación'!$BB21) | P9: =IF('Formato Único de Contratación'!$DH21=0,"",'Formato Único de Contratación'!$DH21) | AF9: =IF(Tabla2[[#This Row],[% DE PARTICIPACIÓN INTEGRANTE '# 3]]="","",Tabla2[[#This Row],[VALOR DEL CONTRATO]]*Tabla2[[#This Row],[% DE PARTICIPACIÓN INTEGRANTE '# 3]]) | AK9: =IF(Tabla2[[#This Row],[% DE PARTICIPACIÓN INTEGRANTE '# 4]]="","",Tabla2[[#This Row],[VALOR DEL CONTRATO]]*Tabla2[[#This Row],[% DE PARTICIPACIÓN INTEGRANTE '# 4]]) | AP9: =IF(Tabla2[[#This Row],[% DE PARTICIPACIÓN INTEGRANTE '# 5]]="","",Tabla2[[#This Row],[VALOR DEL CONTRATO]]*Tabla2[[#This Row],[% DE PARTICIPACIÓN INTEGRANTE '# 5]])
B10: =IF('Formato Único de Contratación'!$AR22="","",'Formato Único de Contratación'!$AR22) | C10: =IF('Formato Único de Contratación'!$B22="","",'Formato Único de Contratación'!$B22) | D10: =IF('Formato Único de Contratación'!$C22="","",'Formato Único de Contratación'!$C22) | E10: =IF('Formato Único de Contratación'!AQ22="","",'Formato Único de Contratación'!AQ22) | F10: =IF('Formato Único de Contratación'!AP22="","",'Formato Único de Contratación'!$AP22) | G10: =IF('Formato Único de Contratación'!$AI22="","",'Formato Único de Contratación'!$AI22) | H10: =IF('Formato Único de Contratación'!$AO22="","",'Formato Único de Contratación'!$AO22) | I10: =IF('Formato Único de Contratación'!$BU22="","",'Formato Único de Contratación'!$BU22) | J10: =IF('Formato Único de Contratación'!$BD22="","",'Formato Único de Contratación'!$BD22) | K10: =IF('Formato Único de Contratación'!$EE22="","",'Formato Único de Contratación'!$EE22) | L10: =IF('Formato Único de Contratación'!$Y22="","",'Formato Único de Contratación'!$Y22) | M10: =IF('Formato Único de Contratación'!$Z22="","",'Formato Único de Contratación'!$Z22) -> Servicio de profesional especializado para el desarrollo de proyectos de investigación en el programa de Logística Aeronáutica | O10: =IF('Formato Único de Contratación'!$BB22=0,"",'Formato Único de Contratación'!$BB22) | P10: =IF('Formato Único de Contratación'!$DH22=0,"",'Formato Único de Contratación'!$DH22) -> 2564654 | AF10: =IF(Tabla2[[#This Row],[% DE PARTICIPACIÓN INTEGRANTE '# 3]]="","",Tabla2[[#This Row],[VALOR DEL CONTRATO]]*Tabla2[[#This Row],[% DE PARTICIPACIÓN INTEGRANTE '# 3]]) | AK10: =IF(Tabla2[[#This Row],[% DE PARTICIPACIÓN INTEGRANTE '# 4]]="","",Tabla2[[#This Row],[VALOR DEL CONTRATO]]*Tabla2[[#This Row],[% DE PARTICIPACIÓN INTEGRANTE '# 4]]) | AP10: =IF(Tabla2[[#This Row],[% DE PARTICIPACIÓN INTEGRANTE '# 5]]="","",Tabla2[[#This Row],[VALOR DEL CONTRATO]]*Tabla2[[#This Row],[% DE PARTICIPACIÓN INTEGRANTE '# 5]])
B11: =IF('Formato Único de Contratación'!$AR23="","",'Formato Único de Contratación'!$AR23) | C11: =IF('Formato Único de Contratación'!$B23="","",'Formato Único de Contratación'!$B23) | D11: =IF('Formato Único de Contratación'!$C23="","",'Formato Único de Contratación'!$C23) | E11: =IF('Formato Único de Contratación'!AQ23="","",'Formato Único de Contratación'!AQ23) | F11: =IF('Formato Único de Contratación'!AP23="","",'Formato Único de Contratación'!$AP23) | G11: =IF('Formato Único de Contratación'!$AI23="","",'Formato Único de Contratación'!$AI23) | H11: =IF('Formato Único de Contratación'!$AO23="","",'Formato Único de Contratación'!$AO23) | I11: =IF('Formato Único de Contratación'!$BU23="","",'Formato Único de Contratación'!$BU23) | J11: =IF('Formato Único de Contratación'!$BD23="","",'Formato Único de Contratación'!$BD23) | K11: =IF('Formato Único de Contratación'!$EE23="","",'Formato Único de Contratación'!$EE23) | L11: =IF('Formato Único de Contratación'!$Y23="","",'Formato Único de Contratación'!$Y23) | M11: =IF('Formato Único de Contratación'!$Z23="","",'Formato Único de Contratación'!$Z23) -> Servicio de profesional especializado para el desarrollo de proyectos de investigación en el programa de Maestria en Dirección y Gestión de la Seguridad Integral de la EPFAC | O11: =IF('Formato Único de Contratación'!$BB23=0,"",'Formato Único de Contratación'!$BB23) | P11: =IF('Formato Único de Contratación'!$DH23=0,"",'Formato Único de Contratación'!$DH23) | AF11: =IF(Tabla2[[#This Row],[% DE PARTICIPACIÓN INTEGRANTE '# 3]]="","",Tabla2[[#This Row],[VALOR DEL CONTRATO]]*Tabla2[[#This Row],[% DE PARTICIPACIÓN INTEGRANTE '# 3]]) | AK11: =IF(Tabla2[[#This Row],[% DE PARTICIPACIÓN INTEGRANTE '# 4]]="","",Tabla2[[#This Row],[VALOR DEL CONTRATO]]*Tabla2[[#This Row],[% DE PARTICIPACIÓN INTEGRANTE '# 4]]) | AP11: =IF(Tabla2[[#This Row],[% DE PARTICIPACIÓN INTEGRANTE '# 5]]="","",Tabla2[[#This Row],[VALOR DEL CONTRATO]]*Tabla2[[#This Row],[% DE PARTICIPACIÓN INTEGRANTE '# 5]])
B12: =IF('Formato Único de Contratación'!$AR24="","",'Formato Único de Contratación'!$AR24) | C12: =IF('Formato Único de Contratación'!$B24="","",'Formato Único de Contratación'!$B24) | D12: =IF('Formato Único de Contratación'!$C24="","",'Formato Único de Contratación'!$C24) | E12: =IF('Formato Único de Contratación'!AQ24="","",'Formato Único de Contratación'!AQ24) | F12: =IF('Formato Único de Contratación'!AP24="","",'Formato Único de Contratación'!$AP24) | G12: =IF('Formato Único de Contratación'!$AI24="","",'Formato Único de Contratación'!$AI24) | H12: =IF('Formato Único de Contratación'!$AO24="","",'Formato Único de Contratación'!$AO24) | I12: =IF('Formato Único de Contratación'!$BU24="","",'Formato Único de Contratación'!$BU24) | J12: =IF('Formato Único de Contratación'!$BD24="","",'Formato Único de Contratación'!$BD24) | K12: =IF('Formato Único de Contratación'!$EE24="","",'Formato Único de Contratación'!$EE24) | L12: =IF('Formato Único de Contratación'!$Y24="","",'Formato Único de Contratación'!$Y24) | M12: =IF('Formato Único de Contratación'!$Z24="","",'Formato Único de Contratación'!$Z24) -> Servicio de cafetería y restaurante para la realización de clausuras, seminaros y eventos | O12: =IF('Formato Único de Contratación'!$BB24=0,"",'Formato Único de Contratación'!$BB24) | P12: =IF('Formato Único de Contratación'!$DH24=0,"",'Formato Único de Contratación'!$DH24) | AF12: =IF(Tabla2[[#This Row],[% DE PARTICIPACIÓN INTEGRANTE '# 3]]="","",Tabla2[[#This Row],[VALOR DEL CONTRATO]]*Tabla2[[#This Row],[% DE PARTICIPACIÓN INTEGRANTE '# 3]]) | AK12: =IF(Tabla2[[#This Row],[% DE PARTICIPACIÓN INTEGRANTE '# 4]]="","",Tabla2[[#This Row],[VALOR DEL CONTRATO]]*Tabla2[[#This Row],[% DE PARTICIPACIÓN INTEGRANTE '# 4]]) | AP12: =IF(Tabla2[[#This Row],[% DE PARTICIPACIÓN INTEGRANTE '# 5]]="","",Tabla2[[#This Row],[VALOR DEL CONTRATO]]*Tabla2[[#This Row],[% DE PARTICIPACIÓN INTEGRANTE '# 5]])
B13: =IF('Formato Único de Contratación'!$AR25="","",'Formato Único de Contratación'!$AR25) | C13: =IF('Formato Único de Contratación'!$B25="","",'Formato Único de Contratación'!$B25) | D13: =IF('Formato Único de Contratación'!$C25="","",'Formato Único de Contratación'!$C25) | E13: =IF('Formato Único de Contratación'!AQ25="","",'Formato Único de Contratación'!AQ25) | F13: =IF('Formato Único de Contratación'!AP25="","",'Formato Único de Contratación'!$AP25) | G13: =IF('Formato Único de Contratación'!$AI25="","",'Formato Único de Contratación'!$AI25) | H13: =IF('Formato Único de Contratación'!$AO25="","",'Formato Único de Contratación'!$AO25) | I13: =IF('Formato Único de Contratación'!$BU25="","",'Formato Único de Contratación'!$BU25) | J13: =IF('Formato Único de Contratación'!$BD25="","",'Formato Único de Contratación'!$BD25) | K13: =IF('Formato Único de Contratación'!$EE25="","",'Formato Único de Contratación'!$EE25) | L13: =IF('Formato Único de Contratación'!$Y25="","",'Formato Único de Contratación'!$Y25) | M13: =IF('Formato Único de Contratación'!$Z25="","",'Formato Único de Contratación'!$Z25) -> Suscripción EBSCO para la biblioteca de la EPFAC | O13: =IF('Formato Único de Contratación'!$BB25=0,"",'Formato Único de Contratación'!$BB25) | P13: =IF('Formato Único de Contratación'!$DH25=0,"",'Formato Único de Contratación'!$DH25) | AF13: =IF(Tabla2[[#This Row],[% DE PARTICIPACIÓN INTEGRANTE '# 3]]="","",Tabla2[[#This Row],[VALOR DEL CONTRATO]]*Tabla2[[#This Row],[% DE PARTICIPACIÓN INTEGRANTE '# 3]]) | AK13: =IF(Tabla2[[#This Row],[% DE PARTICIPACIÓN INTEGRANTE '# 4]]="","",Tabla2[[#This Row],[VALOR DEL CONTRATO]]*Tabla2[[#This Row],[% DE PARTICIPACIÓN INTEGRANTE '# 4]]) | AP13: =IF(Tabla2[[#This Row],[% DE PARTICIPACIÓN INTEGRANTE '# 5]]="","",Tabla2[[#This Row],[VALOR DEL CONTRATO]]*Tabla2[[#This Row],[% DE PARTICIPACIÓN INTEGRANTE '# 5]])
B14: =IF('Formato Único de Contratación'!$AR26="","",'Formato Único de Contratación'!$AR26) | C14: =IF('Formato Único de Contratación'!$B26="","",'Formato Único de Contratación'!$B26) | D14: =IF('Formato Único de Contratación'!$C26="","",'Formato Único de Contratación'!$C26) | E14: =IF('Formato Único de Contratación'!AQ26="","",'Formato Único de Contratación'!AQ26) | F14: =IF('Formato Único de Contratación'!AP26="","",'Formato Único de Contratación'!$AP26) | G14: =IF('Formato Único de Contratación'!$AI26="","",'Formato Único de Contratación'!$AI26) | H14: =IF('Formato Único de Contratación'!$AO26="","",'Formato Único de Contratación'!$AO26) | I14: =IF('Formato Único de Contratación'!$BU26="","",'Formato Único de Contratación'!$BU26) | J14: =IF('Formato Único de Contratación'!$BD26="","",'Formato Único de Contratación'!$BD26) | K14: =IF('Formato Único de Contratación'!$EE26="","",'Formato Único de Contratación'!$EE26) | L14: =IF('Formato Único de Contratación'!$Y26="","",'Formato Único de Contratación'!$Y26) | M14: =IF('Formato Único de Contratación'!$Z26="","",'Formato Único de Contratación'!$Z26) -> Suscripción al sistema de clasificación de la bliblioteca del congreso de los EEUU online | O14: =IF('Formato Único de Contratación'!$BB26=0,"",'Formato Único de Contratación'!$BB26) | P14: =IF('Formato Único de Contratación'!$DH26=0,"",'Formato Único de Contratación'!$DH26) | AF14: =IF(Tabla2[[#This Row],[% DE PARTICIPACIÓN INTEGRANTE '# 3]]="","",Tabla2[[#This Row],[VALOR DEL CONTRATO]]*Tabla2[[#This Row],[% DE PARTICIPACIÓN INTEGRANTE '# 3]]) | AK14: =IF(Tabla2[[#This Row],[% DE PARTICIPACIÓN INTEGRANTE '# 4]]="","",Tabla2[[#This Row],[VALOR DEL CONTRATO]]*Tabla2[[#This Row],[% DE PARTICIPACIÓN INTEGRANTE '# 4]]) | AP14: =IF(Tabla2[[#This Row],[% DE PARTICIPACIÓN INTEGRANTE '# 5]]="","",Tabla2[[#This Row],[VALOR DEL CONTRATO]]*Tabla2[[#This Row],[% DE PARTICIPACIÓN INTEGRANTE '# 5]])
B15: =IF('Formato Único de Contratación'!$AR27="","",'Formato Único de Contratación'!$AR27) | C15: =IF('Formato Único de Contratación'!$B27="","",'Formato Único de Contratación'!$B27) | D15: =IF('Formato Único de Contratación'!$C27="","",'Formato Único de Contratación'!$C27) | E15: =IF('Formato Único de Contratación'!AQ27="","",'Formato Único de Contratación'!AQ27) | F15: =IF('Formato Único de Contratación'!AP27="","",'Formato Único de Contratación'!$AP27) | G15: =IF('Formato Único de Contratación'!$AI27="","",'Formato Único de Contratación'!$AI27) | H15: =IF('Formato Único de Contratación'!$AO27="","",'Formato Único de Contratación'!$AO27) | I15: =IF('Formato Único de Contratación'!$BU27="","",'Formato Único de Contratación'!$BU27) | J15: =IF('Formato Único de Contratación'!$BD27="","",'Formato Único de Contratación'!$BD27) | K15: =IF('Formato Único de Contratación'!$EE27="","",'Formato Único de Contratación'!$EE27) | L15: =IF('Formato Único de Contratación'!$Y27="","",'Formato Único de Contratación'!$Y27) | M15: =IF('Formato Único de Contratación'!$Z27="","",'Formato Único de Contratación'!$Z27) -> Suscripción RDA toolkit online (Resource Description and Access) | O15: =IF('Formato Único de Contratación'!$BB27=0,"",'Formato Único de Contratación'!$BB27) | P15: =IF('Formato Único de Contratación'!$DH27=0,"",'Formato Único de Contratación'!$DH27) | AF15: =IF(Tabla2[[#This Row],[% DE PARTICIPACIÓN INTEGRANTE '# 3]]="","",Tabla2[[#This Row],[VALOR DEL CONTRATO]]*Tabla2[[#This Row],[% DE PARTICIPACIÓN INTEGRANTE '# 3]]) | AK15: =IF(Tabla2[[#This Row],[% DE PARTICIPACIÓN INTEGRANTE '# 4]]="","",Tabla2[[#This Row],[VALOR DEL CONTRATO]]*Tabla2[[#This Row],[% DE PARTICIPACIÓN INTEGRANTE '# 4]]) | AP15: =IF(Tabla2[[#This Row],[% DE PARTICIPACIÓN INTEGRANTE '# 5]]="","",Tabla2[[#This Row],[VALOR DEL CONTRATO]]*Tabla2[[#This Row],[% DE PARTICIPACIÓN INTEGRANTE '# 5]])
B16: =IF('Formato Único de Contratación'!$AR28="","",'Formato Único de Contratación'!$AR28) | C16: =IF('Formato Único de Contratación'!$B28="","",'Formato Único de Contratación'!$B28) | D16: =IF('Formato Único de Contratación'!$C28="","",'Formato Único de Contratación'!$C28) | E16: =IF('Formato Único de Contratación'!AQ28="","",'Formato Único de Contratación'!AQ28) | F16: =IF('Formato Único de Contratación'!AP28="","",'Formato Único de Contratación'!$AP28) | G16: =IF('Formato Único de Contratación'!$AI28="","",'Formato Único de Contratación'!$AI28) | H16: =IF('Formato Único de Contratación'!$AO28="","",'Formato Único de Contratación'!$AO28) | I16: =IF('Formato Único de Contratación'!$BU28="","",'Formato Único de Contratación'!$BU28) | J16: =IF('Formato Único de Contratación'!$BD28="","",'Formato Único de Contratación'!$BD28) | K16: =IF('Formato Único de Contratación'!$EE28="","",'Formato Único de Contratación'!$EE28) | L16: =IF('Formato Único de Contratación'!$Y28="","",'Formato Único de Contratación'!$Y28) | M16: =IF('Formato Único de Contratación'!$Z28="","",'Formato Único de Contratación'!$Z28) -> Adquisición de libros para la biblioteca | O16: =IF('Formato Único de Contratación'!$BB28=0,"",'Formato Único de Contratación'!$BB28) | P16: =IF('Formato Único de Contratación'!$DH28=0,"",'Formato Único de Contratación'!$DH28) | AF16: =IF(Tabla2[[#This Row],[% DE PARTICIPACIÓN INTEGRANTE '# 3]]="","",Tabla2[[#This Row],[VALOR DEL CONTRATO]]*Tabla2[[#This Row],[% DE PARTICIPACIÓN INTEGRANTE '# 3]]) | AK16: =IF(Tabla2[[#This Row],[% DE PARTICIPACIÓN INTEGRANTE '# 4]]="","",Tabla2[[#This Row],[VALOR DEL CONTRATO]]*Tabla2[[#This Row],[% DE PARTICIPACIÓN INTEGRANTE '# 4]]) | AP16: =IF(Tabla2[[#This Row],[% DE PARTICIPACIÓN INTEGRANTE '# 5]]="","",Tabla2[[#This Row],[VALOR DEL CONTRATO]]*Tabla2[[#This Row],[% DE PARTICIPACIÓN INTEGRANTE '# 5]])
... B59: =IF('Formato Único de Contratación'!$AR71="","",'Formato Único de Contratación'!$AR71) | C59: =IF('Formato Único de Contratación'!$B71="","",'Formato Único de Contratación'!$B71) | D59: =IF('Formato Único de Contratación'!$C71="","",'Formato Único de Contratación'!$C71) | E59: =IF('Formato Único de Contratación'!AQ71="","",'Formato Único de Contratación'!AQ71) | F59: =IF('Formato Único de Contratación'!AP71="","",'Formato Único de Contratación'!$AP71) | G59: =IF('Formato Único de Contratación'!$AI71="","",'Formato Único de Contratación'!$AI71) | H59: =IF('Formato Único de Contratación'!$AO71="","",'Formato Único de Contratación'!$AO71) | I59: =IF('Formato Único de Contratación'!$BU71="","",'Formato Único de Contratación'!$BU71) | J59: =IF('Formato Único de Contratación'!$BD71="","",'Formato Único de Contratación'!$BD71) | K59: =IF('Formato Único de Contratación'!$EE71="","",'Formato Único de Contratación'!$EE71) | L59: =IF('Formato Único de Contratación'!$Y71="","",'Formato Único de Contratación'!$Y71) | M59: =IF('Formato Único de Contratación'!$Z71="","",'Formato Único de Contratación'!$Z71) | O59: =IF('Formato Único de Contratación'!$BB71=0,"",'Formato Único de Contratación'!$BB71) | P59: =IF('Formato Único de Contratación'!$DH71=0,"",'Formato Único de Contratación'!$DH71) | AF59: =IF(Tabla2[[#This Row],[% DE PARTICIPACIÓN INTEGRANTE '# 3]]="","",Tabla2[[#This Row],[VALOR DEL CONTRATO]]*Tabla2[[#This Row],[% DE PARTICIPACIÓN INTEGRANTE '# 3]]) | AK59: =IF(Tabla2[[#This Row],[% DE PARTICIPACIÓN INTEGRANTE '# 4]]="","",Tabla2[[#This Row],[VALOR DEL CONTRATO]]*Tabla2[[#This Row],[% DE PARTICIPACIÓN INTEGRANTE '# 4]]) | AP59: =IF(Tabla2[[#This Row],[% DE PARTICIPACIÓN INTEGRANTE '# 5]]="","",Tabla2[[#This Row],[VALOR DEL CONTRATO]]*Tabla2[[#This Row],[% DE PARTICIPACIÓN INTEGRANTE '# 5]])
B60: =IF('Formato Único de Contratación'!$AR72="","",'Formato Único de Contratación'!$AR72) | C60: =IF('Formato Único de Contratación'!$B72="","",'Formato Único de Contratación'!$B72) | D60: =IF('Formato Único de Contratación'!$C72="","",'Formato Único de Contratación'!$C72) | E60: =IF('Formato Único de Contratación'!AQ72="","",'Formato Único de Contratación'!AQ72) | F60: =IF('Formato Único de Contratación'!AP72="","",'Formato Único de Contratación'!$AP72) | G60: =IF('Formato Único de Contratación'!$AI72="","",'Formato Único de Contratación'!$AI72) | H60: =IF('Formato Único de Contratación'!$AO72="","",'Formato Único de Contratación'!$AO72) | I60: =IF('Formato Único de Contratación'!$BU72="","",'Formato Único de Contratación'!$BU72) | J60: =IF('Formato Único de Contratación'!$BD72="","",'Formato Único de Contratación'!$BD72) | K60: =IF('Formato Único de Contratación'!$EE72="","",'Formato Único de Contratación'!$EE72) | L60: =IF('Formato Único de Contratación'!$Y72="","",'Formato Único de Contratación'!$Y72) | M60: =IF('Formato Único de Contratación'!$Z72="","",'Formato Único de Contratación'!$Z72) | O60: =IF('Formato Único de Contratación'!$BB72=0,"",'Formato Único de Contratación'!$BB72) | P60: =IF('Formato Único de Contratación'!$DH72=0,"",'Formato Único de Contratación'!$DH72) | AF60: =IF(Tabla2[[#This Row],[% DE PARTICIPACIÓN INTEGRANTE '# 3]]="","",Tabla2[[#This Row],[VALOR DEL CONTRATO]]*Tabla2[[#This Row],[% DE PARTICIPACIÓN INTEGRANTE '# 3]]) | AJ60: =49/60 -> 0.81666667 | AK60: =IF(Tabla2[[#This Row],[% DE PARTICIPACIÓN INTEGRANTE '# 4]]="","",Tabla2[[#This Row],[VALOR DEL CONTRATO]]*Tabla2[[#This Row],[% DE PARTICIPACIÓN INTEGRANTE '# 4]]) -> #VALUE! | AP60: =IF(Tabla2[[#This Row],[% DE PARTICIPACIÓN INTEGRANTE '# 5]]="","",Tabla2[[#This Row],[VALOR DEL CONTRATO]]*Tabla2[[#This Row],[% DE PARTICIPACIÓN INTEGRANTE '# 5]])
